Workbook
Name C_per_tonne_urea: #REF!
Name GWP_CH4: #REF!
Name GWP_N2O: #REF!
Name IQ_CH: 110000
Name IQ_CQ: 5000
Name IQ_CY: 10000
Name IQ_DAILY: 500000
Name IQ_FH: 100000
Name IQ_FQ: 500
Name IQ_FY: 1000
Name IQ_LTM: 2000
Name IQ_MONTH: 15000
Name IQ_NTM: 6000
Name IQ_WEEK: 50000
Name IQ_YTD: 3000
Name kt_to_MMT: #REF!
Name kt_to_MMT2: #REF!
Name molc_ratio_C_to_CO2: #REF!
Name molc_ratio_C_to_CO22: #REF!
Name t_to_MMT: #REF!
Name t_to_MMT2: #REF!

Sheet SUMMARY TABLES
A1: Summary of Economy-wide GHG Emissions for Year 2023.
A2: Sector | B2: 2023 Emissions [MMT CO2e]
A3: Industry | B3: =SUM(B4:B7) -> 37.516535 | C3: =B3/B$15 -> 0.49027624
A4: - Oil and Gas | B4: =I23 -> 34.317709
A5: - Industrial Fuel Combustion | B5: =I24 -> 1.5933743
A6: - Industrial Processes and Product Use | B6: =I25 -> 1.5248924
A7: - Coal Mining and Abandoned Mines | B7: =I26 -> 0.080559262
A8: Transportation | B8: =I27 -> 17.235485 | C8: =B8/B$15 -> 0.22523798
A9: Agriculture | B9: =I28 -> 10.071883 | C9: =B9/B$15 -> 0.1316221
A10: Electricity Generation | B10: =I29 -> 6.5986417 | C10: =B10/B$15 -> 0.086232837
A11: Buildings | B11: =I30 -> 4.0503274 | C11: =B11/B$15 -> 0.052930776
A12: - Residential | B12: =I31 -> 2.3511232
A13: - Commercial | B13: =I32 -> 1.6992042
A14: Waste and Materials Management | B14: =I33 -> 1.0483459 | C14: =B14/B$15 -> 0.013700068
A15: Total Gross Emissions | B15: =I34 -> 76.521217 | C15: =SUM(C3:C14) -> 1
A16: Natural and Working Lands | B16: =I35 -> 6.4425683
A19: Economy-wide GHG Emissions for Year 2023 by Gas.
A20: Sector | B20: Emissions [MMT CO2e]
B21: CO2 | C21: CH4 | D21: N2O | E21: HFCs | F21: PFCs | G21: SF6 | H21: NF3 | I21: Total
A22: Industry | B22: =SUM(B23:B26) -> 24.790858 | C22: =SUM(C23:C26) -> 11.834514 | D22: =SUM(D23:D26) -> 0.039195522 | E22: =SUM(E23:E26) -> 0.72973332 | F22: =SUM(F23:F26) -> 0.019538622 | G22: =SUM(G23:G26) -> 0.098122018 | H22: =SUM(H23:H26) -> 0.0045732848 | I22: =SUM(B22:H22) -> 37.516535
A23: - Oil and Gas | B23: 22.561109 | C23: 11.7566 | D23: 0 | E23: — | F23: — | G23: — | H23: — | I23: =SUM(B23:H23) -> 34.317709
A24: - Industrial Fuel Combustion | B24: =IFC_Summary!E20/1000000 -> 1.5835323 | C24: =IFC_Summary!F20*'IFC_Pre-sector Adj'!$B$25/1000000 -> 0.0032208871 | D24: =IFC_Summary!G20*'IFC_Pre-sector Adj'!$B$26/1000000 -> 0.0066211385 | E24: — | F24: — | G24: — | H24: — | I24: =SUM(B24:H24) -> 1.5933743
A25: - Industrial Processes and Product Use | B25: =SUMIF(IPPU_Summary!B4:B25,"CO2",IPPU_Summary!G4:G25) -> 0.64035081 | C25: — | D25: =SUMIF(IPPU_Summary!B4:B25,"N2O",IPPU_Summary!G4:G25) -> 0.032574383 | E25: =SUMIF(IPPU_Summary!B4:B25,"HFC",IPPU_Summary!G4:G25)+SUMIF(IPPU_Summary!B4:B25,"Other HFCs",IPPU_Summary!G4:G25) -> 0.72973332 | F25: =SUMIF(IPPU_Summary!B4:B25,"PFC",IPPU_Summary!G4:G25)+SUMIF(IPPU_Summary!B4:B25,"Other PFCs",IPPU_Summary!G4:G25) -> 0.019538622 | G25: =SUMIF(IPPU_Summary!B4:B25,"SF6",IPPU_Summary!G4:G25) -> 0.098122018 | H25: =SUMIF(IPPU_Summary!B4:B25,"NF3",IPPU_Summary!G4:G25) -> 0.0045732848 | I25: =SUM(B25:H25) -> 1.5248924
A26: - Coal Mining and Abandoned Mines | B26: =CMAM!C7/1000000 -> 0.0058660755 | C26: =CMAM!B7*CMAM!B38/1000000 -> 0.074693186 | D26: — | E26: — | F26: — | G26: — | H26: — | I26: =SUM(B26:H26) -> 0.080559262
A27: Transportation | B27: =Transportation!B28 -> 17.010697 | C27: =Transportation!C28*Transportation!C57 -> 0.035505369 | D27: =SUM(Transportation!D7:D14)*Transportation!C58 -> 0.18928257 | E27: — | F27: — | G27: — | H27: — | I27: =SUM(B27:H27) -> 17.235485
A28: Agriculture | B28: =SUM(Agriculture!AK59:AK60) -> 0.0068938586 | C28: =SUM(Agriculture!AK15,Agriculture!AK58,Agriculture!AK62,Agriculture!AK24) -> 4.4687993 | D28: =SUM(Agriculture!AK55,Agriculture!AK63) -> 5.5961898 | E28: — | F28: — | G28: — | H28: — | I28: =SUM(B28:H28) -> 10.071883
A29: Electricity Generation | B29: ='Electricity Generation'!N16/1000000 -> 6.5917048 | C29: ='Electricity Generation'!O16*Transportation!C57/1000000 -> 0.0035315612 | D29: ='Electricity Generation'!P16*Transportation!C58/1000000 -> 0.0034053025 | E29: — | F29: — | G29: — | H29: — | I29: =SUM(B29:H29) -> 6.5986417
A30: Buildings | B30: =SUM(B31:B32) -> 3.969867 | C30: =SUM(C31:C32) -> 0.070020828 | D30: =SUM(D31:D32) -> 0.010439568 | E30: — | F30: — | G30: — | H30: — | I30: =SUM(B30:H30) -> 4.0503274
A31: - Residential | B31: ='Residential Buildings'!B12/1000000 -> 2.2869933 | C31: ='Residential Buildings'!C12*'Residential Buildings'!C58/1000000 -> 0.056097369 | D31: ='Residential Buildings'!D12*'Residential Buildings'!C59/1000000 -> 0.0080325601 | E31: — | F31: — | G31: — | H31: — | I31: =SUM(B31:H31) -> 2.3511232
A32: - Commercial | B32: ='Commercial Buildings'!B12/1000000 -> 1.6828737 | C32: ='Commercial Buildings'!C12*'Commercial Buildings'!C129/1000000 -> 0.013923459 | D32: ='Commercial Buildings'!D12*'Commercial Buildings'!C130/1000000 -> 0.0024070081 | E32: — | F32: — | G32: — | H32: — | I32: =SUM(B32:H32) -> 1.6992042
A33: Waste and Materials Management | B33: — | C33: =SUM(Waste!AX8:AX11,Waste!AX13,Waste!AX15) -> 0.92904924 | D33: =SUM(Waste!AX12,Waste!AX14,Waste!AX16) -> 0.11929667 | E33: — | F33: — | G33: — | H33: — | I33: =SUM(B33:H33) -> 1.0483459
A34: Total Gross Emissions | B34: =SUM(B22,B27:B30,B33) -> 52.37002 | C34: =SUM(C22,C27:C30,C33) -> 17.341421 | D34: =SUM(D22,D27:D30,D33) -> 5.9578095 | E34: =SUM(E22,E27:E30,E33) -> 0.72973332 | F34: =SUM(F22,F27:F30,F33) -> 0.019538622 | G34: =SUM(G22,G27:G30,G33) -> 0.098122018 | H34: =SUM(H22,H27:H30,H33) -> 0.0045732848 | I34: =SUM(B34:H34) -> 76.521217
A35: Natural and Working Lands | B35: =NWL!AK159 -> 5.8875701 | C35: =SUMIF(NWL!$C5:$C152,"CH4",NWL!AK5:AK152) -> 0.43491008 | D35: =SUMIF(NWL!$C5:$C152,"N2O",NWL!AK5:AK152) -> 0.12008813 | E35: — | F35: — | G35: — | H35: — | I35: =SUM(B35:H35) -> 6.4425683
A38: Summary of Economy-wide GHG Emissions Over Time.
A39: Sector | B39: 2005 Base Emissions [MMT CO2e] | C39: 2018 Interim Emissions [MMT CO2e] | D39: 2021 Interim Emissions [MMT CO2e] | E39: 2023 Current Emissions [MMT CO2e] | F39: Change Relative to 2005 [%] | G39: Change Relative to 2021 [%]
A40: Industry | B40: =SUM(B41:B44) -> 47.72 | C40: =SUM(C41:C44) -> 66.23 | D40: =SUM(D41:D44) -> 40.43 | E40: =I22 -> 37.516535 | F40: =(E40-B40)/B40 -> -0.21381947 | G40: =(E40-D40)/D40 -> -0.072061964 | H40: Industry: Oil and Gas Production
A41: - Oil and Gas | B41: =24.02+14.8 -> 38.82 | C41: 60.4 | D41: =15.47+18.92 -> 34.39 | E41: =I23 -> 34.317709 | F41: =(E41-B41)/B41 -> -0.11597865 | G41: =(E41-D41)/D41 -> -0.0021020997 | H41: Industry: Industrial Fuel Combusion
A42: - Industrial Fuel Combustion | B42: 4.68 | C42: 2.13 | D42: 3.63 | E42: =I24 -> 1.5933743 | F42: =(E42-B42)/B42 -> -0.6595354 | G42: =(E42-D42)/D42 -> -0.56105391 | H42: Industry: Industrial Processes and Product Use
A43: - Industrial Processes and Product Use | B43: 2.53 | C43: 2.75 | D43: 1.48 | E43: =I25 -> 1.5248924 | F43: =(E43-B43)/B43 -> -0.39727572 | G43: =(E43-D43)/D43 -> 0.030332726 | H43: Industry: Coal Mining and Abandoned Mines
A44: - Coal Mining and Abandoned Mines | B44: 1.69 | C44: 0.95 | D44: 0.93 | E44: =I26 -> 0.080559262 | F44: =(E44-B44)/B44 -> -0.9523318 | G44: =(E44-D44)/D44 -> -0.91337714 | H44: Transportation
A45: Transportation | B45: 15.85 | C45: 15.85 | D45: 16.77 | E45: =I27 -> 17.235485 | F45: =(E45-B45)/B45 -> 0.08741228 | G45: =(E45-D45)/D45 -> 0.027756985 | H45: Agriculture
A46: Agriculture | B46: 11.15 | C46: 7.7 | D46: 10.25 | E46: =I28 -> 10.071883 | F46: =(E46-B46)/B46 -> -0.096692104 | G46: =(E46-D46)/D46 -> -0.017377264 | H46: Electricity Generation
A47: Electricity Generation | B47: 16.33 | C47: 12.1 | D47: 10.31 | E47: =I29 -> 6.5986417 | F47: =(E47-B47)/B47 -> -0.59591906 | G47: =(E47-D47)/D47 -> -0.35997656
A48: Buildings | B48: =SUM(B49:B50) -> 4.07 | C48: =SUM(C49:C50) -> 3.89 | D48: =SUM(D49:D50) -> 4.15 | E48: =I30 -> 4.0503274 | F48: =(E48-B48)/B48 -> -0.0048335608 | G48: =(E48-D48)/D48 -> -0.024017492 | H48: Buildings: Residential
A49: - Residential | B49: 2.37 | C49: 2.18 | D49: 2.36 | E49: =I31 -> 2.3511232 | F49: =(E49-B49)/B49 -> -0.0079648752 | G49: =(E49-D49)/D49 -> -0.0037613365 | H49: Buildings: Commercial
A50: - Commercial | B50: 1.7 | C50: 1.71 | D50: 1.79 | E50: =I32 -> 1.6992042 | F50: =(E50-B50)/B50 -> -0.00046814016 | G50: =(E50-D50)/D50 -> -0.050723932 | H50: Waste and Materials Management
A51: Waste and Materials Management | B51: 1.32 | C51: 1.83 | D51: 1.06 | E51: =I33 -> 1.0483459 | F51: =(E51-B51)/B51 -> -0.20579855 | G51: =(E51-D51)/D51 -> -0.010994426
A52: Total Gross Emissions | B52: =SUM(B40,B45:B48,B51) -> 96.44 | C52: =SUM(C40,C45:C48,C51) -> 107.6 | D52: =SUM(D40,D45:D48,D51) -> 82.97 | E52: =I34 -> 76.521217 | F52: =(E52-B52)/B52 -> -0.20654067 | G52: =(E52-D52)/D52 -> -0.077724268
A53: Natural and Working Lands | B53: 9.57 | C53: 6.06 | D53: 2.95 | E53: =I35 -> 6.4425683 | F53: =(E53-B53)/B53 -> -0.32679537 | G53: =(E53-D53)/D53 -> 1.1839215

Sheet IFC_Summary
A1: Industry: Industrial Fuel Combustion
A3: Fuel Type | B3: Fuel SubType | C3: Year | D3: State | E3: 2023_CO2 (MT) | F3: 2023_CH4 (MT) | G3: 2023_N2O (MT) | H3: 2023_Total CO2E (MMT)
A4: Coal | B4: Coal | C4: 2023 | D4: NM | E4: =SUMIFS('IFC_Pre-sector Adj'!N$3:N$20,'IFC_Pre-sector Adj'!$A$3:$A$20,$A4,'IFC_Pre-sector Adj'!$B$3:$B$20,$B4) -> 133081.47 | F4: =SUMIFS('IFC_Pre-sector Adj'!O$3:O$20,'IFC_Pre-sector Adj'!$A$3:$A$20,$A4,'IFC_Pre-sector Adj'!$B$3:$B$20,$B4) -> 14.2785 | G4: =SUMIFS('IFC_Pre-sector Adj'!P$3:P$20,'IFC_Pre-sector Adj'!$A$3:$A$20,$A4,'IFC_Pre-sector Adj'!$B$3:$B$20,$B4) -> 2.1375 | H4: =($E4+($F4*'IFC_Pre-sector Adj'!$B$25)+($G4*'IFC_Pre-sector Adj'!$B$26))/10^6 -> 0.1340477
A5: Natural Gas | B5: Natural Gas | C5: 2023 | D5: NM | E5: =SUMIFS('IFC_Pre-sector Adj'!N$3:N$20,'IFC_Pre-sector Adj'!$A$3:$A$20,$A5,'IFC_Pre-sector Adj'!$B$3:$B$20,$B5)-'IFC_Sector Adjustments'!$B$21 -> 520242.98 | F5: =SUMIFS('IFC_Pre-sector Adj'!O$3:O$20,'IFC_Pre-sector Adj'!$A$3:$A$20,$A5,'IFC_Pre-sector Adj'!$B$3:$B$20,$B5)-'IFC_Sector Adjustments'!$B$22 -> 9.9232372 | G5: =SUMIFS('IFC_Pre-sector Adj'!P$3:P$20,'IFC_Pre-sector Adj'!$A$3:$A$20,$A5,'IFC_Pre-sector Adj'!$B$3:$B$20,$B5)-'IFC_Sector Adjustments'!$B$23 -> 0.93592839 | H5: =($E5+($F5*'IFC_Pre-sector Adj'!$B$25)+($G5*'IFC_Pre-sector Adj'!$B$26))/10^6 -> 0.52076885 | I5: <-- EGU sector adjustment
A6: Petroleum | B6: Asphalt and road oil | C6: 2023 | D6: NM | E6: =SUMIFS('IFC_Pre-sector Adj'!N$3:N$20,'IFC_Pre-sector Adj'!$A$3:$A$20,$A6,'IFC_Pre-sector Adj'!$B$3:$B$20,$B6) -> 0 | F6: =SUMIFS('IFC_Pre-sector Adj'!O$3:O$20,'IFC_Pre-sector Adj'!$A$3:$A$20,$A6,'IFC_Pre-sector Adj'!$B$3:$B$20,$B6) -> 23.82415 | G6: =SUMIFS('IFC_Pre-sector Adj'!P$3:P$20,'IFC_Pre-sector Adj'!$A$3:$A$20,$A6,'IFC_Pre-sector Adj'!$B$3:$B$20,$B6) -> 4.749 | H6: =($E6+($F6*'IFC_Pre-sector Adj'!$B$25)+($G6*'IFC_Pre-sector Adj'!$B$26))/10^6 -> 0.0019255612
A7: Petroleum | B7: Distillate | C7: 2023 | D7: NM | E7: 0 | F7: =SUMIFS('IFC_Pre-sector Adj'!O$3:O$20,'IFC_Pre-sector Adj'!$A$3:$A$20,$A7,'IFC_Pre-sector Adj'!$B$3:$B$20,$B7)-'IFC_Sector Adjustments'!$C$12 -> 25.173445 | G7: =SUMIFS('IFC_Pre-sector Adj'!P$3:P$20,'IFC_Pre-sector Adj'!$A$3:$A$20,$A7,'IFC_Pre-sector Adj'!$B$3:$B$20,$B7) -> 7.1706 | H7: =($E7+($F7*'IFC_Pre-sector Adj'!$B$25)+($G7*'IFC_Pre-sector Adj'!$B$26))/10^6 -> 0.0026050655 | I7: <-- Nonroad sector adjustment
A8: Petroleum | B8: Fuel ethanol | C8: 2023 | D8: NM | E8: =SUMIFS('IFC_Pre-sector Adj'!N$3:N$20,'IFC_Pre-sector Adj'!$A$3:$A$20,$A8,'IFC_Pre-sector Adj'!$B$3:$B$20,$B8) -> 0 | F8: =SUMIFS('IFC_Pre-sector Adj'!O$3:O$20,'IFC_Pre-sector Adj'!$A$3:$A$20,$A8,'IFC_Pre-sector Adj'!$B$3:$B$20,$B8) -> 0 | G8: =SUMIFS('IFC_Pre-sector Adj'!P$3:P$20,'IFC_Pre-sector Adj'!$A$3:$A$20,$A8,'IFC_Pre-sector Adj'!$B$3:$B$20,$B8) -> 0 | H8: =($E8+($F8*'IFC_Pre-sector Adj'!$B$25)+($G8*'IFC_Pre-sector Adj'!$B$26))/10^6 -> 0
A9: Petroleum | B9: HGL | C9: 2023 | D9: NM | E9: =SUMIFS('IFC_Pre-sector Adj'!N$3:N$20,'IFC_Pre-sector Adj'!$A$3:$A$20,$A9,'IFC_Pre-sector Adj'!$B$3:$B$20,$B9) -> 8207.0114 | F9: =SUMIFS('IFC_Pre-sector Adj'!O$3:O$20,'IFC_Pre-sector Adj'!$A$3:$A$20,$A9,'IFC_Pre-sector Adj'!$B$3:$B$20,$B9) -> 2.709 | G9: =SUMIFS('IFC_Pre-sector Adj'!P$3:P$20,'IFC_Pre-sector Adj'!$A$3:$A$20,$A9,'IFC_Pre-sector Adj'!$B$3:$B$20,$B9) -> 0.54 | H9: =($E9+($F9*'IFC_Pre-sector Adj'!$B$25)+($G9*'IFC_Pre-sector Adj'!$B$26))/10^6 -> 0.0084259634
A10: Petroleum | B10: Kerosene | C10: 2023 | D10: NM | E10: =SUMIFS('IFC_Pre-sector Adj'!N$3:N$20,'IFC_Pre-sector Adj'!$A$3:$A$20,$A10,'IFC_Pre-sector Adj'!$B$3:$B$20,$B10) -> 146.4 | F10: =SUMIFS('IFC_Pre-sector Adj'!O$3:O$20,'IFC_Pre-sector Adj'!$A$3:$A$20,$A10,'IFC_Pre-sector Adj'!$B$3:$B$20,$B10) -> 0.00602 | G10: =SUMIFS('IFC_Pre-sector Adj'!P$3:P$20,'IFC_Pre-sector Adj'!$A$3:$A$20,$A10,'IFC_Pre-sector Adj'!$B$3:$B$20,$B10) -> 0.0012 | H10: =($E10+($F10*'IFC_Pre-sector Adj'!$B$25)+($G10*'IFC_Pre-sector Adj'!$B$26))/10^6 -> 0.00014688656
A11: Petroleum | B11: Lubricants | C11: 2023 | D11: NM | E11: =SUMIFS('IFC_Pre-sector Adj'!N$3:N$20,'IFC_Pre-sector Adj'!$A$3:$A$20,$A11,'IFC_Pre-sector Adj'!$B$3:$B$20,$B11) -> 0 | F11: =SUMIFS('IFC_Pre-sector Adj'!O$3:O$20,'IFC_Pre-sector Adj'!$A$3:$A$20,$A11,'IFC_Pre-sector Adj'!$B$3:$B$20,$B11) -> 2.77823 | G11: =SUMIFS('IFC_Pre-sector Adj'!P$3:P$20,'IFC_Pre-sector Adj'!$A$3:$A$20,$A11,'IFC_Pre-sector Adj'!$B$3:$B$20,$B11) -> 0.5538 | H11: =($E11+($F11*'IFC_Pre-sector Adj'!$B$25)+($G11*'IFC_Pre-sector Adj'!$B$26))/10^6 -> 0.00022454744
A12: Petroleum | B12: Motor gasoline | C12: 2023 | D12: NM | E12: =SUMIFS('IFC_Pre-sector Adj'!N$3:N$20,'IFC_Pre-sector Adj'!$A$3:$A$20,$A12,'IFC_Pre-sector Adj'!$B$3:$B$20,$B12)-'IFC_Sector Adjustments'!$B$11-'IFC_Sector Adjustments'!$B$31 -> 122428.57 | F12: 0 | G12: =SUMIFS('IFC_Pre-sector Adj'!P$3:P$20,'IFC_Pre-sector Adj'!$A$3:$A$20,$A12,'IFC_Pre-sector Adj'!$B$3:$B$20,$B12) -> 1.665 | H12: =($E12+($F12*'IFC_Pre-sector Adj'!$B$25)+($G12*'IFC_Pre-sector Adj'!$B$26))/10^6 -> 0.1228698 | I12: <-- Nonroad & Commercial sector adjustment
A13: Petroleum | B13: Misc petroleum products | C13: 2023 | D13: NM | E13: =SUMIFS('IFC_Pre-sector Adj'!N$3:N$20,'IFC_Pre-sector Adj'!$A$3:$A$20,$A13,'IFC_Pre-sector Adj'!$B$3:$B$20,$B13) -> 0 | F13: =SUMIFS('IFC_Pre-sector Adj'!O$3:O$20,'IFC_Pre-sector Adj'!$A$3:$A$20,$A13,'IFC_Pre-sector Adj'!$B$3:$B$20,$B13) -> 0.04816 | G13: =SUMIFS('IFC_Pre-sector Adj'!P$3:P$20,'IFC_Pre-sector Adj'!$A$3:$A$20,$A13,'IFC_Pre-sector Adj'!$B$3:$B$20,$B13) -> 0.0096 | H13: =($E13+($F13*'IFC_Pre-sector Adj'!$B$25)+($G13*'IFC_Pre-sector Adj'!$B$26))/10^6 -> 3.89248e-06
A14: Petroleum | B14: Other petroleum products | C14: 2023 | D14: NM | E14: =SUMIFS('IFC_Pre-sector Adj'!N$3:N$20,'IFC_Pre-sector Adj'!$A$3:$A$20,$A14,'IFC_Pre-sector Adj'!$B$3:$B$20,$B14) -> 0 | F14: =SUMIFS('IFC_Pre-sector Adj'!O$3:O$20,'IFC_Pre-sector Adj'!$A$3:$A$20,$A14,'IFC_Pre-sector Adj'!$B$3:$B$20,$B14) -> 0 | G14: =SUMIFS('IFC_Pre-sector Adj'!P$3:P$20,'IFC_Pre-sector Adj'!$A$3:$A$20,$A14,'IFC_Pre-sector Adj'!$B$3:$B$20,$B14) -> 0 | H14: =($E14+($F14*'IFC_Pre-sector Adj'!$B$25)+($G14*'IFC_Pre-sector Adj'!$B$26))/10^6 -> 0
A15: Petroleum | B15: Petroleum Coke | C15: 2023 | D15: NM | E15: =SUMIFS('IFC_Pre-sector Adj'!N$3:N$20,'IFC_Pre-sector Adj'!$A$3:$A$20,$A15,'IFC_Pre-sector Adj'!$B$3:$B$20,$B15) -> 193161.04 | F15: =SUMIFS('IFC_Pre-sector Adj'!O$3:O$20,'IFC_Pre-sector Adj'!$A$3:$A$20,$A15,'IFC_Pre-sector Adj'!$B$3:$B$20,$B15) -> 5.69492 | G15: =SUMIFS('IFC_Pre-sector Adj'!P$3:P$20,'IFC_Pre-sector Adj'!$A$3:$A$20,$A15,'IFC_Pre-sector Adj'!$B$3:$B$20,$B15) -> 1.1352 | H15: =($E15+($F15*'IFC_Pre-sector Adj'!$B$25)+($G15*'IFC_Pre-sector Adj'!$B$26))/10^6 -> 0.19362132
A16: Petroleum | B16: Propane | C16: 2023 | D16: NM | E16: =SUMIFS('IFC_Pre-sector Adj'!N$3:N$20,'IFC_Pre-sector Adj'!$A$3:$A$20,$A16,'IFC_Pre-sector Adj'!$B$3:$B$20,$B16) -> 56583 | F16: =SUMIFS('IFC_Pre-sector Adj'!O$3:O$20,'IFC_Pre-sector Adj'!$A$3:$A$20,$A16,'IFC_Pre-sector Adj'!$B$3:$B$20,$B16) -> 2.709 | G16: =SUMIFS('IFC_Pre-sector Adj'!P$3:P$20,'IFC_Pre-sector Adj'!$A$3:$A$20,$A16,'IFC_Pre-sector Adj'!$B$3:$B$20,$B16) -> 0.54 | H16: =($E16+($F16*'IFC_Pre-sector Adj'!$B$25)+($G16*'IFC_Pre-sector Adj'!$B$26))/10^6 -> 0.056801952
A17: Petroleum | B17: Still Gas | C17: 2023 | D17: NM | E17: =SUMIFS('IFC_Pre-sector Adj'!N$3:N$20,'IFC_Pre-sector Adj'!$A$3:$A$20,$A17,'IFC_Pre-sector Adj'!$B$3:$B$20,$B17) -> 549681.83 | F17: =SUMIFS('IFC_Pre-sector Adj'!O$3:O$20,'IFC_Pre-sector Adj'!$A$3:$A$20,$A17,'IFC_Pre-sector Adj'!$B$3:$B$20,$B17) -> 27.6619 | G17: =SUMIFS('IFC_Pre-sector Adj'!P$3:P$20,'IFC_Pre-sector Adj'!$A$3:$A$20,$A17,'IFC_Pre-sector Adj'!$B$3:$B$20,$B17) -> 5.514 | H17: =($E17+($F17*'IFC_Pre-sector Adj'!$B$25)+($G17*'IFC_Pre-sector Adj'!$B$26))/10^6 -> 0.55191757
A18: Petroleum | B18: Waxes | C18: 2023 | D18: NM | E18: =SUMIFS('IFC_Pre-sector Adj'!N$3:N$20,'IFC_Pre-sector Adj'!$A$3:$A$20,$A18,'IFC_Pre-sector Adj'!$B$3:$B$20,$B18) -> 0 | F18: =SUMIFS('IFC_Pre-sector Adj'!O$3:O$20,'IFC_Pre-sector Adj'!$A$3:$A$20,$A18,'IFC_Pre-sector Adj'!$B$3:$B$20,$B18) -> 0.05418 | G18: =SUMIFS('IFC_Pre-sector Adj'!P$3:P$20,'IFC_Pre-sector Adj'!$A$3:$A$20,$A18,'IFC_Pre-sector Adj'!$B$3:$B$20,$B18) -> 0.0108 | H18: =($E18+($F18*'IFC_Pre-sector Adj'!$B$25)+($G18*'IFC_Pre-sector Adj'!$B$26))/10^6 -> 4.37904e-06
A19: Wood | B19: Wood | C19: 2023 | D19: NM | E19: =SUMIFS('IFC_Pre-sector Adj'!N$3:N$20,'IFC_Pre-sector Adj'!$A$3:$A$20,$A19,'IFC_Pre-sector Adj'!$B$3:$B$20,$B19) -> 0 | F19: =SUMIFS('IFC_Pre-sector Adj'!O$3:O$20,'IFC_Pre-sector Adj'!$A$3:$A$20,$A19,'IFC_Pre-sector Adj'!$B$3:$B$20,$B19) -> 0.17094 | G19: =SUMIFS('IFC_Pre-sector Adj'!P$3:P$20,'IFC_Pre-sector Adj'!$A$3:$A$20,$A19,'IFC_Pre-sector Adj'!$B$3:$B$20,$B19) -> 0.0228 | H19: =($E19+($F19*'IFC_Pre-sector Adj'!$B$25)+($G19*'IFC_Pre-sector Adj'!$B$26))/10^6 -> 1.082832e-05
A20: All | B20: All | C20: 2023 | D20: NM | E20: =SUM(E4:E19) -> 1583532.3 | F20: =SUM(F4:F19) -> 115.03168 | G20: =SUM(G4:G19) -> 24.985428 | H20: =SUM(H4:H19) -> 1.5933743
A22: This table applies the sector adjustments to results from the "IndFuel_NM_Pre-sector adj" worksheet.
A23: Data for Chart:
A24: Fuel Type | B24: 2023_Total CO2E (MMT)
A25: Coal | B25: =H4 -> 0.1340477
A26: Natural Gas | B26: =H5 -> 0.52076885
A27: Petroleum | B27: =SUM(H6:H18) -> 0.93854694
A28: Wood | B28: =H19 -> 1.082832e-05
A29: All | B29: =SUM(B25:B28) -> 1.5933743

Sheet IFC_Sector Adjustments
A1: Industry: Industrial Fuel Combustion
A3: Nonroad Adjustment:
A4: Nonroad adjustment for motor gasoline and diesel fuel quantities reported under industrial segment by SEDS. SEDS includes gasoline and diesel consumption from agricultural, construction, and other industrial and commercial nonroad sources within the industrial sector consumption data. Since Nonroad sector emissions were estimated using MOVES and include all nonroad sources (agriculture, lawn & garden, construction, industrial, commercial, logging, etc.), nonroad emissions for gasoline and diesel from ag, const, ind, comm, logging, etc. are deducted from industrial emissions to avoid double-counting.
A7: See supporting sheet: Nonroad Adjustment
B9: metric tons | C9: metric tons
A10: Fuel | B10: Nonroad CO2 | C10: Nonroad CH4
A11: Motor Gasoline | B11: ='Nonroad Adjustment'!I32 -> 80957.677 | C11: ='Nonroad Adjustment'!I36 -> 56.507686
A12: Distillate | B12: ='Nonroad Adjustment'!I33 -> 859142.65 | C12: ='Nonroad Adjustment'!I37 -> 10.799065
A14: CHP-EGU-Adjustment:
A15: SEDS reported fuel quantity for the industrial sector includes fuel used for electricity/thermal output at CHP plants that are co-located at industrial and commercial facilities and use all energy for on-site purposes (i.e., no energy sales to public/grid).
A16: Deduct emissions from Chino Mines CHP from industrial natural gas emissions to avoid double-counting between industrial and EGU sectors.
A18: Plant file sequence number | B18: Data Year | C18: Plant state abbreviation | D18: Plant name | E18: Utility name | F18: Utility ID | G18: Plant-level sector | H18: Number of units | I18: Number of generators | J18: Plant primary fuel | K18: Plant annual CO2 emissions (tons) | L18: Plant annual CH4 emissions (lbs) | M18: Plant annual N2O emissions (lbs)
A19: 8400 | B19: 2023 | C19: NM | D19: Chino Mines | E19: FreePort-McMoRan-Corp-Chino Mines | F19: 3670 | G19: Industrial Non-CHP | H19: 2 | I19: 2 | J19: NG | K19: 48201.254 | L19: 1818.233 | M19: 181.442
A21: CO (MT) | B21: =$K$19*$B$25 -> 43727.455
A22: CH4 (MT) | B22: =($L$19/2000)*$B$25 -> 0.82473685
A23: N2O (MT) | B23: =($M$19/2000)*$B$25 -> 0.08230073
A25: 1 short ton = | B25: 0.907185 | C25: metric ton
A27: Commercial Sector Adjustment:
A28: Exclude commercial motor gasoline CO2 and CH4 emissions from industrial as the SEDS data groups industrial and commercial gasoline quantity together.
A30: Commercial | B30: CO2 (MT) | C30: CH4 (MT)
A31: Motor Gasoline | B31: 22450.323 | C31: 0

Sheet Nonroad Adjustment
A1: Technical Notes & Documentation: 2023 SEDS | Y1: Nonroad Emissions Results CO2 | AJ1: Nonroad Emissions Results CH4
A2: https://www.eia.gov/state/seds/seds-technical-notes-complete.php?sid=US#Consumption | Y2: yearid | Z2: stateid | AA2: pollutantid | AB2: fueltypeid | AC2: fuel | AD2: sectorid | AE2: sector | AF2: co2_inv | AG2: inv_units | AH2: co2_mmt | AJ2: yearid | AK2: stateid | AL2: pollutantid | AM2: fueltypeid | AN2: fuel | AO2: sectorid | AP2: sector | AQ2: ch4_inv | AR2: inv_units | AS2: ch4_mmt
Y3: 2023 | Z3: 35 | AA3: 90 | AB3: 1 | AC3: Gasoline | AD3: 1 | AE3: Recreational | AF3: 2.4401052e+10 | AG3: grams | AH3: 0.024401052 | AJ3: 2023 | AK3: 35 | AL3: 5 | AM3: 1 | AN3: Gasoline | AO3: 1 | AP3: Recreational | AQ3: 28359490 | AR3: grams | AS3: 2.835949e-05
A4: Full Documentation: | Y4: 2023 | Z4: 35 | AA4: 90 | AB4: 1 | AC4: Gasoline | AD4: 2 | AE4: Construction | AF4: 2.0815955e+10 | AG4: grams | AH4: 0.020815955 | AJ4: 2023 | AK4: 35 | AL4: 5 | AM4: 1 | AN4: Gasoline | AO4: 2 | AP4: Construction | AQ4: 15825875 | AR4: grams | AS4: 1.5825875e-05
A5: https://www.eia.gov/state/seds/sep_use/notes/use_technotes.pdf | Y5: 2023 | Z5: 35 | AA5: 90 | AB5: 1 | AC5: Gasoline | AD5: 3 | AE5: Industrial | AF5: 5.2660189e+09 | AG5: grams | AH5: 0.0052660189 | AJ5: 2023 | AK5: 35 | AL5: 5 | AM5: 1 | AN5: Gasoline | AO5: 3 | AP5: Industrial | AQ5: 1488360.5 | AR5: grams | AS5: 1.4883605e-06
A6: Pg 5 - Introduction | Y6: 2023 | Z6: 35 | AA6: 90 | AB6: 1 | AC6: Gasoline | AD6: 4 | AE6: Lawn/Garden | AF6: 1.3022841e+11 | AG6: grams | AH6: 0.13022841 | AJ6: 2023 | AK6: 35 | AL6: 5 | AM6: 1 | AN6: Gasoline | AO6: 4 | AP6: Lawn/Garden | AQ6: 1.0660854e+08 | AR6: grams | AS6: 0.00010660854
A7: Transportation sector bullet states - "Vehicles whose primary purpose is not transportation (e.g., construction cranes and bulldozers, farming vehicles, and warehouse tractors and forklifts) are classified in the sector of their primary use." | Y7: 2023 | Z7: 35 | AA7: 90 | AB7: 1 | AC7: Gasoline | AD7: 5 | AE7: Agriculture | AF7: 1.7544282e+09 | AG7: grams | AH7: 0.0017544282 | AJ7: 2023 | AK7: 35 | AL7: 5 | AM7: 1 | AN7: Gasoline | AO7: 5 | AP7: Agriculture | AQ7: 1862570.4 | AR7: grams | AS7: 1.8625704e-06
A8: Industrial sector definition includes - NAICS 11 (Ag, forestry, fishing, and hunting), NAICS 21 (Mining), NAICS 22 (Construction), and NAICS 31-33 (Manufatcuring) | Y8: 2023 | Z8: 35 | AA8: 90 | AB8: 1 | AC8: Gasoline | AD8: 6 | AE8: Commercial | AF8: 4.3350362e+10 | AG8: grams | AH8: 0.043350362 | AJ8: 2023 | AK8: 35 | AL8: 5 | AM8: 1 | AN8: Gasoline | AO8: 6 | AP8: Commercial | AQ8: 29399867 | AR8: grams | AS8: 2.9399867e-05
A9: Industrial sector includes generators that produce electricity and/or useful thermal output primarily to support industrial activities. | Y9: 2023 | Z9: 35 | AA9: 90 | AB9: 1 | AC9: Gasoline | AD9: 7 | AE9: Logging | AF9: 14993748 | AG9: grams | AH9: 1.4993748e-05 | AJ9: 2023 | AK9: 35 | AL9: 5 | AM9: 1 | AN9: Gasoline | AO9: 7 | AP9: Logging | AQ9: 17194.734 | AR9: grams | AS9: 1.7194734e-08
Y10: 2023 | Z10: 35 | AA10: 90 | AB10: 1 | AC10: Gasoline | AD10: 8 | AE10: Airport Support | AF10: 81384735 | AG10: grams | AH10: 8.1384735e-05 | AJ10: 2023 | AK10: 35 | AL10: 5 | AM10: 1 | AN10: Gasoline | AO10: 8 | AP10: Airport Support | AQ10: 23909.711 | AR10: grams | AS10: 2.3909711e-08
A11: Distillate Fuel (Pg 36-37) | Y11: 2023 | Z11: 35 | AA11: 90 | AB11: 1 | AC11: Gasoline | AD11: 10 | AE11: Oil Field | AF11: 9.7559186e+09 | AG11: grams | AH11: 0.0097559186 | AJ11: 2023 | AK11: 35 | AL11: 5 | AM11: 1 | AN11: Gasoline | AO11: 10 | AP11: Oil Field | AQ11: 7913818.7 | AR11: grams | AS11: 7.9138187e-06
A12: The industrial sector sales (DFINPZZ) are the sum of the data series for industrial heating and farm use (DFIBPZZ), oil company use (DFOCPZZ), off-highway use (DFOFPZZ), and all other uses (DFOTPZZ). | Y12: 2023 | Z12: 35 | AA12: 90 | AB12: 1 | AC12: Gasoline | AD12: 11 | AE12: Pleasure Craft | AF12: 3.7871946e+10 | AG12: grams | AH12: 0.037871946 | AJ12: 2023 | AK12: 35 | AL12: 5 | AM12: 1 | AN12: Gasoline | AO12: 11 | AP12: Pleasure Craft | AQ12: 33965390 | AR12: grams | AS12: 3.396539e-05
A13: The transportation sector sales (DFTRPZZ) are the sum of the data series for vessel bunkering (DFBKPZZ), military use (DFMIPZZ), railroad use (DFRRPZZ), and the diesel fuel used on-highway (DFONPZZ). | Y13: 2023 | Z13: 35 | AA13: 90 | AB13: 1 | AC13: Gasoline | AD13: 12 | AE13: Railroad Support | AF13: 4.5609313e+08 | AG13: grams | AH13: 0.00045609313 | AJ13: 2023 | AK13: 35 | AL13: 5 | AM13: 1 | AN13: Gasoline | AO13: 12 | AP13: Railroad Support | AQ13: 296442.83 | AR13: grams | AS13: 2.9644283e-07
A14: DFINPZZ = DFIBPZZ + DFOCPZZ + DFOFPZZ + DFOTPZZ | Y14: 2023 | Z14: 35 | AA14: 90 | AB14: 3 | AC14: CNG | AD14: 2 | AE14: Construction | AF14: 6361063.3 | AG14: grams | AH14: 6.3610633e-06 | AJ14: 2023 | AK14: 35 | AL14: 5 | AM14: 3 | AN14: CNG | AO14: 2 | AP14: Construction | AQ14: 41890.393 | AR14: grams | AS14: 4.1890393e-08
A15: DFIBPZZ = distillate fuel oil sales to industrial establishments for space heating and for other industrial use (i.e., for all uses to mines, smelters, plants engaged in producing manufactured products, in processing goods, and in assembling), including farm use; | Y15: 2023 | Z15: 35 | AA15: 90 | AB15: 3 | AC15: CNG | AD15: 3 | AE15: Industrial | AF15: 2.3057057e+09 | AG15: grams | AH15: 0.0023057057 | AJ15: 2023 | AK15: 35 | AL15: 5 | AM15: 3 | AN15: CNG | AO15: 3 | AP15: Industrial | AQ15: 9118208.4 | AR15: grams | AS15: 9.1182084e-06
A16: DFOCPZZ = distillate fuel oil sales for oil company use, including all fuel oil, crude oil, or acid sludge used as fuel at refineries, by pipelines, or in field operations; | Y16: 2023 | Z16: 35 | AA16: 90 | AB16: 3 | AC16: CNG | AD16: 5 | AE16: Agriculture | AF16: 2.1708435e+08 | AG16: grams | AH16: 0.00021708435 | AJ16: 2023 | AK16: 35 | AL16: 5 | AM16: 3 | AN16: CNG | AO16: 5 | AP16: Agriculture | AQ16: 1092404.3 | AR16: grams | AS16: 1.0924043e-06
A17: DFOFPZZ = distillate fuel oil sales as diesel fuel for off-highway use in construction (i.e., earthmoving equipment, cranes, stationary generators, air compressors, etc.) and for off-highway uses other than construction (i.e., logging); | Y17: 2023 | Z17: 35 | AA17: 90 | AB17: 3 | AC17: CNG | AD17: 6 | AE17: Commercial | AF17: 2.1919716e+09 | AG17: grams | AH17: 0.0021919716 | AJ17: 2023 | AK17: 35 | AL17: 5 | AM17: 3 | AN17: CNG | AO17: 6 | AP17: Commercial | AQ17: 18516697 | AR17: grams | AS17: 1.8516697e-05
A18: DFOTPZZ = distillate fuel oil sales for all other uses not identified in other sales categories; | Y18: 2023 | Z18: 35 | AA18: 90 | AB18: 3 | AC18: CNG | AD18: 10 | AE18: Oil Field | AF18: 6.6950731e+09 | AG18: grams | AH18: 0.0066950731 | AJ18: 2023 | AK18: 35 | AL18: 5 | AM18: 3 | AN18: CNG | AO18: 10 | AP18: Oil Field | AQ18: 29268195 | AR18: grams | AS18: 2.9268195e-05
Y19: 2023 | Z19: 35 | AA19: 90 | AB19: 4 | AC19: LPG | AD19: 1 | AE19: Recreational | AF19: 50761258 | AG19: grams | AH19: 5.0761258e-05 | AJ19: 2023 | AK19: 35 | AL19: 5 | AM19: 4 | AN19: LPG | AO19: 1 | AP19: Recreational | AQ19: 17820.763 | AR19: grams | AS19: 1.7820763e-08
A20: Motor Gasoline (Pg 79-81) | Y20: 2023 | Z20: 35 | AA20: 90 | AB20: 4 | AC20: LPG | AD20: 2 | AE20: Construction | AF20: 2.151427e+09 | AG20: grams | AH20: 0.002151427 | AJ20: 2023 | AK20: 35 | AL20: 5 | AM20: 4 | AN20: LPG | AO20: 2 | AP20: Construction | AQ20: 123517.43 | AR20: grams | AS20: 1.2351743e-07
A21: Industrial sector sales of motor gasoline in each state (MGINPZZ) are the sum of the sales for agricultural use, for construction use, and for industrial and commercial use | Y21: 2023 | Z21: 35 | AA21: 90 | AB21: 4 | AC21: LPG | AD21: 3 | AE21: Industrial | AF21: 3.4655925e+10 | AG21: grams | AH21: 0.034655925 | AJ21: 2023 | AK21: 35 | AL21: 5 | AM21: 4 | AN21: LPG | AO21: 3 | AP21: Industrial | AQ21: 1579266.7 | AR21: grams | AS21: 1.5792667e-06
A22: MGINPZZ = MGAGPZZ + MGCUPZZ + MGIYPZZ | Y22: 2023 | Z22: 35 | AA22: 90 | AB22: 4 | AC22: LPG | AD22: 4 | AE22: Lawn/Garden | AF22: 6.2540809e+08 | AG22: grams | AH22: 0.00062540809 | AJ22: 2023 | AK22: 35 | AL22: 5 | AM22: 4 | AN22: LPG | AO22: 4 | AP22: Lawn/Garden | AQ22: 28425.859 | AR22: grams | AS22: 2.8425859e-08
A23: MGAGPZZ = motor gasoline sold for agricultural use in each state, in thousand gallons; | Y23: 2023 | Z23: 35 | AA23: 90 | AB23: 4 | AC23: LPG | AD23: 5 | AE23: Agriculture | AF23: 1659012.4 | AG23: grams | AH23: 1.6590124e-06 | AJ23: 2023 | AK23: 35 | AL23: 5 | AM23: 4 | AN23: LPG | AO23: 5 | AP23: Agriculture | AQ23: 1532.2696 | AR23: grams | AS23: 1.5322696e-09
A24: MGCUPZZ = motor gasoline sold for construction use in each state, in thousand gallons; | Y24: 2023 | Z24: 35 | AA24: 90 | AB24: 4 | AC24: LPG | AD24: 6 | AE24: Commercial | AF24: 3.3002743e+09 | AG24: grams | AH24: 0.0033002743 | AJ24: 2023 | AK24: 35 | AL24: 5 | AM24: 4 | AN24: LPG | AO24: 6 | AP24: Commercial | AQ24: 449410.95 | AR24: grams | AS24: 4.4941095e-07
A25: MGIYPZZ = motor gasoline sold for industrial and commercial use in each state, in thousand gallons; | Y25: 2023 | Z25: 35 | AA25: 90 | AB25: 4 | AC25: LPG | AD25: 8 | AE25: Airport Support | AF25: 44933613 | AG25: grams | AH25: 4.4933613e-05 | AJ25: 2023 | AK25: 35 | AL25: 5 | AM25: 4 | AN25: LPG | AO25: 8 | AP25: Airport Support | AQ25: 2050.5565 | AR25: grams | AS25: 2.0505565e-09
A26: Does not include - highway-use, public non-highway, recreational, boating, lawn & garden, and misc and unclassified | Y26: 2023 | Z26: 35 | AA26: 90 | AB26: 4 | AC26: LPG | AD26: 12 | AE26: Railroad Support | AF26: 12425757 | AG26: grams | AH26: 1.2425757e-05 | AJ26: 2023 | AK26: 35 | AL26: 5 | AM26: 4 | AN26: LPG | AO26: 12 | AP26: Railroad Support | AQ26: 1000.451 | AR26: grams | AS26: 1.000451e-09
Y27: 2023 | Z27: 35 | AA27: 90 | AB27: 23 | AC27: Nonroad Diesel | AD27: 1 | AE27: Recreational | AF27: 8.3595381e+08 | AG27: grams | AH27: 0.00083595381 | AJ27: 2023 | AK27: 35 | AL27: 5 | AM27: 23 | AN27: Nonroad Diesel | AO27: 1 | AP27: Recreational | AQ27: 32531.874 | AR27: grams | AS27: 3.2531874e-08
A28: Resolution - Reconcile (delete) nonroad emissions from Industrial fuel combustion sector. All traditional nonroad sources to be included under the transportation fuel combustion sector. | Y28: 2023 | Z28: 35 | AA28: 90 | AB28: 23 | AC28: Nonroad Diesel | AD28: 2 | AE28: Construction | AF28: 6.9928311e+11 | AG28: grams | AH28: 0.69928311 | AJ28: 2023 | AK28: 35 | AL28: 5 | AM28: 23 | AN28: Nonroad Diesel | AO28: 2 | AP28: Construction | AQ28: 8351777.2 | AR28: grams | AS28: 8.3517772e-06
Y29: 2023 | Z29: 35 | AA29: 90 | AB29: 23 | AC29: Nonroad Diesel | AD29: 3 | AE29: Industrial | AF29: 5.6652259e+10 | AG29: grams | AH29: 0.056652259 | AJ29: 2023 | AK29: 35 | AL29: 5 | AM29: 23 | AN29: Nonroad Diesel | AO29: 3 | AP29: Industrial | AQ29: 828208.7 | AR29: grams | AS29: 8.282087e-07
A30: Year | B30: State | C30: Fuel | D30: Sector | E30: CO2 (MT) | F30: CH4 (MT) | J30: Pre-reconciliation | Y30: 2023 | Z30: 35 | AA30: 90 | AB30: 23 | AC30: Nonroad Diesel | AD30: 4 | AE30: Lawn/Garden | AF30: 1.4101017e+10 | AG30: grams | AH30: 0.014101017 | AJ30: 2023 | AK30: 35 | AL30: 5 | AM30: 23 | AN30: Nonroad Diesel | AO30: 4 | AP30: Lawn/Garden | AQ30: 411144.48 | AR30: grams | AS30: 4.1114448e-07
A31: 2023 | B31: NM | C31: Gasoline | D31: Agriculture | E31: =SUMIFS(AF:AF,Y:Y,$A31,AC:AC,$C31,AE:AE,$D31)/10^6 -> 1754.4282 | F31: =SUMIFS(AQ:AQ,AJ:AJ,$A31,AN:AN,$C31,AP:AP,$D31)/10^6 -> 1.8625704 | I31: Nonroad CO2_MT | J31: Industrial CO2_MT | K31: NET Industrial_CO2_MT | L31: Also deducted NG emissions from the CHP facilities in the Utiities sector | Y31: 2023 | Z31: 35 | AA31: 90 | AB31: 23 | AC31: Nonroad Diesel | AD31: 5 | AE31: Agriculture | AF31: 7.7606426e+10 | AG31: grams | AH31: 0.077606426 | AJ31: 2023 | AK31: 35 | AL31: 5 | AM31: 23 | AN31: Nonroad Diesel | AO31: 5 | AP31: Agriculture | AQ31: 1329416.8 | AR31: grams | AS31: 1.3294168e-06
A32: 2023 | B32: NM | C32: Gasoline | D32: Construction | E32: =SUMIFS(AF:AF,Y:Y,$A32,AC:AC,$C32,AE:AE,$D32)/10^6 -> 20815.955 | F32: =SUMIFS(AQ:AQ,AJ:AJ,$A32,AN:AN,$C32,AP:AP,$D32)/10^6 -> 15.825875 | H32: Gasoline | I32: =SUMIF($C$31:$C$44,$H32,$E$31:$E$44) -> 80957.677 | J32: 225836.57 | K32: =J32-I32 -> 144878.9 | L32: Also deducted commercial motor gasoline emissions from industrial as the SEDS data groups industrial and commercial gasoline quantity together | Y32: 2023 | Z32: 35 | AA32: 90 | AB32: 23 | AC32: Nonroad Diesel | AD32: 6 | AE32: Commercial | AF32: 3.6381004e+10 | AG32: grams | AH32: 0.036381004 | AJ32: 2023 | AK32: 35 | AL32: 5 | AM32: 23 | AN32: Nonroad Diesel | AO32: 6 | AP32: Commercial | AQ32: 823606.07 | AR32: grams | AS32: 8.2360607e-07
A33: 2023 | B33: NM | C33: Gasoline | D33: Industrial | E33: =SUMIFS(AF:AF,Y:Y,$A33,AC:AC,$C33,AE:AE,$D33)/10^6 -> 5266.0189 | F33: =SUMIFS(AQ:AQ,AJ:AJ,$A33,AN:AN,$C33,AP:AP,$D33)/10^6 -> 1.4883605 | H33: Nonroad Diesel | I33: =SUMIF($C$31:$C$44,$H33,$E$31:$E$44)-E44 -> 859142.65 | J33: 766027.67 | K33: =J33-I33 -> -93114.985 | L33: Zero emissions | Y33: 2023 | Z33: 35 | AA33: 90 | AB33: 23 | AC33: Nonroad Diesel | AD33: 7 | AE33: Logging | AF33: 1.571473e+08 | AG33: grams | AH33: 0.0001571473 | AJ33: 2023 | AK33: 35 | AL33: 5 | AM33: 23 | AN33: Nonroad Diesel | AO33: 7 | AP33: Logging | AQ33: 323.4978 | AR33: grams | AS33: 3.234978e-10
A34: 2023 | B34: NM | C34: Gasoline | D34: Logging | E34: =SUMIFS(AF:AF,Y:Y,$A34,AC:AC,$C34,AE:AE,$D34)/10^6 -> 14.993748 | F34: =SUMIFS(AQ:AQ,AJ:AJ,$A34,AN:AN,$C34,AP:AP,$D34)/10^6 -> 0.017194734 | J34: Pre-reconciliation | Y34: 2023 | Z34: 35 | AA34: 90 | AB34: 23 | AC34: Nonroad Diesel | AD34: 8 | AE34: Airport Support | AF34: 3.3564868e+09 | AG34: grams | AH34: 0.0033564868 | AJ34: 2023 | AK34: 35 | AL34: 5 | AM34: 23 | AN34: Nonroad Diesel | AO34: 8 | AP34: Airport Support | AQ34: 27781.014 | AR34: grams | AS34: 2.7781014e-08
A35: 2023 | B35: NM | C35: Gasoline | D35: Oil Field | E35: =SUMIFS(AF:AF,Y:Y,$A35,AC:AC,$C35,AE:AE,$D35)/10^6 -> 9755.9186 | F35: =SUMIFS(AQ:AQ,AJ:AJ,$A35,AN:AN,$C35,AP:AP,$D35)/10^6 -> 7.9138187 | I35: Nonroad CH4_MT | J35: Industrial CH4_MT | K35: NET Industrial_CH4_MT | Y35: 2023 | Z35: 35 | AA35: 90 | AB35: 23 | AC35: Nonroad Diesel | AD35: 9 | AE35: Underground Mining | AF35: 1.1842512e+09 | AG35: grams | AH35: 0.0011842512 | AJ35: 2023 | AK35: 35 | AL35: 5 | AM35: 23 | AN35: Nonroad Diesel | AO35: 9 | AP35: Underground Mining | AQ35: 126141.75 | AR35: grams | AS35: 1.2614175e-07
A36: 2023 | B36: NM | C36: Gasoline | D36: Underground Mining | E36: =SUMIFS(AF:AF,Y:Y,$A36,AC:AC,$C36,AE:AE,$D36)/10^6 -> 0 | F36: =SUMIFS(AQ:AQ,AJ:AJ,$A36,AN:AN,$C36,AP:AP,$D36)/10^6 -> 0 | H36: Gasoline | I36: =SUMIF($C$31:$C$44,$H36,$F$31:$F$44) -> 56.507686 | J36: 8.35275 | K36: =J36-I36 -> -48.154936 | L36: Zero emissions | Y36: 2023 | Z36: 35 | AA36: 90 | AB36: 23 | AC36: Nonroad Diesel | AD36: 10 | AE36: Oil Field | AF36: 24259455765 | AG36: grams | AH36: 0.024259456 | AJ36: 2023 | AK36: 35 | AL36: 5 | AM36: 23 | AN36: Nonroad Diesel | AO36: 10 | AP36: Oil Field | AQ36: 163197.17 | AR36: grams | AS36: 1.6319717e-07
A37: 2023 | B37: NM | C37: Gasoline | D37: Commercial | E37: =SUMIFS(AF:AF,Y:Y,$A37,AC:AC,$C37,AE:AE,$D37)/10^6 -> 43350.362 | F37: =SUMIFS(AQ:AQ,AJ:AJ,$A37,AN:AN,$C37,AP:AP,$D37)/10^6 -> 29.399867 | H37: Nonroad Diesel | I37: =SUMIF($C$31:$C$44,$H37,$F$31:$F$44)-F44 -> 10.799065 | J37: 35.97251 | K37: =J37-I37 -> 25.173445 | L37: Excludes commercial diesel CH4 emissions | Y37: 2023 | Z37: 35 | AA37: 90 | AB37: 23 | AC37: Nonroad Diesel | AD37: 12 | AE37: Railroad Support | AF37: 7.6181072e+09 | AG37: grams | AH37: 0.0076181072 | AJ37: 2023 | AK37: 35 | AL37: 5 | AM37: 23 | AN37: Nonroad Diesel | AO37: 12 | AP37: Railroad Support | AQ37: 257564.39 | AR37: grams | AS37: 2.5756439e-07
A38: 2023 | B38: NM | C38: Nonroad Diesel | D38: Agriculture | E38: =SUMIFS(AF:AF,Y:Y,$A38,AC:AC,$C38,AE:AE,$D38)/10^6 -> 77606.426 | F38: =SUMIFS(AQ:AQ,AJ:AJ,$A38,AN:AN,$C38,AP:AP,$D38)/10^6 -> 1.3294168 | Y38: 2023 | Z38: 35 | AA38: 90 | AB38: 24 | AC38: Marine Diesel | AD38: 11 | AE38: Pleasure Craft | AF38: 1.0089814e+10 | AG38: grams | AH38: 0.010089814 | AJ38: 2023 | AK38: 35 | AL38: 5 | AM38: 24 | AN38: Marine Diesel | AO38: 11 | AP38: Pleasure Craft | AQ38: 392967.12 | AR38: grams | AS38: 3.9296712e-07
A39: 2023 | B39: NM | C39: Nonroad Diesel | D39: Construction | E39: =SUMIFS(AF:AF,Y:Y,$A39,AC:AC,$C39,AE:AE,$D39)/10^6 -> 699283.11 | F39: =SUMIFS(AQ:AQ,AJ:AJ,$A39,AN:AN,$C39,AP:AP,$D39)/10^6 -> 8.3517772 | I39: CO2 (MT) | J39: CH4 (MT) | K39: N2O (MT)
A40: 2023 | B40: NM | C40: Nonroad Diesel | D40: Industrial | E40: =SUMIFS(AF:AF,Y:Y,$A40,AC:AC,$C40,AE:AE,$D40)/10^6 -> 56652.259 | F40: =SUMIFS(AQ:AQ,AJ:AJ,$A40,AN:AN,$C40,AP:AP,$D40)/10^6 -> 0.8282087 | H40: Industrial Total, Pre | I40: 2496332 | J40: 135.00823 | K40: 25.067729
A41: 2023 | B41: NM | C41: Nonroad Diesel | D41: Logging | E41: =SUMIFS(AF:AF,Y:Y,$A41,AC:AC,$C41,AE:AE,$D41)/10^6 -> 157.1473 | F41: =SUMIFS(AQ:AQ,AJ:AJ,$A41,AN:AN,$C41,AP:AP,$D41)/10^6 -> 0.0003234978 | H41: Industrial Total, Post | I41: =I40-SUM(I32:I33) -> 1556231.7 | J41: =J40-SUM(I36:I37) -> 67.701482 | K41: =K40 -> 25.067729
A42: 2023 | B42: NM | C42: Nonroad Diesel | D42: Oil Field | E42: =SUMIFS(AF:AF,Y:Y,$A42,AC:AC,$C42,AE:AE,$D42)/10^6 -> 24259.456 | F42: =SUMIFS(AQ:AQ,AJ:AJ,$A42,AN:AN,$C42,AP:AP,$D42)/10^6 -> 0.16319717 | I42: =(I40-I41)/I40 -> 0.37659267 | J42: =(J40-J41)/J40 -> 0.49853812 | K42: No change
A43: 2023 | B43: NM | C43: Nonroad Diesel | D43: Underground Mining | E43: =SUMIFS(AF:AF,Y:Y,$A43,AC:AC,$C43,AE:AE,$D43)/10^6 -> 1184.2512 | F43: =SUMIFS(AQ:AQ,AJ:AJ,$A43,AN:AN,$C43,AP:AP,$D43)/10^6 -> 0.12614175
A44: 2023 | B44: NM | C44: Nonroad Diesel - DO NOT EXCLUDE FROM IND | D44: Commercial | E44: =SUMIFS(AF:AF,Y:Y,$A44,AC:AC,$C44,AE:AE,$D44)/10^6 -> 0 | F44: =SUMIFS(AQ:AQ,AJ:AJ,$A44,AN:AN,$C44,AP:AP,$D44)/10^6 -> 0 | I44: Propane_CO2_MT | J44: Propane_CH4_MT
A45: 2023 | B45: NM | C45: LPG | D45: Agriculture | E45: =SUMIFS(AF:AF,Y:Y,$A45,AC:AC,$C45,AE:AE,$D45)/10^6 -> 1.6590124 | F45: =SUMIFS(AQ:AQ,AJ:AJ,$A45,AN:AN,$C45,AP:AP,$D45)/10^6 -> 0.0015322696 | H45: Industrial, pre | I45: 56583 | J45: 2.709
A46: 2023 | B46: NM | C46: LPG | D46: Construction | E46: =SUMIFS(AF:AF,Y:Y,$A46,AC:AC,$C46,AE:AE,$D46)/10^6 -> 2151.427 | F46: =SUMIFS(AQ:AQ,AJ:AJ,$A46,AN:AN,$C46,AP:AP,$D46)/10^6 -> 0.12351743 | H46: Nonroad, LPG | I46: =SUM(E45:E48) -> 40109.285 | J46: =SUM(F45:F48) -> 2.1537273
A47: 2023 | B47: NM | C47: LPG | D47: Industrial | E47: =SUMIFS(AF:AF,Y:Y,$A47,AC:AC,$C47,AE:AE,$D47)/10^6 -> 34655.925 | F47: =SUMIFS(AQ:AQ,AJ:AJ,$A47,AN:AN,$C47,AP:AP,$D47)/10^6 -> 1.5792667
A48: 2023 | B48: NM | C48: LPG | D48: Commercial | E48: =SUMIFS(AF:AF,Y:Y,$A48,AC:AC,$C48,AE:AE,$D48)/10^6 -> 3300.2743 | F48: =SUMIFS(AQ:AQ,AJ:AJ,$A48,AN:AN,$C48,AP:AP,$D48)/10^6 -> 0.44941095
A51: Propane consumed by the industrial sector = industrial odorized propane + industrial propane for chemical use.
A52: industrial odorized propane consumption = total odorized propane sales - sum of (residential, commercial, and transportation sectors’ odorized propane consumption)
A53: No need to reconcile propane fuel with other energy sectors.
A56: Reconciliation:
A57: 1) Deduct nonroad motor gasoline CO2 and CH4 emissions from industrial motor gasoline emissions.
A58: 2) Deduct nonroad distilate CO2 and CH4 emissions from industrial distillate emissions.
A59: 3) Deduct commercial motor gasoline CO2 and CH4 emissions from industrial motor gasoline emissions.

Sheet IFC_Pre-sector Adj
A1: Industry: Industrial Fuel Combustion
A3: Fuel Type | B3: Fuel SubType | C3: Energy Data (BBTU) | D3: Physical Data | E3: Physical Data Units | F3: Notes | G3: Adjusted_BBTU (See Row 50 for details) | H3: %NEU_National_2023 (2025GHGI) | I3: EnergyUse_NM (BBTU) | J3: CO2 (MMT) | K3: CH4 (MMT) | L3: N2O (MMT) | M3: Total CO2E (MMT) | N3: CO2 (MT) | O3: CH4 (MT) | P3: N2O (MT)
A4: Coal | B4: Coal | C4: 1425 | D4: 62 | E4: 1000 Short Tons | F4: Zero consumption for coking coal | G4: =C4*B51 -> 1426.3374 | H4: ='IFC_Non-energy Fuel Use'!D6 -> 0.024334016 | I4: =G4*(1-H4) -> 1391.6289 | J4: =($I4/10^6)*_xlfn.XLOOKUP($B4,'IFC_Emission Factors'!$A$12:$A$26,'IFC_Emission Factors'!$C$12:$C$26,"ERROR") -> 0.13308147 | K4: =($C4*_xlfn.XLOOKUP($A4,'IFC_Emission Factors'!$A$3:$A$7,'IFC_Emission Factors'!$B$3:$B$7,"ERROR"))/10^6 -> 1.42785e-05 | L4: =($C4*_xlfn.XLOOKUP($A4,'IFC_Emission Factors'!$A$3:$A$7,'IFC_Emission Factors'!$C$3:$C$7,"ERROR"))/10^6 -> 2.1375e-06 | M4: =($J4*$B$24)+($K4*$B$25)+($L4*$B$26) -> 0.1340477 | N4: =J4*10^6 -> 133081.47 | O4: =K4*10^6 -> 14.2785 | P4: =L4*10^6 -> 2.1375
A5: Natural Gas | B5: Natural Gas | C5: =134128*(B33/SUM(B31:B33)) -> 11313.657 | D5: =B33 -> 11024 | E5: MMCF | F5: Excluding supplemental gaseous fuels and lease and plant fuel (combustion emissions covered under O&G). Original SEDS estimate is 130,694 MMCF/134,128 BBTU of NG. | G5: =C5*B52 -> 11379.23 | H5: ='IFC_Non-energy Fuel Use'!D7 -> 0.063465805 | I5: =G5*(1-H5) -> 10657.038 | J5: =($I5/10^6)*_xlfn.XLOOKUP($B5,'IFC_Emission Factors'!$A$12:$A$26,'IFC_Emission Factors'!$C$12:$C$26,"ERROR") -> 0.56397044 | K5: =($C5*_xlfn.XLOOKUP($A5,'IFC_Emission Factors'!$A$3:$A$7,'IFC_Emission Factors'!$B$3:$B$7,"ERROR"))/10^6 -> 1.0747974e-05 | L5: =($C5*_xlfn.XLOOKUP($A5,'IFC_Emission Factors'!$A$3:$A$7,'IFC_Emission Factors'!$C$3:$C$7,"ERROR"))/10^6 -> 1.0182291e-06 | M5: =($J5*$B$24)+($K5*$B$25)+($L5*$B$26) -> 0.56454121 | N5: =J5*10^6 -> 563970.44 | O5: =K5*10^6 -> 10.747974 | P5: =L5*10^6 -> 1.0182291
A6: Petroleum | B6: Asphalt and road oil | C6: 7915 | D6: 1193 | E6: 1000 BBL | G6: =C6 -> 7915 | H6: ='IFC_Non-energy Fuel Use'!D8 -> 1 | I6: =G6*(1-H6) -> 0 | J6: =($I6/10^6)*_xlfn.XLOOKUP($B6,'IFC_Emission Factors'!$A$12:$A$26,'IFC_Emission Factors'!$C$12:$C$26,"ERROR") -> 0 | K6: =($C6*_xlfn.XLOOKUP($A6,'IFC_Emission Factors'!$A$3:$A$7,'IFC_Emission Factors'!$B$3:$B$7,"ERROR"))/10^6 -> 2.382415e-05 | L6: =($C6*_xlfn.XLOOKUP($A6,'IFC_Emission Factors'!$A$3:$A$7,'IFC_Emission Factors'!$C$3:$C$7,"ERROR"))/10^6 -> 4.749e-06 | M6: =($J6*$B$24)+($K6*$B$25)+($L6*$B$26) -> 0.0019255612 | N6: =J6*10^6 -> 0 | O6: =K6*10^6 -> 23.82415 | P6: =L6*10^6 -> 4.749
A7: Petroleum | B7: Distillate | C7: 11951 | D7: 2073 | E7: 1000 BBL | F7: Excludes biofuels | G7: =C7*B53 -> 10393.323 | H7: ='IFC_Non-energy Fuel Use'!D16 -> 0.0060172217 | I7: =G7*(1-H7) -> 10330.784 | J7: =($I7/10^6)*_xlfn.XLOOKUP($B7,'IFC_Emission Factors'!$A$12:$A$26,'IFC_Emission Factors'!$C$12:$C$26,"ERROR") -> 0.76602767 | K7: =($C7*_xlfn.XLOOKUP($A7,'IFC_Emission Factors'!$A$3:$A$7,'IFC_Emission Factors'!$B$3:$B$7,"ERROR"))/10^6 -> 3.597251e-05 | L7: =($C7*_xlfn.XLOOKUP($A7,'IFC_Emission Factors'!$A$3:$A$7,'IFC_Emission Factors'!$C$3:$C$7,"ERROR"))/10^6 -> 7.1706e-06 | M7: =($J7*$B$24)+($K7*$B$25)+($L7*$B$26) -> 0.76893511 | N7: =J7*10^6 -> 766027.67 | O7: =K7*10^6 -> 35.97251 | P7: =L7*10^6 -> 7.1706
A8: Petroleum | B8: Fuel ethanol | C8: 221 | D8: 64 | E8: 1000 BBL | G8: 0 | I8: =G8*(1-H8) -> 0 | J8: 0
A9: Petroleum | B9: HGL | C9: 900 | D9: 234 | E9: 1000 BBL | F9: Pentanes Plus (Natural Gasoline) consumption is zero | G9: =C9 -> 900 | H9: ='IFC_Non-energy Fuel Use'!D9 -> 0.85979549 | I9: =G9*(1-H9) -> 126.18406 | J9: =($I9/10^6)*_xlfn.XLOOKUP($B9,'IFC_Emission Factors'!$A$12:$A$26,'IFC_Emission Factors'!$C$12:$C$26,"ERROR") -> 0.0082070114 | K9: =($C9*_xlfn.XLOOKUP($A9,'IFC_Emission Factors'!$A$3:$A$7,'IFC_Emission Factors'!$B$3:$B$7,"ERROR"))/10^6 -> 2.709e-06 | L9: =($C9*_xlfn.XLOOKUP($A9,'IFC_Emission Factors'!$A$3:$A$7,'IFC_Emission Factors'!$C$3:$C$7,"ERROR"))/10^6 -> 5.4e-07 | M9: =($J9*$B$24)+($K9*$B$25)+($L9*$B$26) -> 0.0084259634 | N9: =J9*10^6 -> 8207.0114 | O9: =K9*10^6 -> 2.709 | P9: =L9*10^6 -> 0.54
A10: Petroleum | B10: Kerosene | C10: 2 | E10: NA | F10: Physical quantity not published | G10: =C10 -> 2 | I10: =G10*(1-H10) -> 2 | J10: =($I10/10^6)*_xlfn.XLOOKUP($B10,'IFC_Emission Factors'!$A$12:$A$26,'IFC_Emission Factors'!$C$12:$C$26,"ERROR") -> 0.0001464 | K10: =($C10*_xlfn.XLOOKUP($A10,'IFC_Emission Factors'!$A$3:$A$7,'IFC_Emission Factors'!$B$3:$B$7,"ERROR"))/10^6 -> 6.02e-09 | L10: =($C10*_xlfn.XLOOKUP($A10,'IFC_Emission Factors'!$A$3:$A$7,'IFC_Emission Factors'!$C$3:$C$7,"ERROR"))/10^6 -> 1.2e-09 | M10: =($J10*$B$24)+($K10*$B$25)+($L10*$B$26) -> 0.00014688656 | N10: =J10*10^6 -> 146.4 | O10: =K10*10^6 -> 0.00602 | P10: =L10*10^6 -> 0.0012
A11: Petroleum | B11: Lubricants | C11: 923 | D11: 152 | E11: 1000 BBL | G11: =C11 -> 923 | H11: ='IFC_Non-energy Fuel Use'!D10 -> 1 | I11: =G11*(1-H11) -> 0 | J11: =($I11/10^6)*_xlfn.XLOOKUP($B11,'IFC_Emission Factors'!$A$12:$A$26,'IFC_Emission Factors'!$C$12:$C$26,"ERROR") -> 0 | K11: =($C11*_xlfn.XLOOKUP($A11,'IFC_Emission Factors'!$A$3:$A$7,'IFC_Emission Factors'!$B$3:$B$7,"ERROR"))/10^6 -> 2.77823e-06 | L11: =($C11*_xlfn.XLOOKUP($A11,'IFC_Emission Factors'!$A$3:$A$7,'IFC_Emission Factors'!$C$3:$C$7,"ERROR"))/10^6 -> 5.538e-07 | M11: =($J11*$B$24)+($K11*$B$25)+($L11*$B$26) -> 0.00022454744 | N11: =J11*10^6 -> 0 | O11: =K11*10^6 -> 2.77823 | P11: =L11*10^6 -> 0.5538
A12: Petroleum | B12: Motor gasoline | C12: 2775 | D12: 593 | E12: 1000 BBL | F12: Energy data excludes fuel ethanol | G12: =C12*B54 -> 3196.5545 | I12: =G12*(1-H12) -> 3196.5545 | J12: =($I12/10^6)*_xlfn.XLOOKUP($B12,'IFC_Emission Factors'!$A$12:$A$26,'IFC_Emission Factors'!$C$12:$C$26,"ERROR") -> 0.22583657 | K12: =($C12*_xlfn.XLOOKUP($A12,'IFC_Emission Factors'!$A$3:$A$7,'IFC_Emission Factors'!$B$3:$B$7,"ERROR"))/10^6 -> 8.35275e-06 | L12: =($C12*_xlfn.XLOOKUP($A12,'IFC_Emission Factors'!$A$3:$A$7,'IFC_Emission Factors'!$C$3:$C$7,"ERROR"))/10^6 -> 1.665e-06 | M12: =($J12*$B$24)+($K12*$B$25)+($L12*$B$26) -> 0.22651167 | N12: =J12*10^6 -> 225836.57 | O12: =K12*10^6 -> 8.35275 | P12: =L12*10^6 -> 1.665
A13: Petroleum | B13: Misc petroleum products | C13: 16 | D13: 3 | E13: 1000 BBL | G13: =C13 -> 16 | H13: ='IFC_Non-energy Fuel Use'!D18 -> 1 | I13: =G13*(1-H13) -> 0 | J13: =($I13/10^6)*_xlfn.XLOOKUP($B13,'IFC_Emission Factors'!$A$12:$A$26,'IFC_Emission Factors'!$C$12:$C$26,"ERROR") -> 0 | K13: =($C13*_xlfn.XLOOKUP($A13,'IFC_Emission Factors'!$A$3:$A$7,'IFC_Emission Factors'!$B$3:$B$7,"ERROR"))/10^6 -> 4.816e-08 | L13: =($C13*_xlfn.XLOOKUP($A13,'IFC_Emission Factors'!$A$3:$A$7,'IFC_Emission Factors'!$C$3:$C$7,"ERROR"))/10^6 -> 9.6e-09 | M13: =($J13*$B$24)+($K13*$B$25)+($L13*$B$26) -> 3.89248e-06 | N13: =J13*10^6 -> 0 | O13: =K13*10^6 -> 0.04816 | P13: =L13*10^6 -> 0.0096
A14: Petroleum | B14: Other petroleum products | C14: 9221 | D14: 1467 | E14: 1000 BBL | G14: =C14 -> 9221 | I14: =G14*(1-H14) -> 9221
A15: Petroleum | B15: Petroleum Coke | C15: 1892 | D15: 301 | E15: 1000 BBL | G15: =C15*B55 -> 1891.6956 | H15: ='IFC_Non-energy Fuel Use'!D14 -> 0 | I15: =G15*(1-H15) -> 1891.6956 | J15: =($I15/10^6)*_xlfn.XLOOKUP($B15,'IFC_Emission Factors'!$A$12:$A$26,'IFC_Emission Factors'!$C$12:$C$26,"ERROR") -> 0.19316104 | K15: =($C15*_xlfn.XLOOKUP($A15,'IFC_Emission Factors'!$A$3:$A$7,'IFC_Emission Factors'!$B$3:$B$7,"ERROR"))/10^6 -> 5.69492e-06 | L15: =($C15*_xlfn.XLOOKUP($A15,'IFC_Emission Factors'!$A$3:$A$7,'IFC_Emission Factors'!$C$3:$C$7,"ERROR"))/10^6 -> 1.1352e-06 | M15: =($J15*$B$24)+($K15*$B$25)+($L15*$B$26) -> 0.19362132 | N15: =J15*10^6 -> 193161.04 | O15: =K15*10^6 -> 5.69492 | P15: =L15*10^6 -> 1.1352
A16: Petroleum | B16: Propane | C16: 900 | D16: 234 | E16: 1000 BBL | G16: =C16 -> 900 | I16: =G16*(1-H16) -> 900 | J16: =($I16/10^6)*_xlfn.XLOOKUP($B16,'IFC_Emission Factors'!$A$12:$A$26,'IFC_Emission Factors'!$C$12:$C$26,"ERROR") -> 0.056583 | K16: =($C16*_xlfn.XLOOKUP($A16,'IFC_Emission Factors'!$A$3:$A$7,'IFC_Emission Factors'!$B$3:$B$7,"ERROR"))/10^6 -> 2.709e-06 | L16: =($C16*_xlfn.XLOOKUP($A16,'IFC_Emission Factors'!$A$3:$A$7,'IFC_Emission Factors'!$C$3:$C$7,"ERROR"))/10^6 -> 5.4e-07 | M16: =($J16*$B$24)+($K16*$B$25)+($L16*$B$26) -> 0.056801952 | N16: =J16*10^6 -> 56583 | O16: =K16*10^6 -> 2.709 | P16: =L16*10^6 -> 0.54
A17: Petroleum | B17: Still Gas | C17: 9190 | D17: 1462 | E17: 1000 BBL | G17: =C17 -> 9190 | H17: ='IFC_Non-energy Fuel Use'!D13 -> 0.10352159 | I17: =G17*(1-H17) -> 8238.6365 | J17: =($I17/10^6)*_xlfn.XLOOKUP($B17,'IFC_Emission Factors'!$A$12:$A$26,'IFC_Emission Factors'!$C$12:$C$26,"ERROR") -> 0.54968183 | K17: =($C17*_xlfn.XLOOKUP($A17,'IFC_Emission Factors'!$A$3:$A$7,'IFC_Emission Factors'!$B$3:$B$7,"ERROR"))/10^6 -> 2.76619e-05 | L17: =($C17*_xlfn.XLOOKUP($A17,'IFC_Emission Factors'!$A$3:$A$7,'IFC_Emission Factors'!$C$3:$C$7,"ERROR"))/10^6 -> 5.514e-06 | M17: =($J17*$B$24)+($K17*$B$25)+($L17*$B$26) -> 0.55191757 | N17: =J17*10^6 -> 549681.83 | O17: =K17*10^6 -> 27.6619 | P17: =L17*10^6 -> 5.514
A18: Petroleum | B18: Waxes | C18: 18 | D18: 3 | E18: 1000 BBL | G18: =C18 -> 18 | H18: ='IFC_Non-energy Fuel Use'!D17 -> 1 | I18: =G18*(1-H18) -> 0 | J18: =($I18/10^6)*_xlfn.XLOOKUP($B18,'IFC_Emission Factors'!$A$12:$A$26,'IFC_Emission Factors'!$C$12:$C$26,"ERROR") -> 0 | K18: =($C18*_xlfn.XLOOKUP($A18,'IFC_Emission Factors'!$A$3:$A$7,'IFC_Emission Factors'!$B$3:$B$7,"ERROR"))/10^6 -> 5.418e-08 | L18: =($C18*_xlfn.XLOOKUP($A18,'IFC_Emission Factors'!$A$3:$A$7,'IFC_Emission Factors'!$C$3:$C$7,"ERROR"))/10^6 -> 1.08e-08 | M18: =($J18*$B$24)+($K18*$B$25)+($L18*$B$26) -> 4.37904e-06 | N18: =J18*10^6 -> 0 | O18: =K18*10^6 -> 0.05418 | P18: =L18*10^6 -> 0.0108
A19: Wood | B19: Wood | C19: 6 | F19: Physical quantity not published | K19: =($C19*_xlfn.XLOOKUP($A19,'IFC_Emission Factors'!$A$3:$A$7,'IFC_Emission Factors'!$B$3:$B$7,"ERROR"))/10^6 -> 1.7094e-07 | L19: =($C19*_xlfn.XLOOKUP($A19,'IFC_Emission Factors'!$A$3:$A$7,'IFC_Emission Factors'!$C$3:$C$7,"ERROR"))/10^6 -> 2.28e-08 | M19: =($J19*$B$24)+($K19*$B$25)+($L19*$B$26) -> 1.082832e-05 | O19: =K19*10^6 -> 0.17094 | P19: =L19*10^6 -> 0.0228
A20: Electricity | B20: Electricity | C20: 39790 | D20: 11662 | E20: Million kilowatthours | I20: =C20*(1-H20) -> 39790
J21: =SUM(J4:J19) -> 2.4966954 | K21: =SUM(K4:K19) -> 0.00013500823 | L21: =SUM(L4:L19) -> 2.5067729e-05 | M21: =SUM(M4:M19) -> 2.5071186 | N21: =SUM(N4:N18) -> 2496695.4 | O21: =SUM(O4:O19) -> 135.00823 | P21: =SUM(P4:P19) -> 25.067729
A23: GWP:
A24: CO2 | B24: 1 | D24: =C5/D5 -> 1.0262751 | E24: BBTU/MMCF
A25: CH4 | B25: 28 | D25: =D24*B33 -> 11313.657 | E25: BBTU
A26: N2O | B26: 265 | D26: =D25/C5 -> 1
A30: Natural gas consumed as lease and plant fuel, by state: https://www.eia.gov/dnav/ng/ng_cons_sum_a_EPG0_vcl_mmcf_a.htm
A31: Lease Fuel, NM | B31: 77900 | C31: MMCF
A32: Plant Fuel, NM | B32: 41770 | C32: MMCF | F32: CO2 for NG combustion (O&G NM) = 18 TG
A33: Industrial customers | B33: 11024 | C33: MMCF
A34: 1) Should we keep lease and plant fuel in industrial or is this accounted in O&G? Exclude. Per conversation with NM O&G team, combustion CO2 and CH4 are included in O&G segment.
A37: Adjustment Notes:
A38: 1) Excluding lease and plant fuel from NG industrial. Lease and plant fuel combustion emissions are covered under O&G sector. See rows 30-33 for adjustment details.
A39: 2) Supplemental gas (NG adjustment) consumption for industrial is zero for NM
A40: 3) NG adjustment for ammonia production is zero for NM (1990-2022 state inventory)
A41: 4) NG adjustment for I&S production is zero for NM (1990-2022 state inventory)
A42: 5) Pentanes Plus (Natural Gasoline) consumption for industrial is zero for NM
A43: 6) Coking coal consumption for industrial is zero for NM
A44: 7) Distillate consumption for NM (industrial sector) excludes biofuels (SEDS category)
A45: 8) Distillate adjustment for I&S production is zero for NM (1990-2022 state inventory)
A46: 9) Motor Gasoline consumption for NM (industrial sector) excludes fuel ethanol (SEDS category)
A47: 10) Synthetic natural gas production (coal adjustment) for NM is zero.
... A50: Ratio of national adjustment for 2022 (1990-2022 state inventory), by fuel type (i.e., National total/sum of adjusted state totals [state totals adjusted for IPPU])
A51: A) Coal | B51: =459.066794124054/458.636359880099 -> 1.0009385 | C51: Tables A-25 and A-26 | D51: Fuel consumption values (2022) in Tbtu from Appendix A excel tables. These are appendices to the main 1990-2022 report.
A52: B) Natural Gas | B52: =10374.3178249788/10314.5358249788 -> 1.0057959 | C52: Tables A-31 and A-32
A53: C) Distillate | B53: =1041.55230579414/1197.652679018 -> 0.8696614 | C53: Tables A-39 and A-40
A54: D) Motor Gasoline | B54: =295.556305611626/256.579 -> 1.1519115 | C54: Tables A-42 and A-43
A55: E) Petroleum Coke | B55: =484.698/484.776 -> 0.9998391 | C55: Tables A-44 and A-45
A57: Non-Energy Use (NEU) of fuels - See "Non-energy Fuel Use" worksheet.
A58: 1) Calculate %NEU quantity for all applicable fuels using national level data for 2023 from the 1990-2023 GHGI
A59: 2) Apply the calculated %NEU ratios to 2023 NM fuel quantities to calculate NEU quantity by fuel.
A60: 3) Exclude the NEU fuel quantity from energy calculations in rows 1-19.
A62: International Bunker Fuels: Per the 1990-2022 state GHGI, 0% of industrial distillate in NM is used for International Bunker Fuels. Therefore, IBF adjustment for NM for 2023 is zero (assuming 2022 data as proxy).

Sheet IFC_Emission Factors
A1: Industry: Industrial Fuel Combustion
A3: Fuel Type | B3: CH4 EF (mt/Bbtu) | C3: N2O EF (mt/Bbtu) | E3: SIT Tool Stationary Combustion Module
A4: Coal | B4: 0.01002 | C4: 0.00150
A5: Natural Gas | B5: 0.00095 | C5: 0.00009
A6: Petroleum | B6: 0.00301 | C6: 0.00060
A7: Wood | B7: 0.02849 | C7: 0.00380
A10: CO2:
A11: Table A-21 and A-22 (National GHGI Annex 2025GHGI, 1990-2023) | B11: C Content Coefficients (MMT C/QBtu) | C11: CO2 Content Coefficients (MMT CO2/QBtu) | E11: 10^6 billions = 1 quad
A12: Fuel | B12: 2023 | C12: 2023
A13: Coal | B13: 26.12 | C13: 95.63
A14: Natural Gas | B14: 14.43 | C14: 52.92
A15: Asphalt and road oil | B15: 20.55 | C15: 75.36
A16: Distillate | B16: 20.22 | C16: 74.15
A17: Kerosene | B17: 19.96 | C17: 73.2
A18: Propane | B18: 17.15 | C18: 62.87
A19: HGL | B19: 17.77 | C19: 65.04
A20: Lubricants | B20: 20.2 | C20: 74.06
A21: Motor gasoline | B21: 19.27 | C21: 70.65
A22: Misc petroleum products | B22: 0 | C22: 0
A23: Other petroleum products | B23: 20 | C23: 73.33
... A26: Waxes | B26: 19.8 | C26: 72.58

Sheet IFC_Non-energy Fuel Use
A1: Industry: Industrial Fuel Combustion
A3: 2023, National-level data (1990-2023 NIR EDF) | B3: Table A-4 (NIR Annex) | C3: Table 3-24 (NIR) | F3: QC Column
A4: Fuel Type | B4: Total Tbtu_Industrial 2023 | C4: NEU Tbtu_Ind 2023 | D4: %NEU_National_2023 | E4: Notes | F4: 2022 %NEU_National
A5: Coking coal | B5: 65.4 | C5: 65.4 | D5: =C5/B5 -> 1 | E5: Zero consumption for NM in 2023 (SEDS) | F5: 1
A6: Industrial Other Coal (Excludes coking coal) | B6: 390.4 | C6: 9.5 | D6: =C6/B6 -> 0.024334016 | F6: 0.020619935
A7: Natural Gas | B7: 10457.6 | C7: 663.7 | D7: =C7/B7 -> 0.063465805 | F7: 0.065043878
A8: Asphalt & Road Oil | B8: 891.8 | C8: 891.8 | D8: =C8/B8 -> 1 | F8: 1
A9: HGL | B9: 3452.1 | C9: 2968.1 | D9: =C9/B9 -> 0.85979549 | F9: 0.85583213
A10: Lubricants | B10: 86.3 | C10: 86.3 | D10: =C10/B10 -> 1 | F10: 1
A11: Naphtha (<401 deg. F) | B11: 271.8 | C11: 252.8 | D11: =C11/B11 -> 0.93009566 | E11: Zero consumption for NM in 2023 (SEDS) | F11: 0.92798629
A12: Other Oil (>401 deg. F) | B12: 119.6 | C12: 104.6 | D12: =C12/B12 -> 0.87458194 | E12: Zero consumption for NM in 2023 (SEDS) | F12: 0.9004736
A13: Still Gas | B13: 1505 | C13: 155.8 | D13: =C13/B13 -> 0.10352159 | F13: 0.10351539
A14: Petroleum Coke | B14: 510.1 | C14: 0 | D14: =C14/B14 -> 0 | F14: 0
A15: Special Naphthas | B15: 89.2 | C15: 83.4 | D15: =C15/B15 -> 0.93497758 | E15: Zero consumption for NM in 2023 (SEDS) | F15: 0.93231622
A16: Distillate | B16: 963.9 | C16: 5.8 | D16: =C16/B16 -> 0.0060172217 | F16: 0.00088471004
A17: Waxes | B17: 9 | C17: 9 | D17: =C17/B17 -> 1 | F17: 1
A18: Misc Petroleum Products | B18: 176.2 | C18: 176.2 | D18: =C18/B18 -> 1 | F18: 1
B19: =SUM(B5:B7,B8:B17) -> 18812.2 | C19: =SUM(C5:C18) -> 5472.4 | D19: =C19/B19 -> 0.29089633
A20: Notes:
A21: Table 3-24: Adjusted Consumption of Fossil Fuels for Non-Energy Uses (TBtu)
A22: Appendix to National GHGI (Table A-4: 2023 Energy Consumption Data by Fuel Type (TBtu) and Adjusted Energy Consumption Data )
A23: QC source: Data from SIT tool and corresponds with 1990-2022 GHGI (National estimates).
A24: To estimate NEU quantity of fuel for NM for 2023:Apply the national level %NEU (by fuel type) to NM to calculate NEU quantity by fuel type for 2023.
A25: 1) Develop %NEU, by fuel type, at the national level using 2023 data from the 1990-2023 GHGI (See Columns B-D in above table).
A26: 2) Apply these ratios to NMs fuel quantity to calculate NEU quantity, by fuel type.

Sheet IFC_SEDS data
A1: Industry: Industrial Fuel Combustion
A3: Data_Status | B3: MSN | C3: StateCode | D3: Year | E3: Data | F3: MSN DESC | G3: UNITS | H3: Fuel_Type | I3: Fuel_SubType | J3: DataType
A4: 2023F | B4: ARICB | C4: NM | D4: 2023 | E4: 7915 | F4: Asphalt and road oil consumed by the industrial sector | G4: Billion Btu | H4: Petroleum | I4: Asphalt and road oil | J4: Energy
A5: 2023F | B5: ARICP | C5: NM | D5: 2023 | E5: 1193 | F5: Asphalt and road oil consumed by the industrial sector | G5: Thousand barrels | H5: Petroleum | I5: Asphalt and road oil | J5: Physical
A6: 2023F | B6: CLICB | C6: NM | D6: 2023 | E6: 1425 | F6: Coal consumed by the industrial sector | G6: Billion Btu | H6: Coal | I6: Coal | J6: Energy
A7: 2023F | B7: CLICP | C7: NM | D7: 2023 | E7: 62 | F7: Coal consumed by the industrial sector | G7: Thousand short tons | H7: Coal | I7: Coal | J7: Physical
A8: 2023F | B8: CLISB | C8: NM | D8: 2023 | E8: 1425 | F8: Coal consumed by the industrial sector excluding refinery fuel | G8: Billion Btu | H8: Coal | I8: Coal | J8: Informational
A9: 2023F | B9: CLOCB | C9: NM | D9: 2023 | E9: 1425 | F9: Coal consumed by industrial users other than coke plants | G9: Billion Btu | H9: Coal | I9: Coal | J9: Informational
A10: 2023F | B10: CLOCK | C10: NM | D10: 2023 | E10: 23 | F10: Factor for converting coal consumed by industrial users other than coke plants from physical units to Btu | G10: Million Btu per short ton | H10: Coal | I10: NA | J10: Informational
A11: 2023F | B11: CLOCP | C11: NM | D11: 2023 | E11: 62 | F11: Coal consumed by industrial users other than coke plants | G11: Thousand short tons | H11: Coal | I11: Coal | J11: Informational
A12: 2023F | B12: CLOSB | C12: NM | D12: 2023 | E12: 1425 | F12: Coal consumed by the industrial sector other than coke plants excluding refinery fuel | G12: Billion Btu | H12: Coal | I12: Coal | J12: Informational
A13: 2023F | B13: COPRK | C13: NM | D13: 2023 | E13: 5 | F13: Factor for converting crude oil production from physical units to Btu for the United States | G13: Million Btu per barrel | H13: Petroleum | I13: NA | J13: Informational
A14: 2023F | B14: DAICB | C14: NM | D14: 2023 | E14: 11951 | F14: Distillate fuel oil, biodiesel, and renewable diesel consumed by the industrial sector | G14: Billion Btu | H14: Petroleum | I14: Distillate | J14: Informational
A15: 2023F | B15: DAICP | C15: NM | D15: 2023 | E15: 2073 | F15: Distillate fuel oil, biodiesel, and renewable diesel consumed by the industrial sector | G15: Thousand barrels | H15: Petroleum | I15: Distillate | J15: Informational
... A79: 2023F | B79: WXICP | C79: NM | D79: 2023 | E79: 3 | F79: Waxes consumed by the industrial sector | G79: Thousand barrels | H79: Petroleum | I79: Waxes | J79: Physical
A81: Notes:
A82: Consolidated data file (in long format with over 2.3 million records)
A83: Consumption, price, expenditure, production, indicators, and CO2 emissions estimates
A84: https://www.eia.gov/state/seds/seds-data-complete.php?sid=NM#CompleteDataFile
A86: Starting Point - Complete NM SEDS data
A87: Filters:
A88: 1) Excluded records related to cost/price/expenditures
A89: 2) Excluded records related to residential, commercial, transportation, and total (all sectors) consumption
A90: 3) Excluded industrial records with zero values for fuel data

Sheet IPPU_Summary
A1: Industry: Industrial Processes and Product Use
A3: Category | B3: ghg_category | C3: NM_2022_MMT_CO2E | D3: US_2022_MMT CO2E | E3: NM/US 2022 | F3: US_2023_MMT CO2E | G3: NM_2023_MMT CO2E
A4: Carbide Production and Consumption | B4: CO2 | C4: =SUMIFS($D$30:$D$74,$A$30:$A$74,$A4,$B$30:$B$74,$B4) -> 0.0061377512 | D4: =SUMIFS($F$30:$F$74,$A$30:$A$74,$A4,$B$30:$B$74,$B4) -> 0.21 | E4: =C4/D4 -> 0.029227387 | F4: 0.1830949 | G4: =E4*F4 -> 0.0053513855 | J4: Methodology:
A5: Carbon Dioxide Consumption | B5: CO2 | C5: =SUMIFS($D$30:$D$74,$A$30:$A$74,$A5,$B$30:$B$74,$B5) -> 0.03136635 | D5: =SUMIFS($F$30:$F$74,$A$30:$A$74,$A5,$B$30:$B$74,$B5) -> 5 | E5: =C5/D5 -> 0.00627327 | F5: 2.1495201 | G5: =E5*F5 -> 0.01348452 | J5: 1) Using the 1990-2022 GHGI, calculate ratio of NM to US emissions.
A6: Cement Production | B6: CO2 | C6: =SUMIFS($D$30:$D$74,$A$30:$A$74,$A6,$B$30:$B$74,$B6) -> 0.19813853 | D6: =SUMIFS($F$30:$F$74,$A$30:$A$74,$A6,$B$30:$B$74,$B6) -> 41.884 | E6: =C6/D6 -> 0.0047306497 | F6: 40.635717 | G6: =E6*F6 -> 0.19223334 | J6: 2) Apply the 2022 NM/US ratio to 2023 US totals to calculate NM 2023 GHG emissions.
A7: Electrical Equipment | B7: SF6 | C7: =SUMIFS($D$30:$D$74,$A$30:$A$74,$A7,$B$30:$B$74,$B7) -> 0.058309866 | D7: =SUMIFS($F$30:$F$74,$A$30:$A$74,$A7,$B$30:$B$74,$B7) -> 4.7 | E7: =C7/D7 -> 0.012406354 | F7: 5.0728591 | G7: =E7*F7 -> 0.062935687 | J7: US_2023_MMT CO2E data obtained from the 1990-2023 US GHGI published by EDF. Table 4-1: Emissions from Industrial Processes and Product Use (MMT CO2 Eq.)
A8: N2O from Product Uses | B8: N2O | C8: =SUMIFS($D$30:$D$74,$A$30:$A$74,$A8,$B$30:$B$74,$B8) -> 0.023526655 | D8: =SUMIFS($F$30:$F$74,$A$30:$A$74,$A8,$B$30:$B$74,$B8) -> 3.71 | E8: =C8/D8 -> 0.0063414166 | F8: 3.7503017 | G8: =E8*F8 -> 0.023782225
A9: Other Process Uses of Carbonates | B9: CO2 | C9: =SUMIFS($D$30:$D$74,$A$30:$A$74,$A9,$B$30:$B$74,$B9) -> 0.57295847 | D9: =SUMIFS($F$30:$F$74,$A$30:$A$74,$A9,$B$30:$B$74,$B9) -> 10.384 | E9: =C9/D9 -> 0.055177049 | F9: 7.1629708 | G9: =E9*F9 -> 0.39523159
A10: Photovoltaics | B10: HFC | C10: =SUMIFS($D$30:$D$74,$A$30:$A$74,$A10,$B$30:$B$74,$B10) -> 3.76677e-06 | D10: =SUMIFS($F$30:$F$74,$A$30:$A$74,$A10,$B$30:$B$74,$B10) -> 0 | E10: NA | F10: NA | G10: =C10 -> 3.76677e-06
A11: Photovoltaics | B11: N2O | C11: =SUMIFS($D$30:$D$74,$A$30:$A$74,$A11,$B$30:$B$74,$B11) -> 8.6597013e-06 | D11: =SUMIFS($F$30:$F$74,$A$30:$A$74,$A11,$B$30:$B$74,$B11) -> 0 | E11: NA | F11: NA | G11: =C11 -> 8.6597013e-06
A12: Photovoltaics | B12: PFC | C12: =SUMIFS($D$30:$D$74,$A$30:$A$74,$A12,$B$30:$B$74,$B12) -> 0.00014342544 | D12: =SUMIFS($F$30:$F$74,$A$30:$A$74,$A12,$B$30:$B$74,$B12) -> 0 | E12: NA | F12: NA | G12: =C12 -> 0.00014342544 | J12: Data for Chart:
A13: Semiconductor Manufacture | B13: HFC | C13: =SUMIFS($D$30:$D$74,$A$30:$A$74,$A13,$B$30:$B$74,$B13) -> 0.001698198 | D13: =SUMIFS($F$30:$F$74,$A$30:$A$74,$A13,$B$30:$B$74,$B13) -> 0.3134354 | E13: =C13/D13 -> 0.005418016 | F13: 0.28062444 | G13: =E13*F13 -> 0.0015204277 | J13: GHG | K13: Emissions (MMT CO2e)
A14: Semiconductor Manufacture | B14: N2O | C14: =SUMIFS($D$30:$D$74,$A$30:$A$74,$A14,$B$30:$B$74,$B14) -> 0.0093969 | D14: =SUMIFS($F$30:$F$74,$A$30:$A$74,$A14,$B$30:$B$74,$B14) -> 0.294998 | E14: =C14/D14 -> 0.031854114 | F14: 0.2757414 | G14: =E14*F14 -> 0.0087834981 | J14: CO2 | K14: =SUMIF($B$4:$B$25,J14,$G$4:$G$25) -> 0.64035081
A15: Semiconductor Manufacture | B15: NF3 | C15: =SUMIFS($D$30:$D$74,$A$30:$A$74,$A15,$B$30:$B$74,$B15) -> 0.0056994 | D15: =SUMIFS($F$30:$F$74,$A$30:$A$74,$A15,$B$30:$B$74,$B15) -> 0.63434 | E15: =C15/D15 -> 0.0089847716 | F15: 0.50900402 | G15: =E15*F15 -> 0.0045732848 | J15: SF6 | K15: =SUMIF($B$4:$B$25,J15,$G$4:$G$25) -> 0.098122018
A16: Semiconductor Manufacture | B16: PFC | C16: =SUMIFS($D$30:$D$74,$A$30:$A$74,$A16,$B$30:$B$74,$B16) -> 0.0171234 | D16: =SUMIFS($F$30:$F$74,$A$30:$A$74,$A16,$B$30:$B$74,$B16) -> 2.60289 | E16: =C16/D16 -> 0.0065786107 | F16: 2.4304209 | G16: =E16*F16 -> 0.015988793 | J16: N2O | K16: =SUMIF($B$4:$B$25,J16,$G$4:$G$25) -> 0.032574383
A17: Semiconductor Manufacture | B17: SF6 | C17: =SUMIFS($D$30:$D$74,$A$30:$A$74,$A17,$B$30:$B$74,$B17) -> 0.0024675 | D17: =SUMIFS($F$30:$F$74,$A$30:$A$74,$A17,$B$30:$B$74,$B17) -> 0.7379 | E17: =C17/D17 -> 0.003343949 | F17: 0.71813042 | G17: =E17*F17 -> 0.0024013915 | J17: HFC | K17: =SUMIF($B$4:$B$25,J17,$G$4:$G$25)+G22 -> 0.72973332
A18: SF6 and PFCs from other product use | B18: PFC | C18: =SUMIFS($D$30:$D$74,$A$30:$A$74,$A18,$B$30:$B$74,$B18) -> 0.0036728628 | D18: =SUMIFS($F$30:$F$74,$A$30:$A$74,$A18,$B$30:$B$74,$B18) -> 0.2 | E18: =C18/D18 -> 0.018364314 | F18: 0.17072532 | G18: =E18*F18 -> 0.0031352533 | J18: NF3 | K18: =SUMIF($B$4:$B$25,J18,$G$4:$G$25) -> 0.0045732848
A19: SF6 and PFCs from other product use | B19: SF6 | C19: =SUMIFS($D$30:$D$74,$A$30:$A$74,$A19,$B$30:$B$74,$B19) -> 0.024307708 | D19: =SUMIFS($F$30:$F$74,$A$30:$A$74,$A19,$B$30:$B$74,$B19) -> 0.6 | E19: =C19/D19 -> 0.040512847 | F19: 0.80924796 | G19: =E19*F19 -> 0.032784939 | J19: PFC | K19: =SUMIF($B$4:$B$25,J19,$G$4:$G$25)+G24 -> 0.019538622
A20: Substitution of Ozone Depleting Substances | B20: CO2 | C20: =SUMIFS($D$30:$D$74,$A$30:$A$74,$A20,$B$30:$B$74,$B20) -> 2.4901526e-05 | D20: =SUMIFS($F$30:$F$74,$A$30:$A$74,$A20,$B$30:$B$74,$B20) -> 0.003969 | E20: =C20/D20 -> 0.006274005 | F20: 0.00422336 | G20: =E20*F20 -> 2.6497382e-05 | K20: =SUM(K14:K19) -> 1.5248924
A21: Substitution of Ozone Depleting Substances | B21: HFC | C21: =SUMIFS($D$30:$D$74,$A$30:$A$74,$A21,$B$30:$B$74,$B21)-C22 -> 0.53095555 | D21: =SUMIFS($F$30:$F$74,$A$30:$A$74,$A21,$B$30:$B$74,$B21) -> 161.22971 | E21: =C21/D21 -> 0.0032931619 | F21: 189.01774 | G21: =E21*F21 -> 0.62246602
A22: Substitution of Ozone Depleting Substances | B22: Other HFCs | C22: =D71 -> 0.10574311 | D22: =SUMIFS($F$30:$F$74,$A$30:$A$74,$A22,$B$30:$B$74,$B22) -> 0 | E22: NA | F22: NA | G22: =C22 -> 0.10574311
A23: Substitution of Ozone Depleting Substances | B23: PFC | C23: =SUMIFS($D$30:$D$74,$A$30:$A$74,$A23,$B$30:$B$74,$B23)-C24 -> 0.00015613554 | D23: =SUMIFS($F$30:$F$74,$A$30:$A$74,$A23,$B$30:$B$74,$B23) -> 0.02652 | E23: =C23/D23 -> 0.0058874639 | F23: 0.022430616 | G23: =E23*F23 -> 0.00013205944
A24: Substitution of Ozone Depleting Substances | B24: Other PFCs | C24: =D72 -> 0.00013909094 | D24: =SUMIFS($F$30:$F$74,$A$30:$A$74,$A24,$B$30:$B$74,$B24) -> 0 | E24: NA | F24: NA | G24: =C24 -> 0.00013909094
A25: Urea Consumption for Non-Agricultural Uses | B25: CO2 | C25: =SUMIFS($D$30:$D$74,$A$30:$A$74,$A25,$B$30:$B$74,$B25) -> 0.044242614 | D25: =SUMIFS($F$30:$F$74,$A$30:$A$74,$A25,$B$30:$B$74,$B25) -> 7.053 | E25: =C25/D25 -> 0.0062728787 | F25: 5.4239012 | G25: =E25*F25 -> 0.034023475
A26: Total for IPPU, NM, 2023 | C26: =SUM(C4:C25) -> 1.6362209 | D26: =SUM(D4:D25) -> 239.58477 | F26: =SUM(F4:F25) -> 258.61665 | G26: =SUM(G4:G25) -> 1.5248924
A28: 1990-2022_StateGHGI_NM (Based on the 1990-2022 US GHGI):
A29: category | B29: ghg_category | C29: ghg | D29: NM_2022_MMT_CO2E | E29: US_2022_KT gas | F29: US_2022_MMT CO2E | G29: Source:1990-2022 US GHGI and state GHGI
A30: Carbide Production and Consumption | B30: CO2 | C30: Carbon Dioxide | D30: 0.0061377512 | E30: 210 | F30: {=($E30/1000)*_xlfn.XLOOKUP($B30&$C30,IPPU_GWP!$A:$A&IPPU_GWP!$B:$B,IPPU_GWP!$C:$C)} -> 0.21
A31: Carbon Dioxide Consumption | B31: CO2 | C31: Carbon Dioxide | D31: 0.03136635 | E31: 5000 | F31: {=($E31/1000)*_xlfn.XLOOKUP($B31&$C31,IPPU_GWP!$A:$A&IPPU_GWP!$B:$B,IPPU_GWP!$C:$C)} -> 5
A32: Cement Production | B32: CO2 | C32: Carbon Dioxide | D32: 0.19813853 | E32: 41884 | F32: {=($E32/1000)*_xlfn.XLOOKUP($B32&$C32,IPPU_GWP!$A:$A&IPPU_GWP!$B:$B,IPPU_GWP!$C:$C)} -> 41.884
A33: Electrical Equipment | B33: SF6 | C33: Sulfur hexafluoride | D33: 0.058309866 | E33: 0.2 | F33: {=($E33/1000)*_xlfn.XLOOKUP($B33&$C33,IPPU_GWP!$A:$A&IPPU_GWP!$B:$B,IPPU_GWP!$C:$C)} -> 4.7
A34: Photovoltaics | B34: HFC | C34: HFC-23 | D34: 3.76677e-06 | E34: use 2022NM data as proxy for 2023 | G34: In 2022, reported emissions for semiconductors and photovoltaics under the "eletronics industry".
A35: Photovoltaics | B35: N2O | C35: Nitrous Oxide | D35: 8.6597013e-06 | E35: use 2022NM data as proxy for 2023 | F35: NA | G35: Emissons for photovoltaics were exactly the same in 2020, 2021, and 2022 for NM.
A36: Photovoltaics | B36: PFC | C36: Perfluorocyclobutane | D36: 1.6514656e-07 | E36: use 2022NM data as proxy for 2023 | G36: Using 2022 emissions for photovoltaics as proxy for 2023.
A37: Photovoltaics | B37: PFC | C37: PFC-116 (Perfluoroethane) | D37: 2.4221637e-05 | E37: use 2022NM data as proxy for 2023
A38: Photovoltaics | B38: PFC | C38: PFC-14 (Perfluoromethane) | D38: 0.00011903865 | E38: use 2022NM data as proxy for 2023
A39: Semiconductor Manufacture | B39: HFC | C39: HFC-23 | D39: 0.0016864 | E39: 0.0252 | F39: {=($E39/1000)*_xlfn.XLOOKUP($B39&$C39,IPPU_GWP!$A:$A&IPPU_GWP!$B:$B,IPPU_GWP!$C:$C)} -> 0.31248
A40: Semiconductor Manufacture | B40: HFC | C40: HFC-32 | D40: 9.478e-06 | E40: 0.001 | F40: {=($E40/1000)*_xlfn.XLOOKUP($B40&$C40,IPPU_GWP!$A:$A&IPPU_GWP!$B:$B,IPPU_GWP!$C:$C)} -> 0.000677
A41: Semiconductor Manufacture | B41: HFC | C41: HFC-41 | D41: 2.32e-06 | E41: 0.0024 | F41: {=($E41/1000)*_xlfn.XLOOKUP($B41&$C41,IPPU_GWP!$A:$A&IPPU_GWP!$B:$B,IPPU_GWP!$C:$C)} -> 0.0002784
A42: Semiconductor Manufacture | B42: N2O | C42: Nitrous Oxide | D42: 0.0093969 | E42: 1.1132 | F42: {=($E42/1000)*_xlfn.XLOOKUP($B42&$C42,IPPU_GWP!$A:$A&IPPU_GWP!$B:$B,IPPU_GWP!$C:$C)} -> 0.294998
A43: Semiconductor Manufacture | B43: NF3 | C43: Nitrogen trifluoride | D43: 0.0056994 | E43: 0.0394 | F43: {=($E43/1000)*_xlfn.XLOOKUP($B43&$C43,IPPU_GWP!$A:$A&IPPU_GWP!$B:$B,IPPU_GWP!$C:$C)} -> 0.63434
A44: Semiconductor Manufacture | B44: PFC | C44: Perfluorobuta-1,3-diene | D44: 6.3e-11 | E44: 0.0009 | F44: {=($E44/1000)*_xlfn.XLOOKUP($B44&$C44,IPPU_GWP!$A:$A&IPPU_GWP!$B:$B,IPPU_GWP!$C:$C)} -> 2.7e-09
A45: Semiconductor Manufacture | B45: PFC | C45: Perfluorocyclobutane | D45: 0.0020511 | E45: 0.0061 | F45: {=($E45/1000)*_xlfn.XLOOKUP($B45&$C45,IPPU_GWP!$A:$A&IPPU_GWP!$B:$B,IPPU_GWP!$C:$C)} -> 0.058194
A46: Semiconductor Manufacture | B46: PFC | C46: PFC-116 (Perfluoroethane) | D46: 0.0024753 | E46: 0.0816 | F46: {=($E46/1000)*_xlfn.XLOOKUP($B46&$C46,IPPU_GWP!$A:$A&IPPU_GWP!$B:$B,IPPU_GWP!$C:$C)} -> 0.90576
A47: Semiconductor Manufacture | B47: PFC | C47: PFC-14 (Perfluoromethane) | D47: 0.012597 | E47: 0.2472 | F47: {=($E47/1000)*_xlfn.XLOOKUP($B47&$C47,IPPU_GWP!$A:$A&IPPU_GWP!$B:$B,IPPU_GWP!$C:$C)} -> 1.638936
A48: Semiconductor Manufacture | B48: SF6 | C48: Sulfur hexafluoride | D48: 0.0024675 | E48: 0.0314 | F48: {=($E48/1000)*_xlfn.XLOOKUP($B48&$C48,IPPU_GWP!$A:$A&IPPU_GWP!$B:$B,IPPU_GWP!$C:$C)} -> 0.7379
A49: N2O from Product Uses | B49: N2O | C49: Nitrous Oxide | D49: 0.023526655 | E49: 14 | F49: {=($E49/1000)*_xlfn.XLOOKUP($B49&$C49,IPPU_GWP!$A:$A&IPPU_GWP!$B:$B,IPPU_GWP!$C:$C)} -> 3.71
A50: Other Process Uses of Carbonates | B50: CO2 | C50: Carbon Dioxide | D50: 0.57295847 | E50: 10384 | F50: {=($E50/1000)*_xlfn.XLOOKUP($B50&$C50,IPPU_GWP!$A:$A&IPPU_GWP!$B:$B,IPPU_GWP!$C:$C)} -> 10.384
A51: SF6 and PFCs from other product use | B51: PFC | C51: PERFLUORO COMPDS | D51: 0.0026252891 | E51: PFCs = 0.2 MMT CO2E | F51: 0.2
A52: SF6 and PFCs from other product use | B52: PFC | C52: PERFLUORO COMPOUNDS, C5-18 | D52: 0.00081269584 | E52: PFCs = 0.2 MMT CO2E
A53: SF6 and PFCs from other product use | B53: PFC | C53: Perfluorocyclobutane | D53: 0.0001060546 | E53: PFCs = 0.2 MMT CO2E
A54: SF6 and PFCs from other product use | B54: PFC | C54: PFC-116 (Perfluoroethane) | D54: 4.8574106e-05 | E54: PFCs = 0.2 MMT CO2E
A55: SF6 and PFCs from other product use | B55: PFC | C55: PFC-14 (Perfluoromethane) | D55: 4.3610023e-05 | E55: PFCs = 0.2 MMT CO2E
A56: SF6 and PFCs from other product use | B56: PFC | C56: PFC-218 (Perfluoropropane) | D56: 7.1190599e-06 | E56: PFCs = 0.2 MMT CO2E
A57: SF6 and PFCs from other product use | B57: PFC | C57: PFC-3-1-10 (Perfluorobutane) | D57: 9.9142309e-06 | E57: PFCs = 0.2 MMT CO2E
A58: SF6 and PFCs from other product use | B58: PFC | C58: PFC-4-1-12 (Perfluoropentane) | D58: 1.7562093e-06 | E58: PFCs = 0.2 MMT CO2E
A59: SF6 and PFCs from other product use | B59: PFC | C59: PFC-5-1-14 (Perfluorohexane, FC 72) | D59: 1.7017677e-05 | E59: PFCs = 0.2 MMT CO2E
A60: SF6 and PFCs from other product use | B60: PFC | C60: PFC-6-1-12 (Perfluoroheptane) | D60: 7.5448011e-07 | E60: PFCs = 0.2 MMT CO2E
A61: SF6 and PFCs from other product use | B61: PFC | C61: PFC-7-1-18 | D61: 3.8404123e-09 | E61: PFCs = 0.2 MMT CO2E
A62: SF6 and PFCs from other product use | B62: PFC | C62: PFC-9-1-18 | D62: 7.3611329e-08 | E62: PFCs = 0.2 MMT CO2E
A63: SF6 and PFCs from other product use | B63: SF6 | C63: Sulfur hexafluoride | D63: 0.024307708 | E63: 0.6 MMT CO2E | F63: 0.6
A64: Substitution of Ozone Depleting Substances | B64: CO2 | C64: Carbon Dioxide | D64: 2.4901526e-05 | E64: 3.969 | F64: {=($E64/1000)*_xlfn.XLOOKUP($B64&$C64,IPPU_GWP!$A:$A&IPPU_GWP!$B:$B,IPPU_GWP!$C:$C)} -> 0.003969
A65: Substitution of Ozone Depleting Substances | B65: HFC | C65: HFC-125 | D65: 0.2211025 | E65: 22.704 | F65: {=($E65/1000)*_xlfn.XLOOKUP($B65&$C65,IPPU_GWP!$A:$A&IPPU_GWP!$B:$B,IPPU_GWP!$C:$C)} -> 71.97168
A66: Substitution of Ozone Depleting Substances | B66: HFC | C66: HFC-134a | D66: 0.16228821 | E66: 37.167 | F66: {=($E66/1000)*_xlfn.XLOOKUP($B66&$C66,IPPU_GWP!$A:$A&IPPU_GWP!$B:$B,IPPU_GWP!$C:$C)} -> 48.3171
A67: Substitution of Ozone Depleting Substances | B67: HFC | C67: HFC-143a | D67: 0.12325987 | E67: 6.203 | F67: {=($E67/1000)*_xlfn.XLOOKUP($B67&$C67,IPPU_GWP!$A:$A&IPPU_GWP!$B:$B,IPPU_GWP!$C:$C)} -> 29.7744
A68: Substitution of Ozone Depleting Substances | B68: HFC | C68: HFC-23 | D68: 0.00019524926 | E68: 0.003 | F68: {=($E68/1000)*_xlfn.XLOOKUP($B68&$C68,IPPU_GWP!$A:$A&IPPU_GWP!$B:$B,IPPU_GWP!$C:$C)} -> 0.0372
A69: Substitution of Ozone Depleting Substances | B69: HFC | C69: HFC-236fa | D69: 0.0036612347 | E69: 0.072 | F69: {=($E69/1000)*_xlfn.XLOOKUP($B69&$C69,IPPU_GWP!$A:$A&IPPU_GWP!$B:$B,IPPU_GWP!$C:$C)} -> 0.58032
A70: Substitution of Ozone Depleting Substances | B70: HFC | C70: HFC-32 | D70: 0.020448486 | E70: 15.582 | F70: {=($E70/1000)*_xlfn.XLOOKUP($B70&$C70,IPPU_GWP!$A:$A&IPPU_GWP!$B:$B,IPPU_GWP!$C:$C)} -> 10.549014
A71: Substitution of Ozone Depleting Substances | B71: HFC | C71: Other HFC | D71: 0.10574311 | E71: Mixture of gases, use 2022 NM as proxy
A72: Substitution of Ozone Depleting Substances | B72: PFC | C72: Other PFC | D72: 0.00013909094 | E72: Mixture of gases, use 2022 NM as proxy
A73: Substitution of Ozone Depleting Substances | B73: PFC | C73: PFC-14 (Perfluoromethane) | D73: 0.00015613554 | E73: 0.004 | F73: {=($E73/1000)*_xlfn.XLOOKUP($B73&$C73,IPPU_GWP!$A:$A&IPPU_GWP!$B:$B,IPPU_GWP!$C:$C)} -> 0.02652
A74: Urea Consumption for Non-Agricultural Uses | B74: CO2 | C74: Carbon Dioxide | D74: 0.044242614 | E74: 7053 | F74: {=($E74/1000)*_xlfn.XLOOKUP($B74&$C74,IPPU_GWP!$A:$A&IPPU_GWP!$B:$B,IPPU_GWP!$C:$C)} -> 7.053
A75: Grand Total, NM, MMT CO2E | D75: 1.6362209

Sheet IPPU_GWP
A1: Industry: Industrial Processes and Product Use
A3: ghg_category | B3: ghg | C3: gwp
A4: CH4 | B4: Methane | C4: 28
A5: CO2 | B5: Carbon Dioxide | C5: 1
A6: HFC | B6: 1,1,1,3,3,3-HEXAFLUOROPROPANE | C6: 3700
A7: HFC | B7: 1H,10H-Perfluorodecane | C7: 3700
A8: HFC | B8: 1H,4H-Perfluorobutane | C8: 3700
A9: HFC | B9: 1H,6H-Perfluorohexane | C9: 3700
A10: HFC | B10: 1H,8H-Perfluorooctane | C10: 3700
A11: HFC | B11: 1H-perfluorooctane | C11: 3700
A12: HFC | B12: 2-Pentene, 1,1,1,2,3,4,5,5,5-nonafluoro-4-(trifluoromethyl)- | C12: 930
A13: HFC | B13: HFC-1132a; VF2 | C13: 0.04
A14: HFC | B14: HFC-1141; VF | C14: 0.02
A15: HFC | B15: HFC-1234ze(E) | C15: 0.97
... A65: SF6 | B65: Sulfur hexafluoride | C65: 23500

Sheet CMAM
A1: Industry: Coal Mining and Abandoned Mines
A3: Coal Mine Emissions Summary for NM, 2023: | J3: Data for Chart:
B4: CH4 (MT) | C4: CO2 (MT) | D4: CO2E (MMT) | J4: Category | K4: Emissions (MMT CO2e)
A5: CMM | B5: =B33 -> 2049.3983 | C5: =C33 -> 5866.0755 | D5: =D33 -> 0.063249227 | J5: Surface Mining | K5: =D31 -> 0.05303031
A6: AMM | B6: =B51 -> 618.21553 | D6: =B52 -> 0.017310035 | J6: Post-Mining Activities | K6: =D32 -> 0.010218917
A7: Total for NM, 2023 | B7: =SUM(B5:B6) -> 2667.6138 | C7: =SUM(C5:C6) -> 5866.0755 | D7: =SUM(D5:D6) -> 0.080559262 | J7: Abandoned Mines | K7: =B52 -> 0.017310035
A9: CMM Emissions (Active coal mines - Underground (UG) + Surface):
A10: MSHA data indicates, no active underground coal mines in NM for 2023 (MSHA Mines Dataset, Data Retrieved August 4, 2025. Internet address: https://www.msha.gov/data-and-reports/mine-data-retrieval-system)
A11: Underground coal mine emissions = 0
A13: Surface coal mining and post-mining emissions are estimated using EIA's annual coal production data for NM and default emission factors from the US GHGI
A14: EIA's Annual Coal Production :
A15: Underground production | B15: 0 | C15: Short Tons
A16: Surface production | B16: 7987000 | C16: Short Tons | D16: Source: (EIA, 2024) Annual Coal Report 2023. Table 2. October 30, 2024. Internet address: https://www.eia.gov/coal/annual/pdf/acr.pdf
A18: CH4 Emission Factors:
C19: Surface Mining | D19: Post Mining - Surface
A20: Basin | B20: Basin ID | C20: CH4 EF (scf/short ton) | D20: CH4 EF (scf/short ton)
A21: S.West/Rockies (NM, AZ, CA) | B21: WTB1 | C21: 10.95 | D21: 2.3725 | E21: Source: 2025GHGI (1990-2023) Annex Table A-98
A24: CO2 Emission Factors:
A25: Surface Mining, CO2 | B25: 0.44 | C25: Cubic meters/metric ton coal | E25: IPCC 2019 (EFDB, #130759)
A26: CO2 Conversion Factor (vol to mass) | B26: 1.84e-06 | C26: Gg/cubic meter | E26: IPCC 2019
A27: Surface Mining, CO2 EF | B27: =(B25*B26)*1000 -> 0.0008096 | C27: metric ton CO2/metric ton coal
A29: CMM Emissions: | B29: CH4 (MT) | C29: CO2 (MT) | D29: CO2E (MMT)
A30: Underground Mining | B30: 0 | C30: 0 | D30: 0
A31: Surface Mining | B31: =($B$16*$C$21)/$B$36 -> 1684.4369 | C31: =(B16*B37*B27) -> 5866.0755 | D31: =((B31*B38)+C31)/10^6 -> 0.05303031
A32: Post-Mining Activities | B32: =(B16*D21)/B36 -> 364.96134 | C32: NE | D32: =(B32*B38)/10^6 -> 0.010218917 | E32: NE - Not Estimated. CO2 EFs not available for post-mining activities
A33: Total from CMM, 2023, NM | B33: =SUM(B30:B32) -> 2049.3983 | C33: =SUM(C30:C32) -> 5866.0755 | D33: =SUM(D30:D32) -> 0.063249227
A35: Conversion Factors:
A36: Methane from MMCF to Gg | B36: 51921 | C36: scf / metric ton CH4
A37: Short tons to metric tons | B37: 0.90718 | C37: metric tons/short ton
A38: GWP, CH4 | B38: 28
A40: AMM CH4 Emissions (abandoned coal mines):
A41: NM Emissions from 1990-2022 state GHGI
A42: NM, CH4, 2022 | B42: =0.634638392157027 -> 0.63463839 | C42: kilotons
A43: National total, 2022 | B43: 224.9737 | C43: kilotons
A45: National, 2023 | B45: 219.15194 | C45: kilotons
A46: NM, CH4, 2023 | B46: =(B42/B43)*B45 -> 0.61821553 | C46: kilotons
A47: Applying the proportion of 2022 NM emissions (i.e., NM/National) to 2023 National emissions to estimate 2023 NM emissions.
A49: Liberated AMM CH4 emissions: | B49: =B46 -> 0.61821553 | C49: Kilotons
A50: Recovered CH4 from AMM: | B50: 0 | C50: No AMM recovery projects in NM (1990-2022 state GHGI)
A51: Total CH4 from AMM, 2023, NM | B51: =(B49+B50)*1000 -> 618.21553 | C51: Metric Tons
A52: Total CO2E from AMM, 2023, NM | B52: =(B51*B38)/10^6 -> 0.017310035 | C52: MMT CO2E

Sheet Transportation
A1: Transportation
A3: 2023 New Mexico Transportation Sector Greenhouse Gas Emissions
A5: 2023 New Mexico Transportation Sector Greenhouse Gas Emissions (MMT CO2e), by Transportation Mode and Vehicle Type
A6: On-Road Vehicle Type | B6: CO2 | C6: CH4 | D6: N2O | E6: NEW MEXICO TOTAL GHGs (MMT CO2e) | F6: U.S. TOTAL GHGs (MMT CO2) | G6: Percent | J6: Data for Chart:
A7: Passenger Cars | B7: =F7*Transportation!D44 -> 2.1054012 | C7: 0.000140083 | D7: 4.563e-05 | E7: =(C7*28)+B7+(D7*265) -> 2.1214155 | F7: 296 | G7: =E7/E$28 -> 0.12308418 | J7: Vehicle Type | K7: Emissions (MMT CO2e)
A8: Light-Duty Trucks | B8: =F8*Transportation!D45 -> 6.3314005 | C8: 0.00030096 | D8: 0.00014781861 | E8: =(C8*28)+B8+(D8*265) -> 6.3789994 | F8: 711.9 | G8: =E8/E$28 -> 0.3701085 | J8: Aircrafts | K8: =E12 -> 0.45261209
A9: MHD Trucks | B9: =F9*Transportation!D46 -> 5.2372358 | C9: 0.0003368 | D9: 0.000501648 | E9: =(C9*28)+B9+(D9*265) -> 5.3796029 | F9: 418.1 | G9: =E9/E$28 -> 0.31212368 | J9: Rail | K9: =E14 -> 1.2048597
A10: Buses | B10: =F10*Transportation!D47 -> 0.24138926 | C10: 0.000172481 | D10: 1.86982e-05 | E10: =(C10*28)+B10+(D10*265) -> 0.25117375 | F10: 23.8 | G10: =E10/E$28 -> 0.01457306 | J10: Non-road vehicles and equipment | K10: =E15 -> 1.2661455
A11: Motorcycles | B11: =F11*Transportation!D48 -> 0.18001746 | C11: 1.89779e-05 | D11: 4.79044e-07 | E11: =(C11*28)+B11+(D11*265) -> 0.18067579 | F11: 8.6 | G11: =E11/E$28 -> 0.01048278 | J11: On-road vehicles | K11: =SUM(E7:E11) -> 14.311867
A12: Aircrafts | B12: =F12*(E36/E38) -> 0.45261209 | C12: x | D12: x | E12: =B12 -> 0.45261209 | F12: =129.7+50.7 -> 180.4 | G12: =E12/E$28 -> 0.02626048 | J12: Passenger cars | K12: =E7 -> 2.1214155
A13: Ships and Boats (Commercial Marine) | B13: 0 | C13: 0 | D13: 0 | E13: =B13 -> 0 | F13: 38 | G13: =E13/E$28 -> 0 | J13: Light-duty trucks | K13: =E8 -> 6.3789994
A14: Rail | B14: ='Rail Calculation'!AD6 -> 1.2048597 | C14: x | D14: x | E14: =B14 -> 1.2048597 | F14: 33.4 | G14: =E14/E$28 -> 0.069905765 | J14: Medium-heavy-duty trucks | K14: =E9 -> 5.3796029
A15: Non-road vehicles and equipment TOTAL | B15: 1.2577806 | C15: 0.000298747 | D15: x | E15: =(C15*28)+B15 -> 1.2661455 | F15: x | G15: =E15/E$28 -> 0.073461556 | J15: Buses | K15: =E10 -> 0.25117375
A16: Agriculture | B16: 0.079579597 | C16: 4.2859238e-06 | D16: x | E16: =(C16*28)+B16 -> 0.079699603 | F16: x | J16: Motorcycles | K16: =E11 -> 0.18067579
A17: Airport Support | B17: 0.0034828052 | C17: 5.3741282e-08 | D17: x | E17: =(C17*28)+B17 -> 0.0034843099 | F17: x
A18: Commercial | B18: 0.085223611 | C18: 4.9189581e-05 | D18: x | E18: =(C18*28)+B18 -> 0.08660092 | F18: x
A19: Construction | B19: 0.72225686 | C19: 2.434306e-05 | D19: x | E19: =(C19*28)+B19 -> 0.72293846 | F19: x
A20: Industrial | B20: 0.098879908 | C20: 1.3014044e-05 | D20: x | E20: =(C20*28)+B20 -> 0.099244302 | F20: x
A21: Lawn/Garden | B21: 0.14495483 | C21: 0.00010704811 | D21: x | E21: =(C21*28)+B21 -> 0.14795218 | F21: x
A22: Logging | B22: 0.00017214105 | C22: 1.7518231e-08 | D22: x | E22: =(C22*28)+B22 -> 0.00017263156 | F22: x
A23: Oil Field | B23: 0.040710447 | C23: 3.7345211e-05 | D23: x | E23: =(C23*28)+B23 -> 0.041756113 | F23: x
A24: Pleasure Craft | B24: 0.047961759 | C24: 3.4358357e-05 | D24: x | E24: =(C24*28)+B24 -> 0.048923793 | F24: x
A25: Railroad Support | B25: 0.0080866261 | C25: 5.5500767e-07 | D25: x | E25: =(C25*28)+B25 -> 0.0081021663 | F25: x
A26: Recreational | B26: 0.025287767 | C26: 2.8409842e-05 | D26: x | E26: =(C26*28)+B26 -> 0.026083242 | F26: x
A27: Underground Mining | B27: 0.0011842512 | C27: 1.2614175e-07 | D27: x | E27: =(C27*28)+B27 -> 0.0011877832 | F27: x
A28: Total | B28: =SUM(B7:B14)+SUM(B16:B27) -> 17.010697 | C28: =SUM(C7:C15) -> 0.0012680489 | D28: x | E28: =SUM(E7:E14)+SUM(E16:E27) -> 17.235485 | F28: =SUM(F7:F14) -> 1710.2 | G28: =SUM(G7:G15) -> 1
A29: Sources: U.S. GHG Inventory 1990-2023 (downloaded from Environmental Defense Fund site, obtained via FOIA request) Transportation-Related Greenhouse Gas Emissions (MMT CO2e; Table 2-13);EPA MOVES; EPA Emissions Modeling Platform. Supporting calculations and inputs below.
A31: Supporting Calculations and Inputs
A33: 2023 New Mexico Transportation Sector Fuel Consumption to Greenhouse Gas Emissions (MMT CO2e), by Fuel Type
B34: Motor Gasoline | C34: Aviation Gasoline | D34: Distillate Fuel oil | E34: Jet Fuel | F34: Natural Gas | G34: Total [MMT CO2]
A35: New Mexico Fuel Consumption (thousand barrels; natural gas in billion cubic ft) | B35: 21801 | C35: 37 | D35: 16378 | E35: 1514 | F35: 14 | G35: N/A
A36: New Mexico CO2 Conversion* (MMT CO2) | B36: =(((21801000*42)*8.49)/1000)/1000000 -> 7.7738006 | C36: =(((37000*42)*8.31)/1000)/1000000 -> 0.01291374 | D36: =(((16378000*42)*10.19)/1000)/1000000 -> 7.0094564 | E36: =(((1514000*42)*9.75)/1000)/1000000 -> 0.619983 | F36: =(((14000000000/1000)*54.81)/1000)/1000000 -> 0.76734 | G36: =SUM(B36:F36) -> 16.183494
A37: US Fuel Consumption (thousand barrels; natural gas in billion cubic ft) | B37: 3133768 | C37: 4194 | D37: 1080183 | E37: 603443 | F37: 1306 | G37: N/A
A38: US CO2 Conversion* (MMT CO2) | B38: =(((3133768000*42)*8.49)/1000)/1000000 -> 1117.439 | C38: =(((4194000*42)*8.31)/1000)/1000000 -> 1.4637899 | D38: =(((1080183000*42)*10.19)/1000)/1000000 -> 462.29672 | E38: =(((603443000*42)*9.75)/1000)/1000000 -> 247.10991 | F38: =(((1306000000000/1000)*54.81)/1000)/1000000 -> 71.58186 | G38: =SUM(B38:F38) -> 1899.8913
A39: Source: U.S. EIA State Energy Data System (SEDS): 1960-2023 (complete). Released: June 27, 2025. New Mexico State Profile and Energy Estimates. 'All consumption estimates' (https://www.eia.gov/state/seds/seds-data-complete.php?sid=NM).
A40: Notes: CO2 conversion coefficients are based on U.S. EIA CO2 emission coefficients (https://www.eia.gov/environment/emissions/co2_vol_mass.php); conversation coefficients for gasoline and distillate fuel oil account for blends. SEDS distallate data for industrial and transportation end-use sectors includes military use, all on-road, and non-road use. SEDS motor gasoline data for the industrial sector does not include highway use, public non-highway, recreational, boating, lawn and garden, and misc.
A42: 2021 New Mexico On-Road Transportation GHG Emissions, Allocation Factors by Vehicle Type (MMT CO2)
A43: On-Road Vehicle Type | B43: New Mexico | C43: U.S. | D43: New Mexico CO2 Allocation Factor
A44: Passenger Cars | B44: 2.9040569 | C44: 408.28363 | D44: =B44/C44 -> 0.0071128418
A45: Light-Duty Trucks | B45: 7.7183047 | C45: 867.84292 | D45: =B45/C45 -> 0.0088936656
A46: Medium- and Heavy-Duty Trucks | B46: 5.5790026 | C46: 445.38399 | D46: =B46/C46 -> 0.012526276
A47: Buses | B47: 0.24485974 | C47: 24.142175 | D47: =B47/C47 -> 0.010142406
A48: Motorcycles | B48: 0.16522744 | C48: 7.8934344 | D48: =B48/C48 -> 0.020932263
A49: On-Road Transportation Total (MMT CO2): | B49: =SUM(B44:B48) -> 16.611451 | C49: =SUM(C44:C48) -> 1753.5462 | D49: =B49/C49 -> 0.009473062
A50: Source: Inventory of U.S. Greenhouse Gas Emissions and Sinks: 1990-2021 (via https://cfpub.epa.gov/ghgdata/inventoryexplorer/index.html), allocated by vehicle type using U.S. EPA Emissions Modeling Platform (EMP 2016v3) and MOVES4.0.1
A51: Note: New Mexico allocation factors calculated above are used to apportion nationwide on-road vehicle GHG emissions to New Mexico, by vehicle type.
A54: Global Warming Potentials
A55: Industrial Designation or Common Name | B55: Chemical Formula | C55: 100-Year GWP
A56: Carbon dioxide | B56: CO2 | C56: 1
A57: Methane | B57: CH4 | C57: 28
A58: Nitrous oxide | B58: N2O | C58: 265
A59: Source: U.S. EPA 2025 GHG Emission Factors Hub. Last Modified: January 15, 2025. 'Table 11. Global Warming Potential (GWP)' (https://www.epa.gov/system/files/documents/2025-01/ghg-emission-factors-hub-2025.pdf).

Sheet Rail Calculation
A1: EPA Region | B1: State | C1: State-County | D1: Pollutant | E1: 2022 Emissions (Tons) | F1: 2026 Emissions (Tons) | G1: 2032 Emissions (Tons) | H1: 2038 Emissions (Tons) | I1: SCC Level 4 | N1: 2022 gallons | O1: 2026 | P1: 2032 | Q1: 2038 | S1: SO2 EF (g/gal) | T1: Conversion Factor (g/ton) | U1: CO2 EF (kg/gal) | AB1: Year-by-Year Projections
A2: 6 | B2: New Mexico | C2: NM-Chaves | D2: SO2 | E2: 0.086258139 | F2: 0.085481816 | G2: 0.086516913 | H2: 0.092554983 | I2: Line Haul Locomotives: Class I Operations | N2: =(E2*$T$2)/$S$2 -> 833369.37 | O2: =(F2*$T$2)/$S$2 -> 825869.04 | P2: =(G2*$T$2)/$S$2 -> 835869.48 | Q2: =(H2*$T$2)/$S$2 -> 894205.33 | S2: 0.0939 | T2: 907200 | U2: 10.19
A3: 6 | B3: New Mexico | C3: NM-Cibola | D3: SO2 | E3: 1.0982745 | F3: 1.08839 | G3: 1.1015693 | H3: 1.1784485 | I3: Line Haul Locomotives: Class I Operations | N3: =(E3*$T$2)/$S$2 -> 10610805 | O3: =(F3*$T$2)/$S$2 -> 10515308 | P3: =(G3*$T$2)/$S$2 -> 10642638 | Q3: =(H3*$T$2)/$S$2 -> 11385394
A4: 6 | B4: New Mexico | C4: NM-Curry | D4: SO2 | E4: 0.79213586 | F4: 0.78500663 | G4: 0.79451226 | H4: 0.84996177 | I4: Line Haul Locomotives: Class I Operations | N4: =(E4*$T$2)/$S$2 -> 7653095.3 | O4: =(F4*$T$2)/$S$2 -> 7584217.4 | P4: =(G4*$T$2)/$S$2 -> 7676054.6 | Q4: =(H4*$T$2)/$S$2 -> 8211771.3 | S4: EMP Projections | AB4: Calendar Year | AC4: Total Diesel Consumption (gallons) | AD4: CO2 Emissions (MMT CO2)
A5: 6 | B5: New Mexico | C5: NM-De Baca | D5: SO2 | E5: 1.3474897 | F5: 1.3353622 | G5: 1.3515321 | H5: 1.4458564 | I5: Line Haul Locomotives: Class I Operations | N5: =(E5*$T$2)/$S$2 -> 13018558 | O5: =(F5*$T$2)/$S$2 -> 12901391 | P5: =(G5*$T$2)/$S$2 -> 13057614 | Q5: =(H5*$T$2)/$S$2 -> 13968913 | S5: 2022 | T5: =N47 -> 1.1849017e+08 | AA5: EMP Year | AB5: 2022 | AC5: =T5 -> 1.1849017e+08 | AD5: =((AC5*$U$2)/1000)/1000000 -> 1.2074148
A6: 6 | B6: New Mexico | C6: NM-Dona Ana | D6: SO2 | E6: 0.63816211 | F6: 0.63241865 | G6: 0.64007659 | H6: 0.68474794 | I6: Line Haul Locomotives: Class I Operations | N6: =(E6*$T$2)/$S$2 -> 6165502.3 | O6: =(F6*$T$2)/$S$2 -> 6110012.7 | P6: =(G6*$T$2)/$S$2 -> 6183998.8 | Q6: =(H6*$T$2)/$S$2 -> 6615583.9 | S6: 2026 | T6: =O47 -> 1.1748718e+08 | AA6: Interpolated Year | AB6: =AB5+1 -> 2023 | AC6: =AC5+(AC9-AC5)*(AB6-AB5)/(AB9-AB5) -> 1.1823942e+08 | AD6: =((AC6*$U$2)/1000)/1000000 -> 1.2048597
A7: 6 | B7: New Mexico | C7: NM-Eddy | D7: SO2 | E7: 0.045175125 | F7: 0.044768549 | G7: 0.04531065 | H7: 0.048472909 | I7: Line Haul Locomotives: Class I Operations | N7: =(E7*$T$2)/$S$2 -> 436452.33 | O7: =(F7*$T$2)/$S$2 -> 432524.25 | P7: =(G7*$T$2)/$S$2 -> 437761.68 | Q7: =(H7*$T$2)/$S$2 -> 468313.35 | S7: 2032 | T7: =P47 -> 1.1890382e+08 | AA7: Interpolated Year | AB7: =AB6+1 -> 2024 | AC7: =AC5+(AC9-AC5)*(AB7-AB5)/(AB9-AB5) -> 1.1798868e+08 | AD7: =((AC7*$U$2)/1000)/1000000 -> 1.2023046
A8: 6 | B8: New Mexico | C8: NM-Grant | D8: SO2 | E8: 0.16194897 | F8: 0.16049143 | G8: 0.16243482 | H8: 0.17377125 | I8: Line Haul Locomotives: Class I Operations | N8: =(E8*$T$2)/$S$2 -> 1564644.4 | O8: =(F8*$T$2)/$S$2 -> 1550562.6 | P8: =(G8*$T$2)/$S$2 -> 1569338.3 | Q8: =(H8*$T$2)/$S$2 -> 1678863.4 | S8: 2038 | T8: =Q47 -> 1.2711127e+08 | AA8: Interpolated Year | AB8: =AB7+1 -> 2025 | AC8: =AC5+(AC9-AC5)*(AB8-AB5)/(AB9-AB5) -> 1.1773793e+08 | AD8: =((AC8*$U$2)/1000)/1000000 -> 1.1997495
A9: 6 | B9: New Mexico | C9: NM-Guadalupe | D9: SO2 | E9: 0.92105659 | F9: 0.91276708 | G9: 0.92381976 | H9: 0.98829372 | I9: Line Haul Locomotives: Class I Operations | N9: =(E9*$T$2)/$S$2 -> 8898642.6 | O9: =(F9*$T$2)/$S$2 -> 8818554.8 | P9: =(G9*$T$2)/$S$2 -> 8925338.5 | Q9: =(H9*$T$2)/$S$2 -> 9548243.5 | AA9: EMP Year | AB9: =AB8+1 -> 2026 | AC9: =T6 -> 1.1748718e+08 | AD9: =((AC9*$U$2)/1000)/1000000 -> 1.1971944
A10: 6 | B10: New Mexico | C10: NM-Hidalgo | D10: SO2 | E10: 0.33379414 | F10: 0.33078999 | G10: 0.33479552 | H10: 0.35816111 | I10: Line Haul Locomotives: Class I Operations | N10: =(E10*$T$2)/$S$2 -> 3224899.3 | O10: =(F10*$T$2)/$S$2 -> 3195875.2 | P10: =(G10*$T$2)/$S$2 -> 3234574 | Q10: =(H10*$T$2)/$S$2 -> 3460316.9
A11: 6 | B11: New Mexico | C11: NM-Lincoln | D11: SO2 | E11: 0.2593264 | F11: 0.25699246 | G11: 0.26010438 | H11: 0.27825723 | I11: Line Haul Locomotives: Class I Operations | N11: =(E11*$T$2)/$S$2 -> 2505441 | O11: =(F11*$T$2)/$S$2 -> 2482892.1 | P11: =(G11*$T$2)/$S$2 -> 2512957.3 | Q11: =(H11*$T$2)/$S$2 -> 2688338.2
A12: 6 | B12: New Mexico | C12: NM-Luna | D12: SO2 | E12: 0.47023124 | F12: 0.46599916 | G12: 0.47164193 | H12: 0.50455812 | I12: Line Haul Locomotives: Class I Operations | N12: =(E12*$T$2)/$S$2 -> 4543064.8 | O12: =(F12*$T$2)/$S$2 -> 4502177.2 | P12: =(G12*$T$2)/$S$2 -> 4556694 | Q12: =(H12*$T$2)/$S$2 -> 4874708.5
A13: 6 | B13: New Mexico | C13: NM-McKinley | D13: SO2 | E13: 1.6901059 | F13: 1.6748949 | G13: 1.6951762 | H13: 1.8134836 | I13: Line Haul Locomotives: Class I Operations | N13: =(E13*$T$2)/$S$2 -> 16328691 | O13: =(F13*$T$2)/$S$2 -> 16181732 | P13: =(G13*$T$2)/$S$2 -> 16377677 | Q13: =(H13*$T$2)/$S$2 -> 17520685
A14: 6 | B14: New Mexico | C14: NM-Otero | D14: SO2 | E14: 0.35589525 | F14: 0.35269219 | G14: 0.35696293 | H14: 0.3818756 | I14: Line Haul Locomotives: Class I Operations | N14: =(E14*$T$2)/$S$2 -> 3438425.6 | O14: =(F14*$T$2)/$S$2 -> 3407479.8 | P14: =(G14*$T$2)/$S$2 -> 3448740.9 | Q14: =(H14*$T$2)/$S$2 -> 3689430.7
A15: 6 | B15: New Mexico | C15: NM-Quay | D15: SO2 | E15: 0.26253895 | F15: 0.2601761 | G15: 0.26332657 | H15: 0.2817043 | I15: Line Haul Locomotives: Class I Operations | N15: =(E15*$T$2)/$S$2 -> 2536478.6 | O15: =(F15*$T$2)/$S$2 -> 2513650.3 | P15: =(G15*$T$2)/$S$2 -> 2544088 | Q15: =(H15*$T$2)/$S$2 -> 2721641.5
A16: 6 | B16: New Mexico | C16: NM-Roosevelt | D16: SO2 | E16: 0.29149877 | F16: 0.28887528 | G16: 0.29237327 | H16: 0.31277818 | I16: Line Haul Locomotives: Class I Operations | N16: =(E16*$T$2)/$S$2 -> 2816269.3 | O16: =(F16*$T$2)/$S$2 -> 2790922.9 | P16: =(G16*$T$2)/$S$2 -> 2824718.1 | Q16: =(H16*$T$2)/$S$2 -> 3021856.9
A17: 6 | B17: New Mexico | C17: NM-Sierra | D17: SO2 | E17: 0.082789142 | F17: 0.08204404 | G17: 0.083037509 | H17: 0.088832749 | I17: Line Haul Locomotives: Class I Operations | N17: =(E17*$T$2)/$S$2 -> 799854.2 | O17: =(F17*$T$2)/$S$2 -> 792655.51 | P17: =(G17*$T$2)/$S$2 -> 802253.77 | Q17: =(H17*$T$2)/$S$2 -> 858243.56
A18: 6 | B18: New Mexico | C18: NM-Socorro | D18: SO2 | E18: 0.32062418 | F18: 0.31773856 | G18: 0.32158605 | H18: 0.34402974 | I18: Line Haul Locomotives: Class I Operations | N18: =(E18*$T$2)/$S$2 -> 3097659.8 | O18: =(F18*$T$2)/$S$2 -> 3069780.8 | P18: =(G18*$T$2)/$S$2 -> 3106952.8 | Q18: =(H18*$T$2)/$S$2 -> 3323788.9
A19: 6 | B19: New Mexico | C19: NM-Torrance | D19: SO2 | E19: 1.5144202 | F19: 1.5007904 | G19: 1.5189634 | H19: 1.6249728 | I19: Line Haul Locomotives: Class I Operations | N19: =(E19*$T$2)/$S$2 -> 14631331 | O19: =(F19*$T$2)/$S$2 -> 14499649 | P19: =(G19*$T$2)/$S$2 -> 14675225 | Q19: =(H19*$T$2)/$S$2 -> 15699418
A20: 6 | B20: New Mexico | C20: NM-Union | D20: SO2 | E20: 0.12372115 | F20: 0.12260766 | G20: 0.12409231 | H20: 0.1327528 | I20: Line Haul Locomotives: Class I Operations | N20: =(E20*$T$2)/$S$2 -> 1195312.3 | O20: =(F20*$T$2)/$S$2 -> 1184554.5 | P20: =(G20*$T$2)/$S$2 -> 1198898.3 | Q20: =(H20*$T$2)/$S$2 -> 1282570.1
A21: 6 | B21: New Mexico | C21: NM-Valencia | D21: SO2 | E21: 1.1284625 | F21: 1.1183064 | G21: 1.1318479 | H21: 1.2108403 | I21: Line Haul Locomotives: Class I Operations | N21: =(E21*$T$2)/$S$2 -> 10902462 | O21: =(F21*$T$2)/$S$2 -> 10804340 | P21: =(G21*$T$2)/$S$2 -> 10935170 | Q21: =(H21*$T$2)/$S$2 -> 11698342
... A45: 6 | B45: New Mexico | C45: NM-Valencia | D45: SO2 | E45: 0.050056082 | F45: 0.048003783 | G45: 0.0465021 | H45: 0.04765339 | I45: Yard Locomotives | N45: =(E45*$T$2)/$S$2 -> 483608.92 | O45: =(F45*$T$2)/$S$2 -> 463780.95 | P45: =(G45*$T$2)/$S$2 -> 449272.69 | Q45: =(H45*$T$2)/$S$2 -> 460395.69
L47: Total | N47: =SUM(N2:N45) -> 1.1849017e+08 | O47: =SUM(O2:O45) -> 1.1748718e+08 | P47: =SUM(P2:P45) -> 1.1890382e+08 | Q47: =SUM(Q2:Q45) -> 1.2711127e+08

Sheet Electricity Generation
A1: Electricity Generation
A3: Annual Emissions
A5: Total | H5: Excluded | N5: Included
A6: Primary Fuel | B6: Fossil CO2 [MTCO2] | C6: CH4 [MTCH4] | D6: N2O [MTN2O] | E6: CO2e [MTCO2e] | F6: Biomass CO2 [MTCO2(b)] | H6: Fossil CO2 [MTCO2] | I6: CH4 [MTCH4] | J6: N2O [MTN2O] | K6: CO2e [MTCO2e] | L6: Biomass CO2 [MTCO2(b)] | N6: Fossil CO2 [MTCO2] | O6: CH4 [MTCH4] | P6: N2O [MTN2O] | Q6: CO2e [MTCO2e] | R6: Biomass CO2 [MTCO2(b)]
A7: Biomass | B7: =SUMIF($Z$44:$Z$183,$A7,AU$44:AU$183)*$B$18 -> 3862.4209 | C7: =SUMIF($Z$44:$Z$183,$A7,AV$44:AV$183)/2000*$B$18 -> 0.22121978 | D7: =SUMIF($Z$44:$Z$183,$A7,AW$44:AW$183)/2000*$B$18 -> 0.022131232 | E7: =SUMIF($Z$44:$Z$183,$A7,AX$44:AX$183)*$B$18 -> 3874.4801 | F7: =SUMIF($Z$44:$Z$183,$A7,CW$44:CW$183)*$B$18 -> 7953.4379 | H7: 0 | I7: 0 | J7: 0 | K7: 0 | L7: 0 | N7: =B7-H7 -> 3862.4209 | O7: =C7-I7 -> 0.22121978 | P7: =D7-J7 -> 0.022131232 | Q7: =E7-K7 -> 3874.4801 | R7: =F7-L7 -> 7953.4379 | S7: Biomass
A8: Coal | B8: =SUMIF($Z$44:$Z$183,$A8,AU$44:AU$183)*$B$18 -> 7123896.9 | C8: =SUMIF($Z$44:$Z$183,$A8,AV$44:AV$183)/2000*$B$18 -> 811.95881 | D8: =SUMIF($Z$44:$Z$183,$A8,AW$44:AW$183)/2000*$B$18 -> 118.07409 | E8: =SUMIF($Z$44:$Z$183,$A8,AX$44:AX$183)*$B$18 -> 7177921.4 | F8: =SUMIF($Z$44:$Z$183,$A8,CW$44:CW$183)*$B$18 -> 0 | H8: =AU44*$B$18 -> 7123896.9 | I8: =AV44/2000*$B$18 -> 811.95881 | J8: =AW44/2000*$B$18 -> 118.07409 | K8: =AX44*$B$18 -> 7177921.4 | L8: =CW44*$B$18 -> 0 | N8: =B8-H8 -> 0 | O8: =C8-I8 -> 0 | P8: =D8-J8 -> 0 | Q8: =E8-K8 -> 0 | R8: =F8-L8 -> 0 | S8: Coal
A9: Gas | B9: =SUMIF($Z$44:$Z$183,$A9,AU$44:AU$183)*$B$18 -> 6523261.8 | C9: =SUMIF($Z$44:$Z$183,$A9,AV$44:AV$183)/2000*$B$18 -> 123.29078 | D9: =SUMIF($Z$44:$Z$183,$A9,AW$44:AW$183)/2000*$B$18 -> 12.305029 | E9: =SUMIF($Z$44:$Z$183,$A9,AX$44:AX$183)*$B$18 -> 6529974.8 | F9: =SUMIF($Z$44:$Z$183,$A9,CW$44:CW$183)*$B$18 -> 0 | H9: 0 | I9: 0 | J9: 0 | K9: 0 | L9: 0 | N9: =B9-H9 -> 6523261.8 | O9: =C9-I9 -> 123.29078 | P9: =D9-J9 -> 12.305029 | Q9: =E9-K9 -> 6529974.8 | R9: =F9-L9 -> 0 | S9: Natural Gas
A10: Geothermal | B10: =SUMIF($Z$44:$Z$183,$A10,AU$44:AU$183)*$B$18 -> 0 | C10: =SUMIF($Z$44:$Z$183,$A10,AV$44:AV$183)/2000*$B$18 -> 0 | D10: =SUMIF($Z$44:$Z$183,$A10,AW$44:AW$183)/2000*$B$18 -> 0 | E10: =SUMIF($Z$44:$Z$183,$A10,AX$44:AX$183)*$B$18 -> 0 | F10: =SUMIF($Z$44:$Z$183,$A10,CW$44:CW$183)*$B$18 -> 0 | H10: 0 | I10: 0 | J10: 0 | K10: 0 | L10: 0 | N10: =B10-H10 -> 0 | O10: =C10-I10 -> 0 | P10: =D10-J10 -> 0 | Q10: =E10-K10 -> 0 | R10: =F10-L10 -> 0 | S10: Geothermal
A11: Hydro | B11: =SUMIF($Z$44:$Z$183,$A11,AU$44:AU$183)*$B$18 -> 0 | C11: =SUMIF($Z$44:$Z$183,$A11,AV$44:AV$183)/2000*$B$18 -> 0 | D11: =SUMIF($Z$44:$Z$183,$A11,AW$44:AW$183)/2000*$B$18 -> 0 | E11: =SUMIF($Z$44:$Z$183,$A11,AX$44:AX$183)*$B$18 -> 0 | F11: =SUMIF($Z$44:$Z$183,$A11,CW$44:CW$183)*$B$18 -> 0 | H11: 0 | I11: 0 | J11: 0 | K11: 0 | L11: 0 | N11: =B11-H11 -> 0 | O11: =C11-I11 -> 0 | P11: =D11-J11 -> 0 | Q11: =E11-K11 -> 0 | R11: =F11-L11 -> 0 | S11: Hydro
A12: Oil | B12: =SUMIF($Z$44:$Z$183,$A12,AU$44:AU$183)*$B$18 -> 64580.591 | C12: =SUMIF($Z$44:$Z$183,$A12,AV$44:AV$183)/2000*$B$18 -> 2.6151898 | D12: =SUMIF($Z$44:$Z$183,$A12,AW$44:AW$183)/2000*$B$18 -> 0.52303797 | E12: =SUMIF($Z$44:$Z$183,$A12,AX$44:AX$183)*$B$18 -> 64792.421 | F12: =SUMIF($Z$44:$Z$183,$A12,CW$44:CW$183)*$B$18 -> 0 | H12: 0 | I12: 0 | J12: 0 | K12: 0 | L12: 0 | N12: =B12-H12 -> 64580.591 | O12: =C12-I12 -> 2.6151898 | P12: =D12-J12 -> 0.52303797 | Q12: =E12-K12 -> 64792.421 | R12: =F12-L12 -> 0 | S12: Oil
A13: OthF | B13: =SUMIF($Z$44:$Z$183,$A13,AU$44:AU$183)*$B$18 -> 0 | C13: =SUMIF($Z$44:$Z$183,$A13,AV$44:AV$183)/2000*$B$18 -> 0 | D13: =SUMIF($Z$44:$Z$183,$A13,AW$44:AW$183)/2000*$B$18 -> 0 | E13: =SUMIF($Z$44:$Z$183,$A13,AX$44:AX$183)*$B$18 -> 0 | F13: =SUMIF($Z$44:$Z$183,$A13,CW$44:CW$183)*$B$18 -> 0 | H13: 0 | I13: 0 | J13: 0 | K13: 0 | L13: 0 | N13: =B13-H13 -> 0 | O13: =C13-I13 -> 0 | P13: =D13-J13 -> 0 | Q13: =E13-K13 -> 0 | R13: =F13-L13 -> 0 | S13: Other
A14: Solar | B14: =SUMIF($Z$44:$Z$183,$A14,AU$44:AU$183)*$B$18 -> 0 | C14: =SUMIF($Z$44:$Z$183,$A14,AV$44:AV$183)/2000*$B$18 -> 0 | D14: =SUMIF($Z$44:$Z$183,$A14,AW$44:AW$183)/2000*$B$18 -> 0 | E14: =SUMIF($Z$44:$Z$183,$A14,AX$44:AX$183)*$B$18 -> 0 | F14: =SUMIF($Z$44:$Z$183,$A14,CW$44:CW$183)*$B$18 -> 0 | H14: 0 | I14: 0 | J14: 0 | K14: 0 | L14: 0 | N14: =B14-H14 -> 0 | O14: =C14-I14 -> 0 | P14: =D14-J14 -> 0 | Q14: =E14-K14 -> 0 | R14: =F14-L14 -> 0 | S14: Solar
A15: Wind | B15: =SUMIF($Z$44:$Z$183,$A15,AU$44:AU$183)*$B$18 -> 0 | C15: =SUMIF($Z$44:$Z$183,$A15,AV$44:AV$183)/2000*$B$18 -> 0 | D15: =SUMIF($Z$44:$Z$183,$A15,AW$44:AW$183)/2000*$B$18 -> 0 | E15: =SUMIF($Z$44:$Z$183,$A15,AX$44:AX$183)*$B$18 -> 0 | F15: =SUMIF($Z$44:$Z$183,$A15,CW$44:CW$183)*$B$18 -> 0 | H15: 0 | I15: 0 | J15: 0 | K15: 0 | L15: 0 | N15: =B15-H15 -> 0 | O15: =C15-I15 -> 0 | P15: =D15-J15 -> 0 | Q15: =E15-K15 -> 0 | R15: =F15-L15 -> 0 | S15: Wind
A16: Total | B16: =SUM(B7:B15) -> 13715602 | C16: =SUM(C7:C15) -> 938.08599 | D16: =SUM(D7:D15) -> 130.92428 | E16: =SUM(E7:E15) -> 13776563 | F16: =SUM(F7:F15) -> 7953.4379 | H16: =SUM(H7:H15) -> 7123896.9 | I16: =SUM(I7:I15) -> 811.95881 | J16: =SUM(J7:J15) -> 118.07409 | K16: =SUM(K7:K15) -> 7177921.4 | L16: =SUM(L7:L15) -> 0 | N16: =B16-H16 -> 6591704.8 | O16: =C16-I16 -> 126.12719 | P16: =D16-J16 -> 12.850198 | Q16: =E16-K16 -> 6598641.7 | R16: =F16-L16 -> 7953.4379
A18: 1 short ton = | B18: 0.907185 | C18: metric ton
A21: Annual Net Generation
A23: Total | E23: Excluded | H23: Included | K23: Data for Chart:
A24: Primary Fuel | B24: [MWh] | C24: [%] | E24: [MWh] | F24: [%] | H24: [MWh] | I24: [%] | K24: Fuel | L24: MWh
A25: Biomass | B25: =SUMIF(Z$44:Z$183,A25,AO$44:AO$183) -> 20036.1 | C25: =B25/B$34 -> 0.0005103587 | E25: 0 | F25: =E25/E$34 -> 0 | H25: =B25-E25 -> 20036.1 | I25: =H25/H$34 -> 0.00062959191 | K25: Natural Gas | L25: =H27 -> 14161265
A26: Coal | B26: =SUMIF(Z$44:Z$183,A26,AO$44:AO$183) -> 7434911 | C26: =B26/B$34 -> 0.18938174 | E26: =AO44 -> 7434911 | F26: =E26/E$34 -> 1 | H26: =B26-E26 -> 0 | I26: =H26/H$34 -> 0 | K26: Wind | L26: =H33 -> 14914316
A27: Gas | B27: =SUMIF(Z$44:Z$183,A27,AO$44:AO$183) -> 14161265 | C27: =B27/B$34 -> 0.36071515 | E27: 0 | F27: =E27/E$34 -> 0 | H27: =B27-E27 -> 14161265 | I27: =H27/H$34 -> 0.44498769 | K27: Solar | L27: =H32 -> 2434562.7
A28: Geothermal | B28: =SUMIF(Z$44:Z$183,A28,AO$44:AO$183) -> 35857.999 | C28: =B28/B$34 -> 0.00091337344 | E28: 0 | F28: =E28/E$34 -> 0 | H28: =B28-E28 -> 35857.999 | I28: =H28/H$34 -> 0.0011267615 | K28: Other | L28: =SUM(H25,H28,H29,H30,H31) -> 313804.1
A29: Hydro | B29: =SUMIF(Z$44:Z$183,A29,AO$44:AO$183) -> 107792 | C29: =B29/B$34 -> 0.0027456733 | E29: 0 | F29: =E29/E$34 -> 0 | H29: =B29-E29 -> 107792 | I29: =H29/H$34 -> 0.0033871347
A30: Oil | B30: =SUMIF(Z$44:Z$183,A30,AO$44:AO$183) -> 858 | C30: =B30/B$34 -> 2.185494e-05 | E30: 0 | F30: =E30/E$34 -> 0 | H30: =B30-E30 -> 858 | I30: =H30/H$34 -> 2.6960829e-05
A31: OthF | B31: =SUMIF(Z$44:Z$183,A31,AO$44:AO$183) -> 149260 | C31: =B31/B$34 -> 0.0038019444 | E31: 0 | F31: =E31/E$34 -> 0 | H31: =B31-E31 -> 149260 | I31: =H31/H$34 -> 0.0046901786
A32: Solar | B32: =SUMIF(Z$44:Z$183,A32,AO$44:AO$183) -> 2434562.7 | C32: =B32/B$34 -> 0.062013078 | E32: 0 | F32: =E32/E$34 -> 0 | H32: =B32-E32 -> 2434562.7 | I32: =H32/H$34 -> 0.076500963
A33: Wind | B33: =SUMIF(Z$44:Z$183,A33,AO$44:AO$183) -> 14914316 | C33: =B33/B$34 -> 0.37989683 | E33: 0 | F33: =E33/E$34 -> 0 | H33: =B33-E33 -> 14914316 | I33: =H33/H$34 -> 0.46865072
A34: Total | B34: =SUM(B25:B33) -> 39258859 | C34: =B34/B$34 -> 1 | E34: =SUM(E25:E33) -> 7434911 | F34: =E34/E$34 -> 1 | H34: =SUM(H25:H33) -> 31823948 | I34: =H34/H$34 -> 1
A37: eGRID 2023 Detailed Data
A38: Source: eGRID with 2023 Data
A39: Revision 2 Released: 6/12/2025
A40: https://www.epa.gov/egrid/detailed-data
A41: PLNT23, Plant state abbreviation = 'NM'
A43: Plant file sequence number | B43: Data Year | C43: Plant state abbreviation | D43: Plant name | E43: DOE/EIA ORIS plant or facility code | F43: Plant transmission or distribution system owner name | G43: Plant transmission or distribution system owner ID | H43: Utility name | I43: Utility ID | J43: Plant-level sector | K43: Balancing Authority Name | L43: Balancing Authority Code | M43: NERC region acronym | N43: eGRID subregion acronym | O43: eGRID subregion name | P43: Plant associated ISO/RTO Territory | Q43: Plant FIPS state code | R43: Plant FIPS county code | S43: Plant county name | T43: Plant latitude | U43: Plant longitude | V43: CAPD Program Flag | W43: Number of units | X43: Number of generators | Y43: Plant primary fuel | Z43: Plant primary fuel category | AA43: Flag indicating if the plant burned or generated any amount of coal | AB43: Plant capacity factor | AC43: Plant nameplate capacity (MW) | AD43: Nonbaseload Factor | AE43: Biogas/ biomass plant adjustment flag | AF43: Combined heat and power (CHP) plant adjustment flag | AG43: CHP plant useful thermal output (MMBtu) | AH43: CHP plant power to heat ratio | AI43: CHP plant electric allocation factor | AJ43: Plant pumped storage flag | AK43: Plant annual heat input from combustion (MMBtu) | AL43: Plant ozone season heat input from combustion (MMBtu) | AM43: Plant total annual heat input (MMBtu) | AN43: Plant total ozone season heat input (MMBtu) | AO43: Plant annual net generation (MWh) | AP43: Plant ozone season net generation (MWh) | AQ43: Plant annual nonbaseload generation (MWh) | AR43: Plant annual NOx emissions (tons) | AS43: Plant ozone season NOx emissions (tons) | AT43: Plant annual SO2 emissions (tons) | AU43: Plant annual CO2 emissions (tons) | AV43: Plant annual CH4 emissions (lbs) | AW43: Plant annual N2O emissions (lbs) | AX43: Plant annual CO2 equivalent emissions (tons) | AY43: Plant annual Hg emissions (lbs) | AZ43: Plant annual NOx total output emission rate (lb/MWh) | BA43: Plant ozone season NOx total output emission rate (lb/MWh) | BB43: Plant annual SO2 total output emission rate (lb/MWh) | BC43: Plant annual CO2 total output emission rate (lb/MWh) | BD43: Plant annual CH4 total output emission rate (lb/MWh) | BE43: Plant annual N2O total output emission rate (lb/MWh) | BF43: Plant annual CO2 equivalent total output emission rate (lb/MWh) | BG43: Plant annual Hg total output emission rate (lb/MWh) | BH43: Plant annual NOx input emission rate (lb/MMBtu) | BI43: Plant ozone season NOx input emission rate (lb/MMBtu) | BJ43: Plant annual SO2 input emission rate (lb/MMBtu) | BK43: Plant annual CO2 input emission rate (lb/MMBtu) | BL43: Plant annual CH4 input emission rate (lb/MMBtu) | BM43: Plant annual N2O input emission rate (lb/MMBtu) | BN43: Plant annual CO2 equivalent input emission rate (lb/MMBtu) | BO43: Plant annual Hg input emission rate (lb/MMBtu) | BP43: Plant annual NOx combustion output emission rate (lb/MWh) | BQ43: Plant ozone season NOx combustion output emission rate (lb/MWh) | BR43: Plant annual SO2 combustion output emission rate (lb/MWh) | BS43: Plant annual CO2 combustion output emission rate (lb/MWh) | BT43: Plant annual CH4 combustion output emission rate (lb/MWh) | BU43: Plant annual N2O combustion output emission rate (lb/MWh) | BV43: Plant annual CO2 equivalent combustion output emission rate (lb/MWh) | BW43: Plant annual Hg combustion output emission rate (lb/MWh) | BX43: Plant unadjusted annual NOx emissions (tons) | BY43: Plant unadjusted ozone season NOx emissions (tons) | BZ43: Plant unadjusted annual SO2 emissions (tons) | CA43: Plant unadjusted annual CO2 emissions (tons) | CB43: Plant unadjusted annual CH4 emissions (lbs) | CC43: Plant unadjusted annual N2O emissions (lbs) | CD43: Plant unadjusted annual CO2 equivalent emissions (tons) | CE43: Plant unadjusted annual Hg emissions (lbs) | CF43: Plant unadjusted annual heat input from combustion (MMBtu) | CG43: Plant unadjusted ozone season heat input from combustion (MMBtu) | CH43: Plant unadjusted total annual heat input (MMBtu) | CI43: Plant unadjusted total ozone season heat input (MMBtu) | CJ43: Plant unadjusted annual NOx emissions source | CK43: Plant unadjusted ozone season NOx emissions source | CL43: Plant unadjusted annual SO2 emissions source | CM43: Plant unadjusted annual CO2 emissions source | CN43: Plant unadjusted annual CH4 emissions source | CO43: Plant unadjusted annual N2O emissions source | CP43: Plant unadjusted annual CO2 equivalent emissions source | CQ43: Plant unadjusted annual Hg emissions source | CR43: Plant unadjusted annual heat input source | CS43: Plant unadjusted ozone season heat input source | CT43: Plant annual NOx biomass emissions (tons) | CU43: Plant ozone season NOx biomass emissions (tons) | CV43: Plant annual SO2 biomass emissions (tons) | CW43: Plant annual CO2 biomass emissions (tons) | CX43: Plant annual CH4 biomass emissions (lbs) | CY43: Plant annual N2O biomass emissions (lbs) | CZ43: Plant annual CO2 equivalent biomass emissions (tons) | DA43: Plant combustion heat input CHP adjustment value (MMBtu) | DB43: Plant combustion annual ozone season heat input CHP adjustment value (MMBtu) | DC43: Plant annual NOx emissions CHP adjustment value (tons) | DD43: Plant ozone season NOx emissions CHP adjustment value (tons) | DE43: Plant annual SO2 emissions CHP adjustment value (tons) | DF43: Plant annual CO2 emissions CHP adjustment value (tons) | DG43: Plant annual CH4 emissions CHP adjustment value (lbs) | DH43: Plant annual N2O emissions CHP adjustment value (lbs) | DI43: Plant annual CO2 equivalent emissions CHP adjustement value (tons) | DJ43: Plant nominal heat rate (Btu/kWh) | DK43: Plant annual coal net generation (MWh) | DL43: Plant annual oil net generation (MWh) | DM43: Plant annual gas net generation (MWh) | DN43: Plant annual nuclear net generation (MWh) | DO43: Plant annual hydro net generation (MWh) | DP43: Plant annual biomass net generation (MWh) | DQ43: Plant annual wind net generation (MWh) | DR43: Plant annual solar net generation (MWh) | DS43: Plant annual geothermal net generation (MWh) | DT43: Plant annual other fossil net generation (MWh) | DU43: Plant annual other unknown/ purchased fuel net generation (MWh) | DV43: Plant annual total nonrenewables net generation (MWh) | DW43: Plant annual total renewables net generation (MWh) | DX43: Plant annual total renewables other unknown/purchased net generation (MWh) | DY43: Plant annual total nonhydro renewables net generation (MWh) | DZ43: Plant annual total combustion net generation (MWh) | EA43: Plant annual total noncombustion net generation (MWh) | EB43: Plant annual total noncombustion other unknown/purchased net generation (MWh) | EC43: Plant coal generation percent (resource mix) | ED43: Plant oil generation percent (resource mix) | EE43: Plant gas generation percent (resource mix) | EF43: Plant nuclear generation percent (resource mix) | EG43: Plant hydro generation percent (resource mix) | EH43: Plant biomass generation percent (resource mix) | EI43: Plant wind generation percent (resource mix) | EJ43: Plant solar generation percent (resource mix) | EK43: Plant geothermal generation percent (resource mix) | EL43: Plant other fossil generation percent (resource mix) | EM43: Plant other unknown / purchased fuel generation percent (resource mix) | EN43: Plant total nonrenewables generation percent (resource mix) | EO43: Plant total renewables generation percent (resource mix) | EP43: Plant total nonrenewables other unknown/purchased generation percent (resource mix) | EQ43: Plant total nonhydro renewables generation percent (resource mix) | ER43: Plant total combustion generation percent (resource mix) | ES43: Plant total noncombustion generation percent (resource mix) | ET43: Plant total noncombustion other unknown/purchased generation percent (resource mix)
A44: 8421 | B44: 2023 | C44: NM | D44: Four Corners Steam Elec Station | E44: 2442 | F44: Arizona Public Service Co | G44: 803 | H44: Arizona Public Service Co | I44: 803 | J44: Electric Utility | K44: Arizona Public Service Company | L44: AZPS | M44: WECC | N44: AZNM | O44: WECC Southwest | Q44: 35 | R44: 045 | S44: San Juan | T44: 36.69 | U44: -108.4814 | V44: Yes | W44: 2 | X44: 2 | Y44: BIT | Z44: COAL | AA44: Yes | AB44: 0.51872 | AC44: 1636.2 | AD44: 0.46879545 | AK44: 76537501 | AL44: 41974480 | AM44: 76537501 | AN44: 41974480 | AO44: 7434911 | AP44: 4085869 | AQ44: 3485452.4 | AR44: 2608.061 | AS44: 1442.648 | AT44: 1813.397 | AU44: 7852749.9 | AV44: 1790062.2 | AW44: 260308.73 | AX44: 7912301.7 | AZ44: 0.702 | BA44: 0.706 | BB44: 0.488 | BC44: 2112.399 | BD44: 0.241 | BE44: 0.035 | BF44: 2128.419 | BH44: 0.068 | BI44: 0.069 | BJ44: 0.047 | BK44: 205.2 | BL44: 0.023 | BM44: 0.003 | BN44: 206.756 | BP44: 0.702 | BQ44: 0.706 | BR44: 0.488 | BS44: 2112.399 | BT44: 0.241 | BU44: 0.035 | BV44: 2128.419 | BX44: 2608.061 | BY44: 1442.648 | BZ44: 1813.397 | CA44: 7852749.9 | CB44: 1790062.2 | CC44: 260308.73 | CD44: 7912301.7 | CF44: 76537501 | CG44: 41974480 | CH44: 76537501 | CI44: 41974480 | CJ44: EPA/CAPD | CK44: EPA/CAPD | CL44: EPA/CAPD | CM44: EPA/CAPD | CN44: EIA | CO44: EIA | CP44: Calculated | CQ44: -- | CR44: EPA/CAPD | CS44: EPA/CAPD | DJ44: 10294.34 | DK44: 7371813.3 | DL44: 0 | DM44: 63097.684 | DN44: 0 | DO44: 0 | DP44: 0 | DQ44: 0 | DR44: 0 | DS44: 0 | DT44: 0 | DU44: 0 | DV44: 7434911 | DW44: 0 | DX44: 0 | DY44: 0 | DZ44: 7434911 | EA44: 0 | EB44: 0 | EC44: 0.99151332 | ED44: 0 | EE44: 0.0084866765 | EF44: 0 | EG44: 0 | EH44: 0 | EI44: 0 | EJ44: 0 | EK44: 0 | EL44: 0 | EM44: 0 | EN44: 1 | EO44: 0 | EP44: 0 | EQ44: 0 | ER44: 1 | ES44: 0 | ET44: 0
A45: 8429 | B45: 2023 | C45: NM | D45: Hobbs Generating Station | E45: 56458 | F45: Southwestern Public Service Co | G45: 17718 | H45: Lea Power Partners LLC | I45: 54874 | J45: IPP Non-CHP | K45: Southwest Power Pool | L45: SWPP | M45: MRO | N45: SPSO | O45: SPP South | Q45: 35 | R45: 025 | S45: Lea | T45: 32.728333 | U45: -103.30944 | V45: Yes | W45: 2 | X45: 4 | Y45: NG | Z45: GAS | AB45: 0.65781 | AC45: 681.5 | AD45: 0.23697642 | AK45: 29606791 | AL45: 13914699 | AM45: 29606791 | AN45: 13914699 | AO45: 3927111 | AP45: 1833524 | AQ45: 930632.7 | AR45: 94.925 | AS45: 43.532 | AT45: 7.806 | AU45: 1759486.5 | AV45: 63861.89 | AW45: 6372.795 | AX45: 1761225 | AZ45: 0.048 | BA45: 0.047 | BB45: 0.004 | BC45: 896.072 | BD45: 0.016 | BE45: 0.002 | BF45: 896.957 | BH45: 0.006 | BI45: 0.006 | BJ45: 0.001 | BK45: 118.857 | BL45: 0.002 | BM45: 0 | BN45: 118.974 | BP45: 0.048 | BQ45: 0.047 | BR45: 0.004 | BS45: 896.072 | BT45: 0.016 | BU45: 0.002 | BV45: 896.957 | BX45: 94.925 | BY45: 43.532 | BZ45: 7.806 | CA45: 1759486.5 | CB45: 63861.89 | CC45: 6372.795 | CD45: 1761225 | CF45: 29606791 | CG45: 13914699 | CH45: 29606791 | CI45: 13914699 | CJ45: EPA/CAPD | CK45: EPA/CAPD | CL45: EPA/CAPD | CM45: EPA/CAPD | CN45: EIA | CO45: EIA | CP45: Calculated | CQ45: -- | CR45: EPA/CAPD | CS45: EPA/CAPD | DJ45: 7539.0766 | DK45: 0 | DL45: 0 | DM45: 3927111 | DN45: 0 | DO45: 0 | DP45: 0 | DQ45: 0 | DR45: 0 | DS45: 0 | DT45: 0 | DU45: 0 | DV45: 3927111 | DW45: 0 | DX45: 0 | DY45: 0 | DZ45: 3927111 | EA45: 0 | EB45: 0 | EC45: 0 | ED45: 0 | EE45: 1 | EF45: 0 | EG45: 0 | EH45: 0 | EI45: 0 | EJ45: 0 | EK45: 0 | EL45: 0 | EM45: 0 | EN45: 1 | EO45: 0 | EP45: 0 | EQ45: 0 | ER45: 1 | ES45: 0 | ET45: 0
A46: 8442 | B46: 2023 | C46: NM | D46: Luna Energy Facility | E46: 55343 | F46: El Paso Electric Co | G46: 5701 | H46: Public Service Co of NM | I46: 15473 | J46: Electric Utility | K46: Public Service Company of New Mexico | L46: PNM | M46: WECC | N46: AZNM | O46: WECC Southwest | Q46: 35 | R46: 029 | S46: Luna | T46: 32.299349 | U46: -107.7834 | V46: Yes | W46: 2 | X46: 3 | Y46: NG | Z46: GAS | AB46: 0.62808 | AC46: 650 | AD46: 0.28653407 | AK46: 25023978 | AL46: 11882684 | AM46: 25023978 | AN46: 11882684 | AO46: 3576285 | AP46: 1734614 | AQ46: 1024727.5 | AR46: 130.977 | AS46: 63.07 | AT46: 7.517 | AU46: 1487142.1 | AV46: 58531.394 | AW46: 5840.863 | AX46: 1488735.4 | AZ46: 0.073 | BA46: 0.073 | BB46: 0.004 | BC46: 831.669 | BD46: 0.016 | BE46: 0.002 | BF46: 832.56 | BH46: 0.01 | BI46: 0.011 | BJ46: 0.001 | BK46: 118.857 | BL46: 0.002 | BM46: 0 | BN46: 118.985 | BP46: 0.073 | BQ46: 0.073 | BR46: 0.004 | BS46: 831.669 | BT46: 0.016 | BU46: 0.002 | BV46: 832.56 | BX46: 130.977 | BY46: 63.07 | BZ46: 7.517 | CA46: 1487142.1 | CB46: 58531.394 | CC46: 5840.863 | CD46: 1488735.4 | CF46: 25023978 | CG46: 11882684 | CH46: 25023978 | CI46: 11882684 | CJ46: EPA/CAPD | CK46: EPA/CAPD | CL46: EPA/CAPD | CM46: EPA/CAPD | CN46: EIA | CO46: EIA | CP46: Calculated | CQ46: -- | CR46: EPA/CAPD | CS46: EPA/CAPD | DJ46: 6997.1992 | DK46: 0 | DL46: 0 | DM46: 3576285 | DN46: 0 | DO46: 0 | DP46: 0 | DQ46: 0 | DR46: 0 | DS46: 0 | DT46: 0 | DU46: 0 | DV46: 3576285 | DW46: 0 | DX46: 0 | DY46: 0 | DZ46: 3576285 | EA46: 0 | EB46: 0 | EC46: 0 | ED46: 0 | EE46: 1 | EF46: 0 | EG46: 0 | EH46: 0 | EI46: 0 | EJ46: 0 | EK46: 0 | EL46: 0 | EM46: 0 | EN46: 1 | EO46: 0 | EP46: 0 | EQ46: 0 | ER46: 1 | ES46: 0 | ET46: 0
A47: 8409 | B47: 2023 | C47: NM | D47: Cunningham | E47: 2454 | F47: Southwestern Public Service Co | G47: 17718 | H47: Southwestern Public Service Co | I47: 17718 | J47: Electric Utility | K47: Southwest Power Pool | L47: SWPP | M47: MRO | N47: SPSO | O47: SPP South | Q47: 35 | R47: 025 | S47: Lea | T47: 32.7131 | U47: -103.3533 | V47: Yes | W47: 4 | X47: 4 | Y47: NG | Z47: GAS | AB47: 0.28465 | AC47: 519.2 | AD47: 0.85892358 | AK47: 16052316 | AL47: 7093567.6 | AM47: 16052316 | AN47: 7093567.6 | AO47: 1294624 | AP47: 470950 | AQ47: 1111983.1 | AR47: 810.121 | AS47: 265.896 | AT47: 4.851 | AU47: 953967.99 | AV47: 31963.263 | AW47: 3189.622 | AX47: 954838.1 | AZ47: 1.252 | BA47: 1.129 | BB47: 0.007 | BC47: 1473.738 | BD47: 0.025 | BE47: 0.002 | BF47: 1475.082 | BH47: 0.101 | BI47: 0.075 | BJ47: 0.001 | BK47: 118.857 | BL47: 0.002 | BM47: 0 | BN47: 118.966 | BP47: 1.252 | BQ47: 1.129 | BR47: 0.007 | BS47: 1473.738 | BT47: 0.025 | BU47: 0.002 | BV47: 1475.082 | BX47: 810.121 | BY47: 265.896 | BZ47: 4.851 | CA47: 953967.99 | CB47: 31963.263 | CC47: 3189.622 | CD47: 954838.1 | CF47: 16052316 | CG47: 7093567.6 | CH47: 16052316 | CI47: 7093567.6 | CJ47: EPA/CAPD | CK47: EPA/CAPD | CL47: EPA/CAPD | CM47: EPA/CAPD | CN47: EIA | CO47: EIA | CP47: Calculated | CQ47: -- | CR47: EPA/CAPD | CS47: EPA/CAPD | DJ47: 12399.211 | DK47: 0 | DL47: 0 | DM47: 1294624 | DN47: 0 | DO47: 0 | DP47: 0 | DQ47: 0 | DR47: 0 | DS47: 0 | DT47: 0 | DU47: 0 | DV47: 1294624 | DW47: 0 | DX47: 0 | DY47: 0 | DZ47: 1294624 | EA47: 0 | EB47: 0 | EC47: 0 | ED47: 0 | EE47: 1 | EF47: 0 | EG47: 0 | EH47: 0 | EI47: 0 | EJ47: 0 | EK47: 0 | EL47: 0 | EM47: 0 | EN47: 1 | EO47: 0 | EP47: 0 | EQ47: 0 | ER47: 1 | ES47: 0 | ET47: 0
A48: 8372 | B48: 2023 | C48: NM | D48: Afton Generating Station | E48: 55210 | F48: El Paso Electric Co | G48: 5701 | H48: Public Service Co of NM | I48: 15473 | J48: Electric Utility | K48: Public Service Company of New Mexico | L48: PNM | M48: WECC | N48: AZNM | O48: WECC Southwest | Q48: 35 | R48: 013 | S48: Dona Ana | T48: 32.114185 | U48: -106.84648 | V48: Yes | W48: 1 | X48: 2 | Y48: NG | Z48: GAS | AB48: 0.57057 | AC48: 287 | AD48: 0.38238429 | AK48: 10627918 | AL48: 4389004.4 | AM48: 10627918 | AN48: 4389004.4 | AO48: 1434480 | AP48: 586412 | AQ48: 548522.62 | AR48: 83.366 | AS48: 33.606 | AT48: 3.183 | AU48: 631597.33 | AV48: 24021.252 | AW48: 2397.087 | AX48: 632251.24 | AZ48: 0.116 | BA48: 0.115 | BB48: 0.004 | BC48: 880.594 | BD48: 0.017 | BE48: 0.002 | BF48: 881.506 | BH48: 0.016 | BI48: 0.015 | BJ48: 0.001 | BK48: 118.856 | BL48: 0.002 | BM48: 0 | BN48: 118.979 | BP48: 0.116 | BQ48: 0.115 | BR48: 0.004 | BS48: 880.594 | BT48: 0.017 | BU48: 0.002 | BV48: 881.506 | BX48: 83.366 | BY48: 33.606 | BZ48: 3.183 | CA48: 631597.33 | CB48: 24021.252 | CC48: 2397.087 | CD48: 632251.24 | CF48: 10627918 | CG48: 4389004.4 | CH48: 10627918 | CI48: 4389004.4 | CJ48: EPA/CAPD | CK48: EPA/CAPD | CL48: EPA/CAPD | CM48: EPA/CAPD | CN48: EIA | CO48: EIA | CP48: Calculated | CQ48: -- | CR48: EPA/CAPD | CS48: EPA/CAPD | DJ48: 7408.8994 | DK48: 0 | DL48: 0 | DM48: 1434480 | DN48: 0 | DO48: 0 | DP48: 0 | DQ48: 0 | DR48: 0 | DS48: 0 | DT48: 0 | DU48: 0 | DV48: 1434480 | DW48: 0 | DX48: 0 | DY48: 0 | DZ48: 1434480 | EA48: 0 | EB48: 0 | EC48: 0 | ED48: 0 | EE48: 1 | EF48: 0 | EG48: 0 | EH48: 0 | EI48: 0 | EJ48: 0 | EK48: 0 | EL48: 0 | EM48: 0 | EN48: 1 | EO48: 0 | EP48: 0 | EQ48: 0 | ER48: 1 | ES48: 0 | ET48: 0
A49: 8469 | B49: 2023 | C49: NM | D49: Rio Grande | E49: 2444 | F49: El Paso Electric Co | G49: 5701 | H49: El Paso Electric Co | I49: 5701 | J49: Electric Utility | K49: El Paso Electric Company | L49: EPE | M49: WECC | N49: AZNM | O49: WECC Southwest | Q49: 35 | R49: 013 | S49: Dona Ana | T49: 31.8047 | U49: -106.5472 | V49: Yes | W49: 4 | X49: 4 | Y49: NG | Z49: GAS | AB49: 0.25653 | AC49: 398.3 | AD49: 0.90578089 | AK49: 9873518 | AL49: 5788492.6 | AM49: 9873518 | AN49: 5788492.6 | AO49: 895066 | AP49: 516909 | AQ49: 810733.67 | AR49: 969.343 | AS49: 541.265 | AT49: 1.348 | AU49: 586780.39 | AV49: 22083.408 | AW49: 2203.709 | AX49: 587381.55 | AZ49: 2.166 | BA49: 2.094 | BB49: 0.003 | BC49: 1311.144 | BD49: 0.025 | BE49: 0.002 | BF49: 1312.488 | BH49: 0.196 | BI49: 0.187 | BJ49: 0 | BK49: 118.859 | BL49: 0.002 | BM49: 0 | BN49: 118.981 | BP49: 2.166 | BQ49: 2.094 | BR49: 0.003 | BS49: 1311.144 | BT49: 0.025 | BU49: 0.002 | BV49: 1312.488 | BX49: 969.343 | BY49: 541.265 | BZ49: 1.348 | CA49: 586780.39 | CB49: 22083.408 | CC49: 2203.709 | CD49: 587381.55 | CF49: 9873518 | CG49: 5788492.6 | CH49: 9873518 | CI49: 5788492.6 | CJ49: EPA/CAPD | CK49: EPA/CAPD | CL49: EPA/CAPD | CM49: EPA/CAPD | CN49: EIA | CO49: EIA | CP49: Calculated | CQ49: -- | CR49: EPA/CAPD | CS49: EPA/CAPD | DJ49: 11031.05 | DK49: 0 | DL49: 0 | DM49: 895066 | DN49: 0 | DO49: 0 | DP49: 0 | DQ49: 0 | DR49: 0 | DS49: 0 | DT49: 0 | DU49: 0 | DV49: 895066 | DW49: 0 | DX49: 0 | DY49: 0 | DZ49: 895066 | EA49: 0 | EB49: 0 | EC49: 0 | ED49: 0 | EE49: 1 | EF49: 0 | EG49: 0 | EH49: 0 | EI49: 0 | EJ49: 0 | EK49: 0 | EL49: 0 | EM49: 0 | EN49: 1 | EO49: 0 | EP49: 0 | EQ49: 0 | ER49: 1 | ES49: 0 | ET49: 0
A50: 8466 | B50: 2023 | C50: NM | D50: Rio Bravo Generating Station | E50: 55039 | F50: Public Service Co of NM | G50: 15473 | H50: Public Service Co of NM | I50: 15473 | J50: Electric Utility | K50: Public Service Company of New Mexico | L50: PNM | M50: WECC | N50: AZNM | O50: WECC Southwest | Q50: 35 | R50: 001 | S50: Bernalillo | T50: 35.026 | U50: -106.644 | V50: Yes | W50: 1 | X50: 1 | Y50: NG | Z50: GAS | AB50: 0.4203 | AC50: 150 | AD50: 0.63282724 | AK50: 6408585.7 | AL50: 2939150 | AM50: 6408585.7 | AN50: 2939150 | AO50: 552279.01 | AP50: 253290.03 | AQ50: 349497.2 | AR50: 118.356 | AS50: 52.107 | AT50: 1.937 | AU50: 380916.69 | AV50: 14354.602 | AW50: 1434.481 | AX50: 381307.72 | AZ50: 0.429 | BA50: 0.411 | BB50: 0.007 | BC50: 1379.436 | BD50: 0.026 | BE50: 0.003 | BF50: 1380.852 | BH50: 0.037 | BI50: 0.035 | BJ50: 0.001 | BK50: 118.877 | BL50: 0.002 | BM50: 0 | BN50: 118.999 | BP50: 0.429 | BQ50: 0.411 | BR50: 0.007 | BS50: 1379.436 | BT50: 0.026 | BU50: 0.003 | BV50: 1380.852 | BX50: 118.356 | BY50: 52.107 | BZ50: 1.937 | CA50: 380916.69 | CB50: 14354.602 | CC50: 1434.481 | CD50: 381307.72 | CF50: 6408585.7 | CG50: 2939150 | CH50: 6408585.7 | CI50: 2939150 | CJ50: EPA/CAPD | CK50: EPA/CAPD | CL50: EPA/CAPD | CM50: EPA/CAPD | CN50: EIA | CO50: EIA | CP50: Calculated | CQ50: -- | CR50: EPA/CAPD | CS50: EPA/CAPD | DJ50: 11603.892 | DK50: 0 | DL50: 260.125 | DM50: 552018.88 | DN50: 0 | DO50: 0 | DP50: 0 | DQ50: 0 | DR50: 0 | DS50: 0 | DT50: 0 | DU50: 0 | DV50: 552279.01 | DW50: 0 | DX50: 0 | DY50: 0 | DZ50: 552279.01 | EA50: 0 | EB50: 0 | EC50: 0 | ED50: 0.00047100288 | EE50: 0.999529 | EF50: 0 | EG50: 0 | EH50: 0 | EI50: 0 | EJ50: 0 | EK50: 0 | EL50: 0 | EM50: 0 | EN50: 1 | EO50: 0 | EP50: 0 | EQ50: 0 | ER50: 1 | ES50: 0 | ET50: 0
A51: 8465 | B51: 2023 | C51: NM | D51: Reeves Generating Station | E51: 2450 | F51: Public Service Co of NM | G51: 15473 | H51: Public Service Co of NM | I51: 15473 | J51: Electric Utility | K51: Public Service Company of New Mexico | L51: PNM | M51: WECC | N51: AZNM | O51: WECC Southwest | Q51: 35 | R51: 001 | S51: Bernalillo | T51: 35.171 | U51: -106.6019 | V51: Yes | W51: 3 | X51: 3 | Y51: NG | Z51: GAS | AB51: 0.31178 | AC51: 154 | AD51: 0.81370332 | AK51: 5362913.2 | AL51: 2250290.2 | AM51: 5362913.2 | AN51: 2250290.2 | AO51: 420601 | AP51: 175172 | AQ51: 342244.43 | AR51: 649.305 | AS51: 267.682 | AT51: 1.617 | AU51: 318707.63 | AV51: 11944.712 | AW51: 1191.966 | AX51: 319032.79 | AZ51: 3.088 | BA51: 3.056 | BB51: 0.008 | BC51: 1515.487 | BD51: 0.028 | BE51: 0.003 | BF51: 1517.033 | BH51: 0.242 | BI51: 0.238 | BJ51: 0.001 | BK51: 118.856 | BL51: 0.002 | BM51: 0 | BN51: 118.977 | BP51: 3.088 | BQ51: 3.056 | BR51: 0.008 | BS51: 1515.487 | BT51: 0.028 | BU51: 0.003 | BV51: 1517.033 | BX51: 649.305 | BY51: 267.682 | BZ51: 1.617 | CA51: 318707.63 | CB51: 11944.712 | CC51: 1191.966 | CD51: 319032.79 | CF51: 5362913.2 | CG51: 2250290.2 | CH51: 5362913.2 | CI51: 2250290.2 | CJ51: EPA/CAPD | CK51: EPA/CAPD | CL51: EPA/CAPD | CM51: EPA/CAPD | CN51: EIA | CO51: EIA | CP51: Calculated | CQ51: -- | CR51: EPA/CAPD | CS51: EPA/CAPD | DJ51: 12750.595 | DK51: 0 | DL51: 0 | DM51: 420601 | DN51: 0 | DO51: 0 | DP51: 0 | DQ51: 0 | DR51: 0 | DS51: 0 | DT51: 0 | DU51: 0 | DV51: 420601 | DW51: 0 | DX51: 0 | DY51: 0 | DZ51: 420601 | EA51: 0 | EB51: 0 | EC51: 0 | ED51: 0 | EE51: 1 | EF51: 0 | EG51: 0 | EH51: 0 | EI51: 0 | EJ51: 0 | EK51: 0 | EL51: 0 | EM51: 0 | EN51: 1 | EO51: 0 | EP51: 0 | EQ51: 0 | ER51: 1 | ES51: 0 | ET51: 0
A52: 8445 | B52: 2023 | C52: NM | D52: Maddox | E52: 2446 | F52: Southwestern Public Service Co | G52: 17718 | H52: Southwestern Public Service Co | I52: 17718 | J52: Electric Utility | K52: Southwest Power Pool | L52: SWPP | M52: MRO | N52: SPSO | O52: SPP South | Q52: 35 | R52: 025 | S52: Lea | T52: 32.714224 | U52: -103.30147 | V52: Yes | W52: 1 | X52: 3 | Y52: NG | Z52: GAS | AB52: 0.37936 | AC52: 212 | AD52: 0.70106042 | AK52: 5144082 | AL52: 2211616.6 | AM52: 5144082 | AN52: 2211616.6 | AO52: 704524 | AP52: 328602 | AQ52: 493913.89 | AR52: 377.484 | AS52: 163.782 | AT52: 1.533 | AU52: 305706.22 | AV52: 18416.741 | AW52: 1837.811 | AX52: 306207.56 | AZ52: 1.072 | BA52: 0.997 | BB52: 0.004 | BC52: 867.838 | BD52: 0.026 | BE52: 0.003 | BF52: 869.261 | BH52: 0.147 | BI52: 0.148 | BJ52: 0.001 | BK52: 118.857 | BL52: 0.004 | BM52: 0 | BN52: 119.052 | BP52: 1.072 | BQ52: 0.997 | BR52: 0.004 | BS52: 867.838 | BT52: 0.026 | BU52: 0.003 | BV52: 869.261 | BX52: 377.484 | BY52: 163.782 | BZ52: 1.533 | CA52: 305706.22 | CB52: 18416.741 | CC52: 1837.811 | CD52: 306207.56 | CF52: 5144082 | CG52: 2211616.6 | CH52: 5144082 | CI52: 2211616.6 | CJ52: EPA/CAPD | CK52: EPA/CAPD | CL52: EPA/CAPD | CM52: EPA/CAPD | CN52: EIA | CO52: EIA | CP52: Calculated | CQ52: -- | CR52: EPA/CAPD | CS52: EPA/CAPD | DJ52: 7301.5 | DK52: 0 | DL52: 0 | DM52: 704524 | DN52: 0 | DO52: 0 | DP52: 0 | DQ52: 0 | DR52: 0 | DS52: 0 | DT52: 0 | DU52: 0 | DV52: 704524 | DW52: 0 | DX52: 0 | DY52: 0 | DZ52: 704524 | EA52: 0 | EB52: 0 | EC52: 0 | ED52: 0 | EE52: 1 | EF52: 0 | EG52: 0 | EH52: 0 | EI52: 0 | EJ52: 0 | EK52: 0 | EL52: 0 | EM52: 0 | EN52: 1 | EO52: 0 | EP52: 0 | EQ52: 0 | ER52: 1 | ES52: 0 | ET52: 0
A53: 8385 | B53: 2023 | C53: NM | D53: Bluffview Power Plant | E53: 55977 | F53: City of Farmington - (NM) | G53: 6204 | H53: City of Farmington - (NM) | I53: 6204 | J53: Electric Utility | K53: Western Area Power Administration - Rocky Mountain Region | L53: WACM | M53: WECC | N53: AZNM | O53: WECC Southwest | Q53: 35 | R53: 045 | S53: San Juan | T53: 36.716628 | U53: -108.21528 | V53: Yes | W53: 1 | X53: 2 | Y53: NG | Z53: GAS | AB53: 0.73027 | AC53: 67 | AD53: 0.11621118 | AK53: 3617472.9 | AL53: 1650890.9 | AM53: 3617472.9 | AN53: 1650890.9 | AO53: 428612 | AP53: 188982 | AQ53: 49809.507 | AR53: 81.795 | AS53: 37.732 | AT53: 1.024 | AU53: 214977.14 | AV53: 7580.913 | AW53: 756.501 | AX53: 215183.51 | AZ53: 0.382 | BA53: 0.399 | BB53: 0.005 | BC53: 1003.132 | BD53: 0.018 | BE53: 0.002 | BF53: 1004.095 | BH53: 0.045 | BI53: 0.046 | BJ53: 0.001 | BK53: 118.855 | BL53: 0.002 | BM53: 0 | BN53: 118.969 | BP53: 0.382 | BQ53: 0.399 | BR53: 0.005 | BS53: 1003.132 | BT53: 0.018 | BU53: 0.002 | BV53: 1004.095 | BX53: 81.795 | BY53: 37.732 | BZ53: 1.024 | CA53: 214977.14 | CB53: 7580.913 | CC53: 756.501 | CD53: 215183.51 | CF53: 3617472.9 | CG53: 1650890.9 | CH53: 3617472.9 | CI53: 1650890.9 | CJ53: EPA/CAPD | CK53: EPA/CAPD | CL53: EPA/CAPD | CM53: EPA/CAPD | CN53: EIA | CO53: EIA | CP53: Calculated | CQ53: -- | CR53: EPA/CAPD | CS53: EPA/CAPD | DJ53: 8439.971 | DK53: 0 | DL53: 0 | DM53: 428612 | DN53: 0 | DO53: 0 | DP53: 0 | DQ53: 0 | DR53: 0 | DS53: 0 | DT53: 0 | DU53: 0 | DV53: 428612 | DW53: 0 | DX53: 0 | DY53: 0 | DZ53: 428612 | EA53: 0 | EB53: 0 | EC53: 0 | ED53: 0 | EE53: 1 | EF53: 0 | EG53: 0 | EH53: 0 | EI53: 0 | EJ53: 0 | EK53: 0 | EL53: 0 | EM53: 0 | EN53: 1 | EO53: 0 | EP53: 0 | EQ53: 0 | ER53: 1 | ES53: 0 | ET53: 0
A54: 8459 | B54: 2023 | C54: NM | D54: Pyramid Generating Station | E54: 7975 | F54: Public Service Co of NM | G54: 15473 | H54: Tri-State G & T Assn, Inc | I54: 30151 | J54: Electric Utility | K54: Public Service Company of New Mexico | L54: PNM | M54: WECC | N54: AZNM | O54: WECC Southwest | Q54: 35 | R54: 023 | S54: Hidalgo | T54: 32.2363 | U54: -108.5494 | V54: Yes | W54: 4 | X54: 4 | Y54: NG | Z54: GAS | AB54: 0.17629 | AC54: 186 | AD54: 1 | AK54: 2926211.4 | AL54: 1257436.4 | AM54: 2926211.4 | AN54: 1257436.4 | AO54: 287233 | AP54: 123428.27 | AQ54: 287233 | AR54: 182.322 | AS54: 79.279 | AT54: 0.906 | AU54: 173967.49 | AV54: 6397.098 | AW54: 640.328 | AX54: 174141.89 | AZ54: 1.27 | BA54: 1.285 | BB54: 0.006 | BC54: 1211.334 | BD54: 0.022 | BE54: 0.002 | BF54: 1212.548 | BH54: 0.125 | BI54: 0.126 | BJ54: 0.001 | BK54: 118.903 | BL54: 0.002 | BM54: 0 | BN54: 119.022 | BP54: 1.27 | BQ54: 1.285 | BR54: 0.006 | BS54: 1211.334 | BT54: 0.022 | BU54: 0.002 | BV54: 1212.548 | BX54: 182.322 | BY54: 79.279 | BZ54: 0.906 | CA54: 173967.49 | CB54: 6397.098 | CC54: 640.328 | CD54: 174141.89 | CF54: 2926211.4 | CG54: 1257436.4 | CH54: 2926211.4 | CI54: 1257436.4 | CJ54: EPA/CAPD | CK54: EPA/CAPD | CL54: EPA/CAPD | CM54: EPA/CAPD | CN54: EIA | CO54: EIA | CP54: Calculated | CQ54: -- | CR54: EPA/CAPD | CS54: EPA/CAPD | DJ54: 10187.588 | DK54: 0 | DL54: 292.96 | DM54: 286940.04 | DN54: 0 | DO54: 0 | DP54: 0 | DQ54: 0 | DR54: 0 | DS54: 0 | DT54: 0 | DU54: 0 | DV54: 287233 | DW54: 0 | DX54: 0 | DY54: 0 | DZ54: 287233 | EA54: 0 | EB54: 0 | EC54: 0 | ED54: 0.0010199385 | EE54: 0.99898006 | EF54: 0 | EG54: 0 | EH54: 0 | EI54: 0 | EJ54: 0 | EK54: 0 | EL54: 0 | EM54: 0 | EN54: 1 | EO54: 0 | EP54: 0 | EQ54: 0 | ER54: 1 | ES54: 0 | ET54: 0
A55: 8506 | B55: 2023 | C55: NM | D55: Valencia Power Plant | E55: 55802 | F55: Public Service Co of NM | G55: 15473 | H55: Valencia Power LLC | I55: 55972 | J55: IPP Non-CHP | K55: Public Service Company of New Mexico | L55: PNM | M55: WECC | N55: AZNM | O55: WECC Southwest | Q55: 35 | R55: 061 | S55: Valencia | T55: 34.611549 | U55: -106.73223 | V55: Yes | W55: 1 | X55: 1 | Y55: NG | Z55: GAS | AB55: 0.17369 | AC55: 159.5 | AD55: 1 | AK55: 2706346.7 | AL55: 856153.72 | AM55: 2706346.7 | AN55: 856153.72 | AO55: 242681 | AP55: 76772.219 | AQ55: 242681 | AR55: 50.625 | AS55: 15.936 | AT55: 0.819 | AU55: 160833.81 | AV55: 5971.079 | AW55: 595.855 | AX55: 160996.35 | AZ55: 0.417 | BA55: 0.415 | BB55: 0.007 | BC55: 1325.475 | BD55: 0.025 | BE55: 0.002 | BF55: 1326.815 | BH55: 0.037 | BI55: 0.037 | BJ55: 0.001 | BK55: 118.857 | BL55: 0.002 | BM55: 0 | BN55: 118.977 | BP55: 0.417 | BQ55: 0.415 | BR55: 0.007 | BS55: 1325.475 | BT55: 0.025 | BU55: 0.002 | BV55: 1326.815 | BX55: 50.625 | BY55: 15.936 | BZ55: 0.819 | CA55: 160833.81 | CB55: 5971.079 | CC55: 595.855 | CD55: 160996.35 | CF55: 2706346.7 | CG55: 856153.72 | CH55: 2706346.7 | CI55: 856153.72 | CJ55: EPA/CAPD | CK55: EPA/CAPD | CL55: EPA/CAPD | CM55: EPA/CAPD | CN55: EIA | CO55: EIA | CP55: Calculated | CQ55: -- | CR55: EPA/CAPD | CS55: EPA/CAPD | DJ55: 11151.869 | DK55: 0 | DL55: 0 | DM55: 242681 | DN55: 0 | DO55: 0 | DP55: 0 | DQ55: 0 | DR55: 0 | DS55: 0 | DT55: 0 | DU55: 0 | DV55: 242681 | DW55: 0 | DX55: 0 | DY55: 0 | DZ55: 242681 | EA55: 0 | EB55: 0 | EC55: 0 | ED55: 0 | EE55: 1 | EF55: 0 | EG55: 0 | EH55: 0 | EI55: 0 | EJ55: 0 | EK55: 0 | EL55: 0 | EM55: 0 | EN55: 1 | EO55: 0 | EP55: 0 | EQ55: 0 | ER55: 1 | ES55: 0 | ET55: 0
A56: 8460 | B56: 2023 | C56: NM | D56: Quay County | E56: 58125 | F56: Southwestern Public Service Co | G56: 17718 | H56: Southwestern Public Service Co | I56: 17718 | J56: Electric Utility | K56: Southwest Power Pool | L56: SWPP | M56: WECC | N56: SPSO | O56: SPP South | Q56: 35 | R56: 037 | S56: Quay | T56: 35.182778 | U56: -103.73111 | W56: 1 | X56: 1 | Y56: DFO | Z56: OIL | AB56: 0.00363 | AC56: 27 | AD56: 1 | AK56: 871729 | AL56: 404143 | AM56: 871729 | AN56: 404143 | AO56: 858 | AP56: 397.777 | AQ56: 858 | AR56: 385.063 | AS56: 178.52 | AT56: 219.936 | AU56: 71187.895 | AV56: 5765.505 | AW56: 1153.101 | AX56: 71421.398 | AZ56: 897.583 | BA56: 897.588 | BB56: 512.672 | BC56: 165939.15 | BD56: 6.72 | BE56: 1.344 | BF56: 166483.45 | BH56: 0.883 | BI56: 0.883 | BJ56: 0.505 | BK56: 163.326 | BL56: 0.007 | BM56: 0.001 | BN56: 163.861 | BP56: 897.583 | BQ56: 897.588 | BR56: 512.672 | BS56: 165939.15 | BT56: 6.72 | BU56: 1.344 | BV56: 166483.45 | BX56: 385.063 | BY56: 178.52 | BZ56: 219.936 | CA56: 71187.895 | CB56: 5765.505 | CC56: 1153.101 | CD56: 71421.398 | CF56: 871729 | CG56: 404143 | CH56: 871729 | CI56: 404143 | CJ56: EIA | CK56: EIA | CL56: EIA | CM56: EIA | CN56: EIA | CO56: EIA | CP56: Calculated | CQ56: -- | CR56: EIA | CS56: EIA | DJ56: 1016001.2 | DK56: 0 | DL56: 858 | DM56: 0 | DN56: 0 | DO56: 0 | DP56: 0 | DQ56: 0 | DR56: 0 | DS56: 0 | DT56: 0 | DU56: 0 | DV56: 858 | DW56: 0 | DX56: 0 | DY56: 0 | DZ56: 858 | EA56: 0 | EB56: 0 | EC56: 0 | ED56: 1 | EE56: 0 | EF56: 0 | EG56: 0 | EH56: 0 | EI56: 0 | EJ56: 0 | EK56: 0 | EL56: 0 | EM56: 0 | EN56: 1 | EO56: 0 | EP56: 0 | EQ56: 0 | ER56: 1 | ES56: 0 | ET56: 0
A57: 8439 | B57: 2023 | C57: NM | D57: Lordsburg Generating Station | E57: 7967 | F57: Public Service Co of NM | G57: 15473 | H57: Public Service Co of NM | I57: 15473 | J57: Electric Utility | K57: Public Service Company of New Mexico | L57: PNM | M57: WECC | N57: AZNM | O57: WECC Southwest | Q57: 35 | R57: 023 | S57: Hidalgo | T57: 32.35051 | U57: -108.69799 | V57: Yes | W57: 2 | X57: 2 | Y57: NG | Z57: GAS | AB57: 0.14699 | AC57: 88 | AD57: 1 | AK57: 1180121.8 | AL57: 686926.99 | AM57: 1180121.8 | AN57: 686926.99 | AO57: 113310 | AP57: 65955.648 | AQ57: 113310 | AR57: 47.594 | AS57: 26.662 | AT57: 0.371 | AU57: 70134.412 | AV57: 2665.21 | AW57: 265.962 | AX57: 70206.965 | AZ57: 0.84 | BA57: 0.808 | BB57: 0.007 | BC57: 1237.921 | BD57: 0.024 | BE57: 0.002 | BF57: 1239.202 | BH57: 0.081 | BI57: 0.078 | BJ57: 0.001 | BK57: 118.86 | BL57: 0.002 | BM57: 0 | BN57: 118.983 | BP57: 0.84 | BQ57: 0.808 | BR57: 0.007 | BS57: 1237.921 | BT57: 0.024 | BU57: 0.002 | BV57: 1239.202 | BX57: 47.594 | BY57: 26.662 | BZ57: 0.371 | CA57: 70134.412 | CB57: 2665.21 | CC57: 265.962 | CD57: 70206.965 | CF57: 1180121.8 | CG57: 686926.99 | CH57: 1180121.8 | CI57: 686926.99 | CJ57: EPA/CAPD | CK57: EPA/CAPD | CL57: EPA/CAPD | CM57: EPA/CAPD | CN57: EIA | CO57: EIA | CP57: Calculated | CQ57: -- | CR57: EPA/CAPD | CS57: EPA/CAPD | DJ57: 10414.984 | DK57: 0 | DL57: 0 | DM57: 113310 | DN57: 0 | DO57: 0 | DP57: 0 | DQ57: 0 | DR57: 0 | DS57: 0 | DT57: 0 | DU57: 0 | DV57: 113310 | DW57: 0 | DX57: 0 | DY57: 0 | DZ57: 113310 | EA57: 0 | EB57: 0 | EC57: 0 | ED57: 0 | EE57: 1 | EF57: 0 | EG57: 0 | EH57: 0 | EI57: 0 | EJ57: 0 | EK57: 0 | EL57: 0 | EM57: 0 | EN57: 1 | EO57: 0 | EP57: 0 | EQ57: 0 | ER57: 1 | ES57: 0 | ET57: 0
A58: 8400 | B58: 2023 | C58: NM | D58: Chino Mines | E58: 54667 | F58: Public Service Co of NM | G58: 15473 | H58: FreePort-McMoRan-Corp-Chino Mines | I58: 3670 | J58: Industrial Non-CHP | K58: Public Service Company of New Mexico | L58: PNM | M58: WECC | N58: AZNM | O58: WECC Southwest | Q58: 35 | R58: 017 | S58: Grant | T58: 32.6956 | U58: -108.1225 | W58: 2 | X58: 2 | Y58: NG | Z58: GAS | AB58: 0.14228 | AC58: 54 | AD58: 1 | AK58: 824735.09 | AL58: 530066.33 | AM58: 824735.09 | AN58: 530066.33 | AO58: 67302 | AP58: 43107 | AQ58: 67302 | AR58: 33.402 | AS58: 23.058 | AT58: 0.24 | AU58: 48201.254 | AV58: 1818.233 | AW58: 181.442 | AX58: 48250.75 | AZ58: 0.993 | BA58: 1.07 | BB58: 0.007 | BC58: 1432.387 | BD58: 0.027 | BE58: 0.003 | BF58: 1433.858 | BH58: 0.081 | BI58: 0.087 | BJ58: 0.001 | BK58: 116.889 | BL58: 0.002 | BM58: 0 | BN58: 117.009 | BP58: 0.993 | BQ58: 1.07 | BR58: 0.007 | BS58: 1432.387 | BT58: 0.027 | BU58: 0.003 | BV58: 1433.858 | BX58: 33.402 | BY58: 23.058 | BZ58: 0.24 | CA58: 48201.254 | CB58: 1818.233 | CC58: 181.442 | CD58: 48250.75 | CF58: 824735.09 | CG58: 530066.33 | CH58: 824735.09 | CI58: 530066.33 | CL58: EIA | CM58: EIA | CN58: EIA | CO58: EIA | CP58: Calculated | CQ58: -- | CR58: EIA | CS58: EIA | DJ58: 12254.243 | DK58: 0 | DL58: 0 | DM58: 67302 | DN58: 0 | DO58: 0 | DP58: 0 | DQ58: 0 | DR58: 0 | DS58: 0 | DT58: 0 | DU58: 0 | DV58: 67302 | DW58: 0 | DX58: 0 | DY58: 0 | DZ58: 67302 | EA58: 0 | EB58: 0 | EC58: 0 | ED58: 0 | EE58: 1 | EF58: 0 | EG58: 0 | EH58: 0 | EI58: 0 | EJ58: 0 | EK58: 0 | EL58: 0 | EM58: 0 | EN58: 1 | EO58: 0 | EP58: 0 | EQ58: 0 | ER58: 1 | ES58: 0 | ET58: 0
A59: 8436 | B59: 2023 | C59: NM | D59: La Luz Energy Center | E59: 58284 | F59: Public Service Co of NM | G59: 15473 | H59: Public Service Co of NM | I59: 15473 | J59: Electric Utility | K59: Public Service Company of New Mexico | L59: PNM | M59: WECC | N59: AZNM | O59: WECC Southwest | Q59: 35 | R59: 061 | S59: Valencia | T59: 34.616111 | U59: -106.815 | V59: Yes | W59: 1 | X59: 1 | Y59: NG | Z59: GAS | AB59: 0.18278 | AC59: 42.3 | AD59: 1 | AK59: 671930.32 | AL59: 220106.61 | AM59: 671930.32 | AN59: 220106.61 | AO59: 67728 | AP59: 31325.161 | AQ59: 67728 | AR59: 3.444 | AS59: 1.512 | AT59: 0.212 | AU59: 39932.566 | AV59: 0.146 | AW59: 0.015 | AX59: 39932.57 | AZ59: 0.102 | BA59: 0.097 | BB59: 0.006 | BC59: 1179.204 | BD59: 0 | BE59: 0 | BF59: 1179.204 | BH59: 0.01 | BI59: 0.014 | BJ59: 0.001 | BK59: 118.859 | BL59: 0 | BM59: 0 | BN59: 118.859 | BP59: 0.102 | BQ59: 0.097 | BR59: 0.006 | BS59: 1179.204 | BT59: 0 | BU59: 0 | BV59: 1179.204 | BX59: 3.444 | BY59: 1.512 | BZ59: 0.212 | CA59: 39932.566 | CB59: 0.146 | CC59: 0.015 | CD59: 39932.57 | CF59: 671930.32 | CG59: 220106.61 | CH59: 671930.32 | CI59: 220106.61 | CJ59: EPA/CAPD | CK59: EPA/CAPD | CL59: EPA/CAPD | CM59: EPA/CAPD | CN59: EIA | CO59: EIA | CP59: Calculated | CQ59: -- | CR59: EPA/CAPD | CS59: EPA/CAPD | DJ59: 9921.0122 | DK59: 0 | DL59: 0 | DM59: 67728 | DN59: 0 | DO59: 0 | DP59: 0 | DQ59: 0 | DR59: 0 | DS59: 0 | DT59: 0 | DU59: 0 | DV59: 67728 | DW59: 0 | DX59: 0 | DY59: 0 | DZ59: 67728 | EA59: 0 | EB59: 0 | EC59: 0 | ED59: 0 | EE59: 1 | EF59: 0 | EG59: 0 | EH59: 0 | EI59: 0 | EJ59: 0 | EK59: 0 | EL59: 0 | EM59: 0 | EN59: 1 | EO59: 0 | EP59: 0 | EQ59: 0 | ER59: 1 | ES59: 0 | ET59: 0
A60: 8434 | B60: 2023 | C60: NM | D60: LCEC Generation LLVC | E60: 57872 | F60: Lea County Electric Coop, Inc | G60: 10817 | H60: Western Farmers Elec Coop, Inc | I60: 20447 | J60: Electric Utility | K60: Southwest Power Pool | L60: SWPP | M60: MRO | N60: SPSO | O60: SPP South | Q60: 35 | R60: 025 | S60: Lea | T60: 32.978056 | U60: -103.32389 | W60: 5 | X60: 5 | Y60: NG | Z60: GAS | AB60: 0.10825 | AC60: 46.5 | AD60: 1 | AK60: 425409 | AL60: 196757 | AM60: 425409 | AN60: 196757 | AO60: 44096 | AP60: 20395.025 | AQ60: 44096 | AR60: 570.51 | AS60: 263.87 | AT60: 0.68 | AU60: 24862.83 | AV60: 937.867 | AW60: 93.59 | AX60: 24888.361 | AZ60: 25.876 | BA60: 25.876 | BB60: 0.031 | BC60: 1127.668 | BD60: 0.021 | BE60: 0.002 | BF60: 1128.826 | BH60: 2.682 | BI60: 2.682 | BJ60: 0.003 | BK60: 116.889 | BL60: 0.002 | BM60: 0 | BN60: 117.009 | BP60: 25.876 | BQ60: 25.876 | BR60: 0.031 | BS60: 1127.668 | BT60: 0.021 | BU60: 0.002 | BV60: 1128.826 | BX60: 570.51 | BY60: 263.87 | BZ60: 0.68 | CA60: 24862.83 | CB60: 937.867 | CC60: 93.59 | CD60: 24888.361 | CF60: 425409 | CG60: 196757 | CH60: 425409 | CI60: 196757 | CJ60: EIA | CK60: EIA | CL60: EIA | CM60: EIA | CN60: EIA | CO60: EIA | CP60: Calculated | CQ60: -- | CR60: EIA | CS60: EIA | DJ60: 9647.3376 | DK60: 0 | DL60: 0 | DM60: 44096 | DN60: 0 | DO60: 0 | DP60: 0 | DQ60: 0 | DR60: 0 | DS60: 0 | DT60: 0 | DU60: 0 | DV60: 44096 | DW60: 0 | DX60: 0 | DY60: 0 | DZ60: 44096 | EA60: 0 | EB60: 0 | EC60: 0 | ED60: 0 | EE60: 1 | EF60: 0 | EG60: 0 | EH60: 0 | EI60: 0 | EJ60: 0 | EK60: 0 | EL60: 0 | EM60: 0 | EN60: 1 | EO60: 0 | EP60: 0 | EQ60: 0 | ER60: 1 | ES60: 0 | ET60: 0
A61: 8420 | B61: 2023 | C61: NM | D61: Ford Utilities Center | E61: 50906 | F61: Public Service Co of NM | G61: 15473 | H61: University of New Mexico | I61: 21964 | J61: Commercial CHP | K61: Public Service Company of New Mexico | L61: PNM | M61: WECC | N61: AZNM | O61: WECC Southwest | Q61: 35 | R61: 001 | S61: Bernalillo | T61: 35.084078 | U61: -106.62519 | W61: 3 | X61: 3 | Y61: NG | Z61: GAS | AB61: 0.58383 | AC61: 14.8 | AD61: 0.36027552 | AF61: Yes | AG61: 455525.6 | AH61: 0.567 | AI61: 0.430578 | AK61: 392336.83 | AL61: 181461.16 | AM61: 392336.83 | AN61: 181461.16 | AO61: 75693 | AP61: 35009.087 | AQ61: 27270.335 | AR61: 62.774 | AS61: 29.034 | AT61: 0.627 | AU61: 22929.941 | AV61: 864.955 | AW61: 86.314 | AX61: 22953.487 | AZ61: 1.659 | BA61: 1.659 | BB61: 0.017 | BC61: 605.867 | BD61: 0.011 | BE61: 0.001 | BF61: 606.489 | BH61: 0.32 | BI61: 0.32 | BJ61: 0.003 | BK61: 116.889 | BL61: 0.002 | BM61: 0 | BN61: 117.009 | BP61: 1.659 | BQ61: 1.659 | BR61: 0.017 | BS61: 605.867 | BT61: 0.011 | BU61: 0.001 | BV61: 606.489 | BX61: 145.79 | BY61: 67.43 | BZ61: 1.456 | CA61: 53253.837 | CB61: 2008.823 | CC61: 200.461 | CD61: 53308.522 | CF61: 911186 | CG61: 421436 | CH61: 911186 | CI61: 421436 | CJ61: EIA | CK61: EIA | CL61: EIA | CM61: EIA | CN61: EIA | CO61: EIA | CP61: Calculated | CQ61: -- | CR61: EIA | CS61: EIA | DA61: 518849.17 | DB61: 239974.84 | DC61: 83.016 | DD61: 38.396 | DE61: 0.829 | DF61: 30323.896 | DG61: 1143.867 | DH61: 114.147 | DI61: 30355.034 | DJ61: 5183.2644 | DK61: 0 | DL61: 0 | DM61: 75693 | DN61: 0 | DO61: 0 | DP61: 0 | DQ61: 0 | DR61: 0 | DS61: 0 | DT61: 0 | DU61: 0 | DV61: 75693 | DW61: 0 | DX61: 0 | DY61: 0 | DZ61: 75693 | EA61: 0 | EB61: 0 | EC61: 0 | ED61: 0 | EE61: 1 | EF61: 0 | EG61: 0 | EH61: 0 | EI61: 0 | EJ61: 0 | EK61: 0 | EL61: 0 | EM61: 0 | EN61: 1 | EO61: 0 | EP61: 0 | EQ61: 0 | ER61: 1 | ES61: 0 | ET61: 0
A62: 8454 | B62: 2023 | C62: NM | D62: New Mexico State University | E62: 54975 | F62: El Paso Electric Co | G62: 5701 | H62: New Mexico State University | I62: 21965 | J62: Commercial CHP | K62: El Paso Electric Company | L62: EPE | M62: WECC | N62: AZNM | O62: WECC Southwest | Q62: 35 | R62: 013 | S62: Dona Ana | T62: 32.380032 | U62: -106.75372 | W62: 1 | X62: 1 | Y62: NG | Z62: GAS | AB62: 0.71991 | AC62: 4.7 | AD62: 0.13348878 | AF62: Yes | AG62: 171894.4 | AH62: 0.589 | AI62: 0.439675 | AK62: 179981.78 | AL62: 74374.517 | AM62: 179981.78 | AN62: 74374.517 | AO62: 29640 | AP62: 13021 | AQ62: 3956.607 | AR62: 28.797 | AS62: 11.9 | AT62: 0.288 | AU62: 10518.95 | AV62: 396.792 | AW62: 39.596 | AX62: 10529.752 | AZ62: 1.943 | BA62: 1.828 | BB62: 0.019 | BC62: 709.781 | BD62: 0.013 | BE62: 0.001 | BF62: 710.51 | BH62: 0.32 | BI62: 0.32 | BJ62: 0.003 | BK62: 116.889 | BL62: 0.002 | BM62: 0 | BN62: 117.009 | BP62: 1.943 | BQ62: 1.828 | BR62: 0.019 | BS62: 709.781 | BT62: 0.013 | BU62: 0.001 | BV62: 710.51 | BX62: 65.496 | BY62: 27.065 | BZ62: 0.654 | CA62: 23924.385 | CB62: 902.467 | CC62: 90.057 | CD62: 23948.952 | CF62: 409352 | CG62: 169158 | CH62: 409352 | CI62: 169158 | CJ62: EIA | CK62: EIA | CL62: EIA | CM62: EIA | CN62: EIA | CO62: EIA | CP62: Calculated | CQ62: -- | CR62: EIA | CS62: EIA | DA62: 229370.22 | DB62: 94783.483 | DC62: 36.699 | DD62: 15.165 | DE62: 0.367 | DF62: 13405.435 | DG62: 505.675 | DH62: 50.461 | DI62: 13419.2 | DJ62: 6072.2597 | DK62: 0 | DL62: 0 | DM62: 29640 | DN62: 0 | DO62: 0 | DP62: 0 | DQ62: 0 | DR62: 0 | DS62: 0 | DT62: 0 | DU62: 0 | DV62: 29640 | DW62: 0 | DX62: 0 | DY62: 0 | DZ62: 29640 | EA62: 0 | EB62: 0 | EC62: 0 | ED62: 0 | EE62: 1 | EF62: 0 | EG62: 0 | EH62: 0 | EI62: 0 | EJ62: 0 | EK62: 0 | EL62: 0 | EM62: 0 | EN62: 1 | EO62: 0 | EP62: 0 | EQ62: 0 | ER62: 1 | ES62: 0 | ET62: 0
A63: 8492 | B63: 2023 | C63: NM | D63: Southside Water Reclamation Plant | E63: 10339 | F63: Public Service Co of NM | G63: 15473 | H63: Albuquerque City of | I63: 194 | J63: IPP CHP | K63: Public Service Company of New Mexico | L63: PNM | M63: WECC | N63: AZNM | O63: WECC Southwest | Q63: 35 | R63: 001 | S63: Bernalillo | T63: 35.016111 | U63: -106.66972 | W63: 4 | X63: 4 | Y63: OBG | Z63: BIOMASS | AB63: 0.34655 | AC63: 6.6 | AD63: 0.755751 | AE63: Yes | AF63: Yes | AG63: 0 | AI63: 1 | AK63: 213618 | AL63: 88665 | AM63: 213618 | AN63: 88665 | AO63: 20036.1 | AP63: 7984.06 | AQ63: 15142.303 | AR63: 439.109 | AS63: 174.638 | AT63: 0.518 | AU63: 4257.589 | AV63: 487.706 | AW63: 48.791 | AX63: 4270.882 | AZ63: 43.832 | BA63: 43.747 | BB63: 0.052 | BC63: 424.992 | BD63: 0.024 | BE63: 0.002 | BF63: 426.319 | BH63: 4.111 | BI63: 3.939 | BJ63: 0.005 | BK63: 39.862 | BL63: 0.002 | BM63: 0 | BN63: 39.986 | BP63: 43.832 | BQ63: 43.747 | BR63: 0.052 | BS63: 424.992 | BT63: 0.024 | BU63: 0.002 | BV63: 426.319 | BX63: 439.109 | BY63: 174.638 | BZ63: 0.518 | CA63: 13024.751 | CB63: 487.706 | CC63: 48.791 | CD63: 13038.044 | CF63: 213618 | CG63: 88665 | CH63: 213618 | CI63: 88665 | CJ63: EIA | CK63: EIA | CL63: EIA | CM63: EIA | CN63: EIA | CO63: EIA | CP63: Calculated | CQ63: -- | CR63: EIA | CS63: EIA | CW63: 8767.162 | CZ63: 8767.162 | DA63: 0 | DB63: 0 | DC63: 0 | DD63: 0 | DE63: 0 | DF63: 0 | DG63: 0 | DH63: 0 | DI63: 0 | DJ63: 10661.656 | DK63: 0 | DL63: 0 | DM63: 6955.151 | DN63: 0 | DO63: 0 | DP63: 13080.949 | DQ63: 0 | DR63: 0 | DS63: 0 | DT63: 0 | DU63: 0 | DV63: 6955.151 | DW63: 13080.949 | DX63: 0 | DY63: 13080.949 | DZ63: 20036.1 | EA63: 0 | EB63: 0 | EC63: 0 | ED63: 0 | EE63: 0.34713098 | EF63: 0 | EG63: 0 | EH63: 0.65286902 | EI63: 0 | EJ63: 0 | EK63: 0 | EL63: 0 | EM63: 0 | EN63: 0.34713098 | EO63: 0.65286902 | EP63: 0 | EQ63: 0.65286902 | ER63: 1 | ES63: 0 | ET63: 0
A64: 8422 | B64: 2023 | C64: NM | D64: Freeport McMoRan | E64: 54734 | F64: Public Service Co of NM | G64: 15473 | H64: Freeport McMoRan Inc | I64: 14989 | J64: Industrial Non-CHP | K64: Public Service Company of New Mexico | L64: PNM | M64: WECC | N64: AZNM | O64: WECC Southwest | Q64: 35 | R64: 017 | S64: Grant | T64: 32.66176 | U64: -108.3628 | W64: 10 | X64: 10 | Y64: DFO | Z64: OIL | AB64: 0 | AC64: 30.4 | AK64: 0 | AL64: 0 | AO64: 0 | AP64: 0 | AV64: 0 | AW64: 0 | AX64: 0 | CB64: 0 | CC64: 0 | CD64: 0 | CF64: 0 | CG64: 0 | CN64: EIA | CO64: EIA | CP64: Calculated | CQ64: -- | DK64: 0 | DL64: 0 | DM64: 0 | DN64: 0 | DO64: 0 | DP64: 0 | DQ64: 0 | DR64: 0 | DS64: 0 | DT64: 0 | DU64: 0 | DV64: 0 | DW64: 0 | DX64: 0 | DY64: 0 | DZ64: 0 | EA64: 0 | EB64: 0
A65: 8438 | B65: 2023 | C65: NM | D65: Lightning Dock Geothermal HI-01, LLC | E65: 58629 | F65: Columbus Electric Coop, Inc | G65: 4071 | H65: Lightning Dock Geothermal HI-01, LLC | I65: 58581 | J65: IPP Non-CHP | K65: Public Service Company of New Mexico | L65: PNM | M65: WECC | N65: AZNM | O65: WECC Southwest | Q65: 35 | R65: 023 | S65: Hidalgo | T65: 32.144722 | U65: -108.83833 | W65: 5 | X65: 5 | Y65: GEO | Z65: GEOTHERMAL | AB65: 0.2132 | AC65: 19.2 | AM65: 122346 | AN65: 34094.999 | AO65: 35857.999 | AP65: 9993.001 | AR65: 0 | AS65: 0 | AT65: 0 | AU65: 0 | AX65: 0 | AZ65: 0 | BA65: 0 | BB65: 0 | BC65: 0 | BF65: 0 | BH65: 0 | BI65: 0 | BJ65: 0 | BK65: 0 | BN65: 0 | BX65: 0 | BY65: 0 | BZ65: 0 | CA65: 0 | CD65: 0 | CH65: 122346 | CI65: 34094.999 | CJ65: EIA | CK65: EIA | CL65: EIA | CM65: EIA | CP65: Calculated | CQ65: -- | CR65: EIA | CS65: EIA | DK65: 0 | DL65: 0 | DM65: 0 | DN65: 0 | DO65: 0 | DP65: 0 | DQ65: 0 | DR65: 0 | DS65: 35858 | DT65: 0 | DU65: 0 | DV65: 0 | DW65: 35858 | DX65: 0 | DY65: 35858 | DZ65: 0 | EA65: 35858 | EB65: 0 | EC65: 0 | ED65: 0 | EE65: 0 | EF65: 0 | EG65: 0 | EH65: 0 | EI65: 0 | EJ65: 0 | EK65: 1 | EL65: 0 | EM65: 0 | EN65: 0 | EO65: 1 | EP65: 0 | EQ65: 1 | ER65: 0 | ES65: 1 | ET65: 0
A66: 8371 | B66: 2023 | C66: NM | D66: Abiquiu Dam | E66: 7789 | F66: Jemez Mountains Elec Coop, Inc | G66: 9699 | H66: Los Alamos County | I66: 11204 | J66: Electric Utility | K66: Western Area Power Administration - Rocky Mountain Region | L66: WACM | M66: WECC | N66: AZNM | O66: WECC Southwest | Q66: 35 | R66: 039 | S66: Rio Arriba | T66: 36.239886 | U66: -106.42304 | W66: 3 | X66: 3 | Y66: WAT | Z66: HYDRO | AB66: 0.34009 | AC66: 15.6 | AM66: 158573 | AN66: 82960 | AO66: 46475 | AP66: 24313.999 | CH66: 158573 | CI66: 82960 | CQ66: -- | CR66: EIA | CS66: EIA | DK66: 0 | DL66: 0 | DM66: 0 | DN66: 0 | DO66: 46475 | DP66: 0 | DQ66: 0 | DR66: 0 | DS66: 0 | DT66: 0 | DU66: 0 | DV66: 0 | DW66: 46475 | DX66: 0 | DY66: 0 | DZ66: 0 | EA66: 46475 | EB66: 0 | EC66: 0 | ED66: 0 | EE66: 0 | EF66: 0 | EG66: 1 | EH66: 0 | EI66: 0 | EJ66: 0 | EK66: 0 | EL66: 0 | EM66: 0 | EN66: 0 | EO66: 1 | EP66: 0 | EQ66: 0 | ER66: 0 | ES66: 1 | ET66: 0
A67: 8373 | B67: 2023 | C67: NM | D67: Alamogordo Solar Energy Center | E67: 57577 | F67: Public Service Co of NM | G67: 15473 | H67: PNM Resources | I67: 59300 | J67: Electric Utility | K67: Public Service Company of New Mexico | L67: PNM | M67: WECC | N67: AZNM | O67: WECC Southwest | Q67: 35 | R67: 035 | S67: Otero | T67: 32.86571 | U67: -105.99977 | W67: 1 | X67: 1 | Y67: SUN | Z67: SOLAR | AB67: 0.25799 | AC67: 5 | AM67: 38556 | AN67: 17721 | AO67: 11300 | AP67: 5194 | CH67: 38556 | CI67: 17721 | CQ67: -- | CR67: EIA | CS67: EIA | DK67: 0 | DL67: 0 | DM67: 0 | DN67: 0 | DO67: 0 | DP67: 0 | DQ67: 0 | DR67: 11300 | DS67: 0 | DT67: 0 | DU67: 0 | DV67: 0 | DW67: 11300 | DX67: 0 | DY67: 11300 | DZ67: 0 | EA67: 11300 | EB67: 0 | EC67: 0 | ED67: 0 | EE67: 0 | EF67: 0 | EG67: 0 | EH67: 0 | EI67: 0 | EJ67: 1 | EK67: 0 | EL67: 0 | EM67: 0 | EN67: 0 | EO67: 1 | EP67: 0 | EQ67: 1 | ER67: 0 | ES67: 1 | ET67: 0
A68: 8374 | B68: 2023 | C68: NM | D68: Albuquerque Solar Energy Center | E68: 57567 | F68: Public Service Co of NM | G68: 15473 | H68: PNM Resources | I68: 59300 | J68: Electric Utility | K68: Public Service Company of New Mexico | L68: PNM | M68: WECC | N68: AZNM | O68: WECC Southwest | Q68: 35 | R68: 001 | S68: Bernalillo | T68: 35.168957 | U68: -106.60005 | W68: 1 | X68: 1 | Y68: SUN | Z68: SOLAR | AB68: 0.2274 | AC68: 2 | AM68: 13594 | AN68: 6675 | AO68: 3984 | AP68: 1956 | CH68: 13594 | CI68: 6675 | CQ68: -- | CR68: EIA | CS68: EIA | DK68: 0 | DL68: 0 | DM68: 0 | DN68: 0 | DO68: 0 | DP68: 0 | DQ68: 0 | DR68: 3984 | DS68: 0 | DT68: 0 | DU68: 0 | DV68: 0 | DW68: 3984 | DX68: 0 | DY68: 3984 | DZ68: 0 | EA68: 3984 | EB68: 0 | EC68: 0 | ED68: 0 | EE68: 0 | EF68: 0 | EG68: 0 | EH68: 0 | EI68: 0 | EJ68: 1 | EK68: 0 | EL68: 0 | EM68: 0 | EN68: 0 | EO68: 1 | EP68: 0 | EQ68: 1 | ER68: 0 | ES68: 1 | ET68: 0
A69: 8375 | B69: 2023 | C69: NM | D69: Alcalde Solar Array | E69: 63477 | F69: Jemez Mountains Elec Coop, Inc | G69: 9699 | H69: Jemez Cuba LLC | I69: 63213 | J69: IPP Non-CHP | K69: Public Service Company of New Mexico | L69: PNM | M69: WECC | N69: AZNM | O69: WECC Southwest | Q69: 35 | R69: 039 | S69: Rio Arriba | T69: 36.091143 | U69: -106.04088 | W69: 1 | X69: 1 | Y69: SUN | Z69: SOLAR | AB69: 0.28372 | AC69: 2.4 | AM69: 20352 | AN69: 10216 | AO69: 5965 | AP69: 2994 | CH69: 20352 | CI69: 10216 | CQ69: -- | CR69: EIA | CS69: EIA | DK69: 0 | DL69: 0 | DM69: 0 | DN69: 0 | DO69: 0 | DP69: 0 | DQ69: 0 | DR69: 5965 | DS69: 0 | DT69: 0 | DU69: 0 | DV69: 0 | DW69: 5965 | DX69: 0 | DY69: 5965 | DZ69: 0 | EA69: 5965 | EB69: 0 | EC69: 0 | ED69: 0 | EE69: 0 | EF69: 0 | EG69: 0 | EH69: 0 | EI69: 0 | EJ69: 1 | EK69: 0 | EL69: 0 | EM69: 0 | EN69: 0 | EO69: 1 | EP69: 0 | EQ69: 1 | ER69: 0 | ES69: 1 | ET69: 0
A70: 8376 | B70: 2023 | C70: NM | D70: Algodones | E70: 2475 | F70: Public Service Co of NM | G70: 15473 | H70: Public Service Co of NM | I70: 15473 | J70: Electric Utility | K70: Public Service Company of New Mexico | L70: PNM | M70: WECC | N70: AZNM | O70: WECC Southwest | Q70: 35 | R70: 043 | S70: Sandoval | T70: 35.384444 | U70: -106.46417 | W70: 3 | X70: 3 | Y70: NG | Z70: GAS | AC70: 45 | AK70: 0 | AL70: 0 | CF70: 0 | CG70: 0 | CQ70: --
A71: 8377 | B71: 2023 | C71: NM | D71: Alta Luna | E71: 60258 | F71: Tri-State G & T Assn, Inc | G71: 30151 | H71: TPE Alta Luna, LLC | I71: 60046 | J71: IPP Non-CHP | K71: Public Service Company of New Mexico | L71: PNM | M71: WECC | N71: AZNM | O71: WECC Southwest | Q71: 35 | R71: 029 | S71: Luna | T71: 32.572022 | U71: -107.48646 | W71: 1 | X71: 1 | Y71: SUN | Z71: SOLAR | AB71: 0.23587 | AC71: 28.1 | AM71: 198104 | AN71: 91861 | AO71: 58061 | AP71: 26923 | CH71: 198104 | CI71: 91861 | CQ71: -- | CR71: EIA | CS71: EIA | DK71: 0 | DL71: 0 | DM71: 0 | DN71: 0 | DO71: 0 | DP71: 0 | DQ71: 0 | DR71: 58061 | DS71: 0 | DT71: 0 | DU71: 0 | DV71: 0 | DW71: 58061 | DX71: 0 | DY71: 58061 | DZ71: 0 | EA71: 58061 | EB71: 0 | EC71: 0 | ED71: 0 | EE71: 0 | EF71: 0 | EG71: 0 | EH71: 0 | EI71: 0 | EJ71: 1 | EK71: 0 | EL71: 0 | EM71: 0 | EN71: 0 | EO71: 1 | EP71: 0 | EQ71: 1 | ER71: 0 | ES71: 1 | ET71: 0
A72: 8378 | B72: 2023 | C72: NM | D72: Anderson Wind I | E72: 58939 | F72: Lea County Electric Coop, Inc | G72: 10817 | H72: Chopin Wind, LLC | I72: 57421 | J72: IPP Non-CHP | K72: Southwest Power Pool | L72: SWPP | M72: MRO | N72: SPSO | O72: SPP South | Q72: 35 | R72: 005 | S72: Chaves | T72: 33.029444 | U72: -103.85583 | W72: 1 | X72: 1 | Y72: WND | Z72: WIND | AB72: 0.40126 | AC72: 5 | AM72: 59963 | AN72: 23170 | AO72: 17575 | AP72: 6791 | CH72: 59963 | CI72: 23170 | CQ72: -- | CR72: EIA | CS72: EIA | DK72: 0 | DL72: 0 | DM72: 0 | DN72: 0 | DO72: 0 | DP72: 0 | DQ72: 17575 | DR72: 0 | DS72: 0 | DT72: 0 | DU72: 0 | DV72: 0 | DW72: 17575 | DX72: 0 | DY72: 17575 | DZ72: 0 | EA72: 17575 | EB72: 0 | EC72: 0 | ED72: 0 | EE72: 0 | EF72: 0 | EG72: 0 | EH72: 0 | EI72: 1 | EJ72: 0 | EK72: 0 | EL72: 0 | EM72: 0 | EN72: 0 | EO72: 1 | EP72: 0 | EQ72: 1 | ER72: 0 | ES72: 1 | ET72: 0
A73: 8379 | B73: 2023 | C73: NM | D73: Anderson Wind II | E73: 58940 | F73: Lea County Electric Coop, Inc | G73: 10817 | H73: Chopin Wind, LLC | I73: 57421 | J73: IPP Non-CHP | K73: Southwest Power Pool | L73: SWPP | M73: MRO | N73: SPSO | O73: SPP South | Q73: 35 | R73: 005 | S73: Chaves | T73: 33.013889 | U73: -103.865 | W73: 1 | X73: 1 | Y73: WND | Z73: WIND | AB73: 0.40126 | AC73: 10 | AM73: 119932 | AN73: 46336 | AO73: 35150 | AP73: 13580 | CH73: 119932 | CI73: 46336 | CQ73: -- | CR73: EIA | CS73: EIA | DK73: 0 | DL73: 0 | DM73: 0 | DN73: 0 | DO73: 0 | DP73: 0 | DQ73: 35150 | DR73: 0 | DS73: 0 | DT73: 0 | DU73: 0 | DV73: 0 | DW73: 35150 | DX73: 0 | DY73: 35150 | DZ73: 0 | EA73: 35150 | EB73: 0 | EC73: 0 | ED73: 0 | EE73: 0 | EF73: 0 | EG73: 0 | EH73: 0 | EI73: 1 | EJ73: 0 | EK73: 0 | EL73: 0 | EM73: 0 | EN73: 0 | EO73: 1 | EP73: 0 | EQ73: 1 | ER73: 0 | ES73: 1 | ET73: 0
A74: 8380 | B74: 2023 | C74: NM | D74: Angel Fire Energy Facility | E74: 64695 | F74: Kit Carson Electric Coop, Inc | G74: 10378 | H74: Angel Fire Energy Facility, LLC | I74: 64273 | J74: Electric Utility | K74: Public Service Company of New Mexico | L74: PNM | M74: WECC | N74: AZNM | O74: WECC Southwest | Q74: 35 | R74: 007 | S74: Colfax | T74: 36.416867 | U74: -105.28066 | W74: 2 | X74: 2 | Y74: SUN | Z74: SOLAR | AB74: 0.08094 | AC74: 11.2 | AM74: 27801 | AN74: 16941 | AO74: 7941 | AP74: 4862 | CH74: 27801 | CI74: 16941 | CQ74: -- | CR74: EIA | CS74: EIA | DK74: 0 | DL74: 0 | DM74: 0 | DN74: 0 | DO74: 0 | DP74: 0 | DQ74: 0 | DR74: 8148 | DS74: 0 | DT74: 0 | DU74: -207 | DV74: 0 | DW74: 8148 | DX74: -207 | DY74: 8148 | DZ74: 0 | EA74: 8148 | EB74: -207 | EC74: 0 | ED74: 0 | EE74: 0 | EF74: 0 | EG74: 0 | EH74: 0 | EI74: 0 | EJ74: 1 | EK74: 0 | EL74: 0 | EM74: 0 | EN74: 0 | EO74: 1 | EP74: 0 | EQ74: 1 | ER74: 0 | ES74: 1 | ET74: 0
A75: 8381 | B75: 2023 | C75: NM | D75: Aragonne Wind LLC | E75: 56336 | F75: Public Service Co of NM | G75: 15473 | H75: Leeward Asset Management, LLC | I75: 50123 | J75: IPP Non-CHP | K75: Public Service Company of New Mexico | L75: PNM | M75: WECC | N75: AZNM | O75: WECC Southwest | Q75: 35 | R75: 019 | S75: Guadalupe | T75: 34.8147 | U75: -105.0108 | W75: 2 | X75: 2 | Y75: WND | Z75: WIND | AB75: 0.38699 | AC75: 235 | AM75: 2718185 | AN75: 923785 | AO75: 796655 | AP75: 270746 | CH75: 2718185 | CI75: 923785 | CQ75: -- | CR75: EIA | CS75: EIA | DK75: 0 | DL75: 0 | DM75: 0 | DN75: 0 | DO75: 0 | DP75: 0 | DQ75: 796655 | DR75: 0 | DS75: 0 | DT75: 0 | DU75: 0 | DV75: 0 | DW75: 796655 | DX75: 0 | DY75: 796655 | DZ75: 0 | EA75: 796655 | EB75: 0 | EC75: 0 | ED75: 0 | EE75: 0 | EF75: 0 | EG75: 0 | EH75: 0 | EI75: 1 | EJ75: 0 | EK75: 0 | EL75: 0 | EM75: 0 | EN75: 0 | EO75: 1 | EP75: 0 | EQ75: 1 | ER75: 0 | ES75: 1 | ET75: 0
A76: 8382 | B76: 2023 | C76: NM | D76: Arroyo Solar Energy Storage Hybrid | E76: 63172 | F76: Public Service Co of NM | G76: 15473 | H76: Arroyo Solar LLC | I76: 62921 | J76: IPP Non-CHP | K76: Public Service Company of New Mexico | L76: PNM | M76: WECC | N76: AZNM | O76: WECC Southwest | Q76: 35 | R76: 031 | S76: McKinley | T76: 35.970349 | U76: -107.56307 | W76: 1 | X76: 1 | Y76: MWH | Z76: OTHF | AB76: 0 | AC76: 150 | AO76: 149260 | AP76: -4656 | CQ76: -- | DK76: 0 | DL76: 0 | DM76: 0 | DN76: 0 | DO76: 0 | DP76: 0 | DQ76: 0 | DR76: 158928 | DS76: 0 | DT76: 0 | DU76: -9668 | DV76: 0 | DW76: 158928 | DX76: -9668 | DY76: 158928 | DZ76: 0 | EA76: 158928 | EB76: -9668 | EC76: 0 | ED76: 0 | EE76: 0 | EF76: 0 | EG76: 0 | EH76: 0 | EI76: 0 | EJ76: 1 | EK76: 0 | EL76: 0 | EM76: 0 | EN76: 0 | EO76: 1 | EP76: 0 | EQ76: 1 | ER76: 0 | ES76: 1 | ET76: 0
A77: 8383 | B77: 2023 | C77: NM | D77: Blue Sky One | E77: 58689 | F77: Kit Carson Electric Coop, Inc | G77: 10378 | H77: SSA Solar of NM, LLC | I77: 58621 | J77: IPP Non-CHP | K77: Public Service Company of New Mexico | L77: PNM | M77: WECC | N77: AZNM | O77: WECC Southwest | Q77: 35 | R77: 055 | S77: Taos | T77: 36.907778 | U77: -105.98528 | W77: 1 | X77: 1 | Y77: SUN | Z77: SOLAR | AB77: 0.27178 | AC77: 1.3 | AM77: 10560 | AN77: 5415 | AO77: 3095 | AP77: 1587 | CH77: 10560 | CI77: 5415 | CQ77: -- | CR77: EIA | CS77: EIA | DK77: 0 | DL77: 0 | DM77: 0 | DN77: 0 | DO77: 0 | DP77: 0 | DQ77: 0 | DR77: 3095 | DS77: 0 | DT77: 0 | DU77: 0 | DV77: 0 | DW77: 3095 | DX77: 0 | DY77: 3095 | DZ77: 0 | EA77: 3095 | EB77: 0 | EC77: 0 | ED77: 0 | EE77: 0 | EF77: 0 | EG77: 0 | EH77: 0 | EI77: 0 | EJ77: 1 | EK77: 0 | EL77: 0 | EM77: 0 | EN77: 0 | EO77: 1 | EP77: 0 | EQ77: 1 | ER77: 0 | ES77: 1 | ET77: 0
A78: 8384 | B78: 2023 | C78: NM | D78: Bluewater CDEC 1 | E78: 62994 | F78: Continental Divide El Coop Inc | G78: 4265 | H78: Lightsource Renewable Energy Asset Management, LLC | I78: 62842 | J78: IPP Non-CHP | K78: Public Service Company of New Mexico | L78: PNM | M78: WECC | N78: AZNM | O78: WECC Southwest | Q78: 35 | R78: 006 | S78: Cibola | T78: 35.24102 | U78: -107.9523 | W78: 1 | X78: 1 | Y78: SUN | Z78: SOLAR | AB78: 0.32106 | AC78: 2.4 | AM78: 23031 | AN78: 11365 | AO78: 6750 | AP78: 3331 | CH78: 23031 | CI78: 11365 | CQ78: -- | CR78: EIA | CS78: EIA | DK78: 0 | DL78: 0 | DM78: 0 | DN78: 0 | DO78: 0 | DP78: 0 | DQ78: 0 | DR78: 6750 | DS78: 0 | DT78: 0 | DU78: 0 | DV78: 0 | DW78: 6750 | DX78: 0 | DY78: 6750 | DZ78: 0 | EA78: 6750 | EB78: 0 | EC78: 0 | ED78: 0 | EE78: 0 | EF78: 0 | EG78: 0 | EH78: 0 | EI78: 0 | EJ78: 1 | EK78: 0 | EL78: 0 | EM78: 0 | EN78: 0 | EO78: 1 | EP78: 0 | EQ78: 1 | ER78: 0 | ES78: 1 | ET78: 0
A79: 8386 | B79: 2023 | C79: NM | D79: Borderlands Wind, LLC | E79: 64638 | F79: Public Service Co of NM | G79: 15473 | H79: Borderlands Wind, LLC | I79: 64250 | J79: IPP Non-CHP | K79: Tucson Electric Power Company | L79: TEPC | M79: WECC | N79: AZNM | O79: WECC Southwest | Q79: 35 | R79: 003 | S79: Catron | T79: 34.159842 | U79: -108.89446 | W79: 1 | X79: 1 | Y79: WND | Z79: WIND | AB79: 0.3178 | AC79: 100 | AM79: 949873 | AN79: 311306 | AO79: 278392 | AP79: 91239 | CH79: 949873 | CI79: 311306 | CQ79: -- | CR79: EIA | CS79: EIA | DK79: 0 | DL79: 0 | DM79: 0 | DN79: 0 | DO79: 0 | DP79: 0 | DQ79: 278392 | DR79: 0 | DS79: 0 | DT79: 0 | DU79: 0 | DV79: 0 | DW79: 278392 | DX79: 0 | DY79: 278392 | DZ79: 0 | EA79: 278392 | EB79: 0 | EC79: 0 | ED79: 0 | EE79: 0 | EF79: 0 | EG79: 0 | EH79: 0 | EI79: 1 | EJ79: 0 | EK79: 0 | EL79: 0 | EM79: 0 | EN79: 0 | EO79: 1 | EP79: 0 | EQ79: 1 | ER79: 0 | ES79: 1 | ET79: 0
A80: 8387 | B80: 2023 | C80: NM | D80: Britton Solar Energy Center | E80: 63579 | F80: Public Service Co of NM | G80: 15473 | H80: NMRD Data Center, LLC | I80: 61156 | J80: IPP Non-CHP | K80: Public Service Company of New Mexico | L80: PNM | M80: WECC | N80: AZNM | O80: WECC Southwest | Q80: 35 | R80: 057 | S80: Torrance | T80: 35.016 | U80: -106.098 | W80: 1 | X80: 1 | Y80: SUN | Z80: SOLAR | AB80: 0.3213 | AC80: 50 | AM80: 480168 | AN80: 233480 | AO80: 140729 | AP80: 68429 | CH80: 480168 | CI80: 233480 | CQ80: -- | CR80: EIA | CS80: EIA | DK80: 0 | DL80: 0 | DM80: 0 | DN80: 0 | DO80: 0 | DP80: 0 | DQ80: 0 | DR80: 140729 | DS80: 0 | DT80: 0 | DU80: 0 | DV80: 0 | DW80: 140729 | DX80: 0 | DY80: 140729 | DZ80: 0 | EA80: 140729 | EB80: 0 | EC80: 0 | ED80: 0 | EE80: 0 | EF80: 0 | EG80: 0 | EH80: 0 | EI80: 0 | EJ80: 1 | EK80: 0 | EL80: 0 | EM80: 0 | EN80: 0 | EO80: 1 | EP80: 0 | EQ80: 1 | ER80: 0 | ES80: 1 | ET80: 0
A81: 8388 | B81: 2023 | C81: NM | D81: Broadview Energy JN, LLC | E81: 60145 | F81: Public Service Co of NM | G81: 15473 | H81: Pattern Operators LP | I81: 56545 | J81: IPP Non-CHP | K81: Gridforce South | L81: GRIS | M81: WECC | N81: SPSO | O81: SPP South | Q81: 35 | R81: 009 | S81: Curry | T81: 34.734179 | U81: -103.10805 | W81: 1 | X81: 1 | Y81: WND | Z81: WIND | AB81: 0.43224 | AC81: 181.7 | AM81: 2347448 | AN81: 873929 | AO81: 687998 | AP81: 256134 | CH81: 2347448 | CI81: 873929 | CQ81: -- | CR81: EIA | CS81: EIA | DK81: 0 | DL81: 0 | DM81: 0 | DN81: 0 | DO81: 0 | DP81: 0 | DQ81: 687998 | DR81: 0 | DS81: 0 | DT81: 0 | DU81: 0 | DV81: 0 | DW81: 687998 | DX81: 0 | DY81: 687998 | DZ81: 0 | EA81: 687998 | EB81: 0 | EC81: 0 | ED81: 0 | EE81: 0 | EF81: 0 | EG81: 0 | EH81: 0 | EI81: 1 | EJ81: 0 | EK81: 0 | EL81: 0 | EM81: 0 | EN81: 0 | EO81: 1 | EP81: 0 | EQ81: 1 | ER81: 0 | ES81: 1 | ET81: 0
A82: 8389 | B82: 2023 | C82: NM | D82: Broadview Energy KW, LLC | E82: 60152 | F82: Public Service Co of NM | G82: 15473 | H82: Pattern Operators LP | I82: 56545 | J82: IPP Non-CHP | K82: Gridforce South | L82: GRIS | M82: WECC | N82: SPSO | O82: SPP South | Q82: 35 | R82: 009 | S82: Curry | T82: 34.727007 | U82: -103.16677 | W82: 1 | X82: 1 | Y82: WND | Z82: WIND | AB82: 0.43609 | AC82: 142.6 | AM82: 1858676 | AN82: 687245 | AO82: 544747 | AP82: 201420 | CH82: 1858676 | CI82: 687245 | CQ82: -- | CR82: EIA | CS82: EIA | DK82: 0 | DL82: 0 | DM82: 0 | DN82: 0 | DO82: 0 | DP82: 0 | DQ82: 544747 | DR82: 0 | DS82: 0 | DT82: 0 | DU82: 0 | DV82: 0 | DW82: 544747 | DX82: 0 | DY82: 544747 | DZ82: 0 | EA82: 544747 | EB82: 0 | EC82: 0 | ED82: 0 | EE82: 0 | EF82: 0 | EG82: 0 | EH82: 0 | EI82: 1 | EJ82: 0 | EK82: 0 | EL82: 0 | EM82: 0 | EN82: 0 | EO82: 1 | EP82: 0 | EQ82: 1 | ER82: 0 | ES82: 1 | ET82: 0
A83: 8390 | B83: 2023 | C83: NM | D83: Broadview Energy Prime 2 LLC | E83: 58465 | F83: Farmers Electric Coop, Inc - (NM) | G83: 6198 | H83: Chopin Wind, LLC | I83: 57421 | J83: IPP Non-CHP | K83: Southwest Power Pool | L83: SWPP | M83: MRO | N83: SPSO | O83: SPP South | Q83: 35 | R83: 009 | S83: Curry | T83: 34.728056 | U83: -103.305 | W83: 1 | X83: 1 | Y83: WND | Z83: WIND | AB83: 0.38541 | AC83: 9.9 | AM83: 114045 | AN83: 39659 | AO83: 33424 | AP83: 11623 | CH83: 114045 | CI83: 39659 | CQ83: -- | CR83: EIA | CS83: EIA | DK83: 0 | DL83: 0 | DM83: 0 | DN83: 0 | DO83: 0 | DP83: 0 | DQ83: 33424 | DR83: 0 | DS83: 0 | DT83: 0 | DU83: 0 | DV83: 0 | DW83: 33424 | DX83: 0 | DY83: 33424 | DZ83: 0 | EA83: 33424 | EB83: 0 | EC83: 0 | ED83: 0 | EE83: 0 | EF83: 0 | EG83: 0 | EH83: 0 | EI83: 1 | EJ83: 0 | EK83: 0 | EL83: 0 | EM83: 0 | EN83: 0 | EO83: 1 | EP83: 0 | EQ83: 1 | ER83: 0 | ES83: 1 | ET83: 0
A84: 8391 | B84: 2023 | C84: NM | D84: Broadview Energy Prime LLC | E84: 58464 | F84: Farmers Electric Coop, Inc - (NM) | G84: 6198 | H84: Chopin Wind, LLC | I84: 57421 | J84: IPP Non-CHP | K84: Southwest Power Pool | L84: SWPP | M84: MRO | N84: SPSO | O84: SPP South | Q84: 35 | R84: 009 | S84: Curry | T84: 34.746944 | U84: -103.325 | W84: 1 | X84: 1 | Y84: WND | Z84: WIND | AB84: 0.38541 | AC84: 9.9 | AM84: 114045 | AN84: 39659 | AO84: 33424 | AP84: 11623 | CH84: 114045 | CI84: 39659 | CQ84: -- | CR84: EIA | CS84: EIA | DK84: 0 | DL84: 0 | DM84: 0 | DN84: 0 | DO84: 0 | DP84: 0 | DQ84: 33424 | DR84: 0 | DS84: 0 | DT84: 0 | DU84: 0 | DV84: 0 | DW84: 33424 | DX84: 0 | DY84: 33424 | DZ84: 0 | EA84: 33424 | EB84: 0 | EC84: 0 | ED84: 0 | EE84: 0 | EF84: 0 | EG84: 0 | EH84: 0 | EI84: 1 | EJ84: 0 | EK84: 0 | EL84: 0 | EM84: 0 | EN84: 0 | EO84: 1 | EP84: 0 | EQ84: 1 | ER84: 0 | ES84: 1 | ET84: 0
A85: 8392 | B85: 2023 | C85: NM | D85: Buena Vista Energy Center | E85: 66408 | F85: Salt River Project | G85: 16572 | H85: Buena Vista Energy Center, LLC | I85: 65486 | J85: IPP Non-CHP | K85: El Paso Electric Company | L85: EPE | M85: WECC | N85: AZNM | O85: WECC Southwest | Q85: 35 | R85: 035 | S85: Otero | T85: 32.066593 | U85: -106.2853 | W85: 2 | X85: 2 | Y85: SUN | Z85: SOLAR | AB85: 0.17887 | AC85: 170 | AM85: 929347 | AN85: 581374 | AO85: 266373 | AP85: 164844 | CH85: 929347 | CI85: 581374 | CQ85: -- | CR85: EIA | CS85: EIA | DK85: 0 | DL85: 0 | DM85: 0 | DN85: 0 | DO85: 0 | DP85: 0 | DQ85: 0 | DR85: 272376 | DS85: 0 | DT85: 0 | DU85: -6003 | DV85: 0 | DW85: 272376 | DX85: -6003 | DY85: 272376 | DZ85: 0 | EA85: 272376 | EB85: -6003 | EC85: 0 | ED85: 0 | EE85: 0 | EF85: 0 | EG85: 0 | EH85: 0 | EI85: 0 | EJ85: 1 | EK85: 0 | EL85: 0 | EM85: 0 | EN85: 0 | EO85: 1 | EP85: 0 | EQ85: 1 | ER85: 0 | ES85: 1 | ET85: 0
A86: 8393 | B86: 2023 | C86: NM | D86: CNMEC Solar Energy Center | E86: 62191 | F86: Public Service Co of NM | G86: 15473 | H86: New Mexico Renewable Development LLC | I86: 61724 | J86: IPP Non-CHP | K86: Public Service Company of New Mexico | L86: PNM | M86: WECC | N86: AZNM | O86: WECC Southwest | Q86: 35 | R86: 057 | S86: Torrance | T86: 34.783205 | U86: -106.05109 | W86: 1 | X86: 1 | Y86: SUN | Z86: SOLAR | AB86: 0.31467 | AC86: 2 | AM86: 18811 | AN86: 9291 | AO86: 5513 | AP86: 2723 | CH86: 18811 | CI86: 9291 | CQ86: -- | CR86: EIA | CS86: EIA | DK86: 0 | DL86: 0 | DM86: 0 | DN86: 0 | DO86: 0 | DP86: 0 | DQ86: 0 | DR86: 5513 | DS86: 0 | DT86: 0 | DU86: 0 | DV86: 0 | DW86: 5513 | DX86: 0 | DY86: 5513 | DZ86: 0 | EA86: 5513 | EB86: 0 | EC86: 0 | ED86: 0 | EE86: 0 | EF86: 0 | EG86: 0 | EH86: 0 | EI86: 0 | EJ86: 1 | EK86: 0 | EL86: 0 | EM86: 0 | EN86: 0 | EO86: 1 | EP86: 0 | EQ86: 1 | ER86: 0 | ES86: 1 | ET86: 0
A87: 8394 | B87: 2023 | C87: NM | D87: Caprock Solar 1 LLC | E87: 59251 | F87: Southwestern Public Service Co | G87: 17718 | H87: Duke Energy Renewables Services | I87: 65411 | J87: IPP Non-CHP | K87: Southwest Power Pool | L87: SWPP | M87: MRO | N87: SPSO | O87: SPP South | Q87: 35 | R87: 037 | S87: Quay | T87: 34.982778 | U87: -103.37833 | W87: 1 | X87: 1 | Y87: SUN | Z87: SOLAR | AB87: 0.28455 | AC87: 25 | AM87: 212623 | AN87: 107368 | AO87: 62316 | AP87: 31468 | CH87: 212623 | CI87: 107368 | CQ87: -- | CR87: EIA | CS87: EIA | DK87: 0 | DL87: 0 | DM87: 0 | DN87: 0 | DO87: 0 | DP87: 0 | DQ87: 0 | DR87: 62316 | DS87: 0 | DT87: 0 | DU87: 0 | DV87: 0 | DW87: 62316 | DX87: 0 | DY87: 62316 | DZ87: 0 | EA87: 62316 | EB87: 0 | EC87: 0 | ED87: 0 | EE87: 0 | EF87: 0 | EG87: 0 | EH87: 0 | EI87: 0 | EJ87: 1 | EK87: 0 | EL87: 0 | EM87: 0 | EN87: 0 | EO87: 1 | EP87: 0 | EQ87: 1 | ER87: 0 | ES87: 1 | ET87: 0
A88: 8395 | B88: 2023 | C88: NM | D88: Caprock Wind Farm | E88: 56293 | F88: Southwestern Public Service Co | G88: 17718 | H88: Leeward Asset Management, LLC | I88: 50123 | J88: IPP Non-CHP | K88: Southwest Power Pool | L88: SWPP | M88: MRO | N88: SPSO | O88: SPP South | Q88: 35 | R88: 037 | S88: Quay | T88: 34.980556 | U88: -103.35389 | W88: 2 | X88: 2 | Y88: WND | Z88: WIND | AB88: 0.35886 | AC88: 80 | AM88: 858091 | AN88: 214359 | AO88: 251492 | AP88: 62825 | CH88: 858091 | CI88: 214359 | CQ88: -- | CR88: EIA | CS88: EIA | DK88: 0 | DL88: 0 | DM88: 0 | DN88: 0 | DO88: 0 | DP88: 0 | DQ88: 251492 | DR88: 0 | DS88: 0 | DT88: 0 | DU88: 0 | DV88: 0 | DW88: 251492 | DX88: 0 | DY88: 251492 | DZ88: 0 | EA88: 251492 | EB88: 0 | EC88: 0 | ED88: 0 | EE88: 0 | EF88: 0 | EG88: 0 | EH88: 0 | EI88: 1 | EJ88: 0 | EK88: 0 | EL88: 0 | EM88: 0 | EN88: 0 | EO88: 1 | EP88: 0 | EQ88: 1 | ER88: 0 | ES88: 1 | ET88: 0
... A104: 8413 | B104: 2023 | C104: NM | D104: El Vado Dam | E104: 7593 | F104: Northern Rio Arriba E Coop Inc | G104: 13777 | H104: Los Alamos County | I104: 11204 | J104: Electric Utility | K104: Western Area Power Administration - Rocky Mountain Region | L104: WACM | M104: WECC | N104: AZNM | O104: WECC Southwest | Q104: 35 | R104: 039 | S104: Rio Arriba | T104: 36.592775 | U104: -106.73213 | W104: 1 | X104: 1 | Y104: WAT | Z104: HYDRO | AB104: 0.02176 | AC104: 8 | AM104: 5203 | AN104: 4425 | AO104: 1525 | AP104: 1297 | CH104: 5203 | CI104: 4425 | CQ104: -- | CR104: EIA | CS104: EIA | DK104: 0 | DL104: 0 | DM104: 0 | DN104: 0 | DO104: 1525 | DP104: 0 | DQ104: 0 | DR104: 0 | DS104: 0 | DT104: 0 | DU104: 0 | DV104: 0 | DW104: 1525 | DX104: 0 | DY104: 0 | DZ104: 0 | EA104: 1525 | EB104: 0 | EC104: 0 | ED104: 0 | EE104: 0 | EF104: 0 | EG104: 1 | EH104: 0 | EI104: 0 | EJ104: 0 | EK104: 0 | EL104: 0 | EM104: 0 | EN104: 0 | EO104: 1 | EP104: 0 | EQ104: 0 | ER104: 0 | ES104: 1 | ET104: 0
A105: 8414 | B105: 2023 | C105: NM | D105: Elephant Butte | E105: 6402 | F105: WAPA-- Western Area Power Administration | G105: 27000 | H105: U S Bureau of Reclamation | I105: 2518 | J105: Electric Utility | K105: Western Area Power Administration - Rocky Mountain Region | L105: WACM | M105: WECC | N105: AZNM | O105: WECC Southwest | Q105: 35 | R105: 051 | S105: Sierra | T105: 33.153358 | U105: -107.19197 | W105: 3 | X105: 3 | Y105: WAT | Z105: HYDRO | AB105: 0 | AC105: 27.9 | AM105: 179577 | AN105: 176933 | AO105: -31601.001 | AP105: 51855.999 | CH105: 179577 | CI105: 176933 | CQ105: -- | CR105: EIA | CS105: EIA | DK105: 0 | DL105: 0 | DM105: 0 | DN105: 0 | DO105: -31601 | DP105: 0 | DQ105: 0 | DR105: 0 | DS105: 0 | DT105: 0 | DU105: 0 | DV105: 0 | DW105: -31601 | DX105: 0 | DY105: 0 | DZ105: 0 | EA105: -31601 | EB105: 0
A106: 8415 | B106: 2023 | C106: NM | D106: Encino Solar Energy Center | E106: 63860 | F106: Public Service Co of NM | G106: 15473 | H106: NMRD Data Center, LLC | I106: 61156 | J106: IPP Non-CHP | K106: Public Service Company of New Mexico | L106: PNM | M106: WECC | N106: AZNM | O106: WECC Southwest | Q106: 35 | R106: 043 | S106: Sandoval | T106: 35.354 | U106: -106.858 | W106: 1 | X106: 1 | Y106: SUN | Z106: SOLAR | AB106: 0.29318 | AC106: 55 | AM106: 481963 | AN106: 237735 | AO106: 141255 | AP106: 69676 | CH106: 481963 | CI106: 237735 | CQ106: -- | CR106: EIA | CS106: EIA | DK106: 0 | DL106: 0 | DM106: 0 | DN106: 0 | DO106: 0 | DP106: 0 | DQ106: 0 | DR106: 141255 | DS106: 0 | DT106: 0 | DU106: 0 | DV106: 0 | DW106: 141255 | DX106: 0 | DY106: 141255 | DZ106: 0 | EA106: 141255 | EB106: 0 | EC106: 0 | ED106: 0 | EE106: 0 | EF106: 0 | EG106: 0 | EH106: 0 | EI106: 0 | EJ106: 1 | EK106: 0 | EL106: 0 | EM106: 0 | EN106: 0 | EO106: 1 | EP106: 0 | EQ106: 1 | ER106: 0 | ES106: 1 | ET106: 0
A107: 8416 | B107: 2023 | C107: NM | D107: Eubank Landfill Solar Array | E107: 59393 | F107: Public Service Co of NM | G107: 15473 | H107: Suncore Photovoltaics, Inc | I107: 59171 | J107: IPP Non-CHP | K107: Public Service Company of New Mexico | L107: PNM | M107: WECC | N107: AZNM | O107: WECC Southwest | Q107: 35 | R107: 001 | S107: Bernalillo | T107: 35.049167 | U107: -106.53 | W107: 1 | X107: 1 | Y107: SUN | Z107: SOLAR | AC107: 2 | CQ107: --
A108: 8417 | B108: 2023 | C108: NM | D108: Facebook 1 Solar Energy Center | E108: 61556 | F108: Public Service Co of NM | G108: 15473 | H108: NMRD Data Center, LLC | I108: 61156 | J108: IPP Non-CHP | K108: Public Service Company of New Mexico | L108: PNM | M108: WECC | N108: AZNM | O108: WECC Southwest | Q108: 35 | R108: 061 | S108: Valencia | T108: 34.831 | U108: -106.762 | W108: 1 | X108: 1 | Y108: SUN | Z108: SOLAR | AB108: 0.29637 | AC108: 10 | AM108: 88583 | AN108: 43490 | AO108: 25962 | AP108: 12746 | CH108: 88583 | CI108: 43490 | CQ108: -- | CR108: EIA | CS108: EIA | DK108: 0 | DL108: 0 | DM108: 0 | DN108: 0 | DO108: 0 | DP108: 0 | DQ108: 0 | DR108: 25962 | DS108: 0 | DT108: 0 | DU108: 0 | DV108: 0 | DW108: 25962 | DX108: 0 | DY108: 25962 | DZ108: 0 | EA108: 25962 | EB108: 0 | EC108: 0 | ED108: 0 | EE108: 0 | EF108: 0 | EG108: 0 | EH108: 0 | EI108: 0 | EJ108: 1 | EK108: 0 | EL108: 0 | EM108: 0 | EN108: 0 | EO108: 1 | EP108: 0 | EQ108: 1 | ER108: 0 | ES108: 1 | ET108: 0
A109: 8418 | B109: 2023 | C109: NM | D109: Facebook 2 Solar Energy Center | E109: 61557 | F109: Public Service Co of NM | G109: 15473 | H109: NMRD Data Center, LLC | I109: 61156 | J109: IPP Non-CHP | K109: Public Service Company of New Mexico | L109: PNM | M109: WECC | N109: AZNM | O109: WECC Southwest | Q109: 35 | R109: 001 | S109: Bernalillo | T109: 35.08 | U109: -106.865 | W109: 1 | X109: 1 | Y109: SUN | Z109: SOLAR | AB109: 0.30889 | AC109: 10 | AM109: 92325 | AN109: 47192 | AO109: 27059 | AP109: 13831 | CH109: 92325 | CI109: 47192 | CQ109: -- | CR109: EIA | CS109: EIA | DK109: 0 | DL109: 0 | DM109: 0 | DN109: 0 | DO109: 0 | DP109: 0 | DQ109: 0 | DR109: 27059 | DS109: 0 | DT109: 0 | DU109: 0 | DV109: 0 | DW109: 27059 | DX109: 0 | DY109: 27059 | DZ109: 0 | EA109: 27059 | EB109: 0 | EC109: 0 | ED109: 0 | EE109: 0 | EF109: 0 | EG109: 0 | EH109: 0 | EI109: 0 | EJ109: 1 | EK109: 0 | EL109: 0 | EM109: 0 | EN109: 0 | EO109: 1 | EP109: 0 | EQ109: 1 | ER109: 0 | ES109: 1 | ET109: 0
A110: 8419 | B110: 2023 | C110: NM | D110: Facebook 3 Solar Energy Center | E110: 61558 | F110: Public Service Co of NM | G110: 15473 | H110: NMRD Data Center, LLC | I110: 61156 | J110: IPP Non-CHP | K110: Public Service Company of New Mexico | L110: PNM | M110: WECC | N110: AZNM | O110: WECC Southwest | Q110: 35 | R110: 001 | S110: Bernalillo | T110: 35.075 | U110: -106.865 | W110: 1 | X110: 1 | Y110: SUN | Z110: SOLAR | AB110: 0.30682 | AC110: 10 | AM110: 91704 | AN110: 46741 | AO110: 26877 | AP110: 13699 | CH110: 91704 | CI110: 46741 | CQ110: -- | CR110: EIA | CS110: EIA | DK110: 0 | DL110: 0 | DM110: 0 | DN110: 0 | DO110: 0 | DP110: 0 | DQ110: 0 | DR110: 26877 | DS110: 0 | DT110: 0 | DU110: 0 | DV110: 0 | DW110: 26877 | DX110: 0 | DY110: 26877 | DZ110: 0 | EA110: 26877 | EB110: 0 | EC110: 0 | ED110: 0 | EE110: 0 | EF110: 0 | EG110: 0 | EH110: 0 | EI110: 0 | EJ110: 1 | EK110: 0 | EL110: 0 | EM110: 0 | EN110: 0 | EO110: 1 | EP110: 0 | EQ110: 1 | ER110: 0 | ES110: 1 | ET110: 0
A111: 8423 | B111: 2023 | C111: NM | D111: GSE NM1 | E111: 58576 | F111: Southwestern Public Service Co | G111: 17718 | H111: Altus Power America Management, LLC | I111: 60281 | J111: IPP Non-CHP | K111: Southwest Power Pool | L111: SWPP | M111: WECC | N111: SPSO | O111: SPP South | Q111: 35 | R111: 005 | S111: Chaves | T111: 33.3 | U111: -104.4 | W111: 1 | X111: 1 | Y111: SUN | Z111: SOLAR | AB111: 0.23809 | AC111: 2.3 | AM111: 16367 | AN111: 7523 | AO111: 4797 | AP111: 2205 | CH111: 16367 | CI111: 7523 | CQ111: -- | CR111: EIA | CS111: EIA | DK111: 0 | DL111: 0 | DM111: 0 | DN111: 0 | DO111: 0 | DP111: 0 | DQ111: 0 | DR111: 4797 | DS111: 0 | DT111: 0 | DU111: 0 | DV111: 0 | DW111: 4797 | DX111: 0 | DY111: 4797 | DZ111: 0 | EA111: 4797 | EB111: 0 | EC111: 0 | ED111: 0 | EE111: 0 | EF111: 0 | EG111: 0 | EH111: 0 | EI111: 0 | EJ111: 1 | EK111: 0 | EL111: 0 | EM111: 0 | EN111: 0 | EO111: 1 | EP111: 0 | EQ111: 1 | ER111: 0 | ES111: 1 | ET111: 0
A112: 8424 | B112: 2023 | C112: NM | D112: Grady Wind Energy Center, LLC | E112: 60317 | F112: Public Service Co of NM | G112: 15473 | H112: Pattern Operators LP | I112: 56545 | J112: IPP Non-CHP | K112: Public Service Company of New Mexico | L112: PNM | M112: WECC | N112: AZNM | O112: WECC Southwest | Q112: 35 | R112: 009 | S112: Curry | T112: 34.734142 | U112: -103.09223 | W112: 1 | X112: 1 | Y112: WND | Z112: WIND | AB112: 0.43957 | AC112: 220.5 | AM112: 2897038 | AN112: 1118402 | AO112: 849074 | AP112: 327785 | CH112: 2897038 | CI112: 1118402 | CQ112: -- | CR112: EIA | CS112: EIA | DK112: 0 | DL112: 0 | DM112: 0 | DN112: 0 | DO112: 0 | DP112: 0 | DQ112: 849074 | DR112: 0 | DS112: 0 | DT112: 0 | DU112: 0 | DV112: 0 | DW112: 849074 | DX112: 0 | DY112: 849074 | DZ112: 0 | EA112: 849074 | EB112: 0 | EC112: 0 | ED112: 0 | EE112: 0 | EF112: 0 | EG112: 0 | EH112: 0 | EI112: 1 | EJ112: 0 | EK112: 0 | EL112: 0 | EM112: 0 | EN112: 0 | EO112: 1 | EP112: 0 | EQ112: 1 | ER112: 0 | ES112: 1 | ET112: 0
A113: 8425 | B113: 2023 | C113: NM | D113: Grants CDEC 2 | E113: 62995 | F113: Continental Divide El Coop Inc | G113: 4265 | H113: Lightsource Renewable Energy Asset Management, LLC | I113: 62842 | J113: IPP Non-CHP | K113: Public Service Company of New Mexico | L113: PNM | M113: WECC | N113: AZNM | O113: WECC Southwest | Q113: 35 | R113: 006 | S113: Cibola | T113: 35.14 | U113: -107.821 | W113: 1 | X113: 1 | Y113: SUN | Z113: SOLAR | AB113: 0.30845 | AC113: 4.5 | AM113: 41486 | AN113: 20441 | AO113: 12159 | AP113: 5991 | CH113: 41486 | CI113: 20441 | CQ113: -- | CR113: EIA | CS113: EIA | DK113: 0 | DL113: 0 | DM113: 0 | DN113: 0 | DO113: 0 | DP113: 0 | DQ113: 0 | DR113: 12159 | DS113: 0 | DT113: 0 | DU113: 0 | DV113: 0 | DW113: 12159 | DX113: 0 | DY113: 12159 | DZ113: 0 | EA113: 12159 | EB113: 0 | EC113: 0 | ED113: 0 | EE113: 0 | EF113: 0 | EG113: 0 | EH113: 0 | EI113: 0 | EJ113: 1 | EK113: 0 | EL113: 0 | EM113: 0 | EN113: 0 | EO113: 1 | EP113: 0 | EQ113: 1 | ER113: 0 | ES113: 1 | ET113: 0
A114: 8426 | B114: 2023 | C114: NM | D114: Hatch Solar Energy Center I, LLC | E114: 57591 | F114: El Paso Electric Co | G114: 5701 | H114: Hatch Solar Energy Center I, LLC | I114: 56926 | J114: IPP Non-CHP | K114: El Paso Electric Company | L114: EPE | M114: WECC | N114: AZNM | O114: WECC Southwest | Q114: 35 | R114: 013 | S114: Dona Ana | T114: 32.63 | U114: -107.25972 | W114: 1 | X114: 1 | Y114: SUN | Z114: SOLAR | AB114: 0.24292 | AC114: 5 | AM114: 36302 | AN114: 16609 | AO114: 10640 | AP114: 4868 | CH114: 36302 | CI114: 16609 | CQ114: -- | CR114: EIA | CS114: EIA | DK114: 0 | DL114: 0 | DM114: 0 | DN114: 0 | DO114: 0 | DP114: 0 | DQ114: 0 | DR114: 10640 | DS114: 0 | DT114: 0 | DU114: 0 | DV114: 0 | DW114: 10640 | DX114: 0 | DY114: 10640 | DZ114: 0 | EA114: 10640 | EB114: 0 | EC114: 0 | ED114: 0 | EE114: 0 | EF114: 0 | EG114: 0 | EH114: 0 | EI114: 0 | EJ114: 1 | EK114: 0 | EL114: 0 | EM114: 0 | EN114: 0 | EO114: 1 | EP114: 0 | EQ114: 1 | ER114: 0 | ES114: 1 | ET114: 0
A115: 8427 | B115: 2023 | C115: NM | D115: Hayhurst New Mexico Solar | E115: 66412 | F115: Southwestern Public Service Co | G115: 17718 | H115: Hayhurst New Mexico Solar | I115: 65491 | J115: IPP Non-CHP | K115: Southwest Power Pool | L115: SWPP | M115: MRO | N115: SPSO | O115: SPP South | Q115: 35 | R115: 015 | S115: Eddy | T115: 32.070736 | U115: -104.16165 | W115: 1 | X115: 1 | Y115: SUN | Z115: SOLAR | AB115: 0.03451 | AC115: 20 | AM115: 20629 | AN115: 0 | AO115: 6046 | AP115: 0 | CH115: 20629 | CI115: 0 | CQ115: -- | CR115: EIA | CS115: EIA | DK115: 0 | DL115: 0 | DM115: 0 | DN115: 0 | DO115: 0 | DP115: 0 | DQ115: 0 | DR115: 6046 | DS115: 0 | DT115: 0 | DU115: 0 | DV115: 0 | DW115: 6046 | DX115: 0 | DY115: 6046 | DZ115: 0 | EA115: 6046 | EB115: 0 | EC115: 0 | ED115: 0 | EE115: 0 | EF115: 0 | EG115: 0 | EH115: 0 | EI115: 0 | EJ115: 1 | EK115: 0 | EL115: 0 | EM115: 0 | EN115: 0 | EO115: 1 | EP115: 0 | EQ115: 1 | ER115: 0 | ES115: 1 | ET115: 0
A116: 8428 | B116: 2023 | C116: NM | D116: High Lonesome Mesa LLC | E116: 56945 | F116: Tri-State G & T Assn, Inc | G116: 30151 | H116: High Lonesome Mesa, LLC | I116: 64648 | J116: IPP Non-CHP | K116: Public Service Company of New Mexico | L116: PNM | M116: WECC | N116: AZNM | O116: WECC Southwest | Q116: 35 | R116: 057 | S116: Torrance | T116: 34.466667 | U116: -105.9625 | W116: 1 | X116: 1 | Y116: WND | Z116: WIND | AB116: 0.3997 | AC116: 100 | AM116: 1194676 | AN116: 389420 | AO116: 350139 | AP116: 114132 | CH116: 1194676 | CI116: 389420 | CQ116: -- | CR116: EIA | CS116: EIA | DK116: 0 | DL116: 0 | DM116: 0 | DN116: 0 | DO116: 0 | DP116: 0 | DQ116: 350139 | DR116: 0 | DS116: 0 | DT116: 0 | DU116: 0 | DV116: 0 | DW116: 350139 | DX116: 0 | DY116: 350139 | DZ116: 0 | EA116: 350139 | EB116: 0 | EC116: 0 | ED116: 0 | EE116: 0 | EF116: 0 | EG116: 0 | EH116: 0 | EI116: 1 | EJ116: 0 | EK116: 0 | EL116: 0 | EM116: 0 | EN116: 0 | EO116: 1 | EP116: 0 | EQ116: 1 | ER116: 0 | ES116: 1 | ET116: 0
A117: 8430 | B117: 2023 | C117: NM | D117: Holloman Solar Facility | E117: 60301 | F117: El Paso Electric Co | G117: 5701 | H117: El Paso Electric Co | I117: 5701 | J117: Electric Utility | K117: El Paso Electric Company | L117: EPE | M117: WECC | N117: AZNM | O117: WECC Southwest | Q117: 35 | R117: 035 | S117: Otero | T117: 32.921261 | U117: -106.07241 | W117: 1 | X117: 1 | Y117: SUN | Z117: SOLAR | AB117: 0.149 | AC117: 5 | AM117: 22269 | AN117: 13168 | AO117: 6526 | AP117: 3859 | CH117: 22269 | CI117: 13168 | CQ117: -- | CR117: EIA | CS117: EIA | DK117: 0 | DL117: 0 | DM117: 0 | DN117: 0 | DO117: 0 | DP117: 0 | DQ117: 0 | DR117: 6526 | DS117: 0 | DT117: 0 | DU117: 0 | DV117: 0 | DW117: 6526 | DX117: 0 | DY117: 6526 | DZ117: 0 | EA117: 6526 | EB117: 0 | EC117: 0 | ED117: 0 | EE117: 0 | EF117: 0 | EG117: 0 | EH117: 0 | EI117: 0 | EJ117: 1 | EK117: 0 | EL117: 0 | EM117: 0 | EN117: 0 | EO117: 1 | EP117: 0 | EQ117: 1 | ER117: 0 | ES117: 1 | ET117: 0
A118: 8431 | B118: 2023 | C118: NM | D118: Jicarilla Solar 1 LLC | E118: 66163 | F118: Public Service Co of NM | G118: 15473 | H118: Repsol Renewables NA | I118: 65265 | J118: IPP Non-CHP | K118: Public Service Company of New Mexico | L118: PNM | M118: WECC | N118: AZNM | O118: WECC Southwest | Q118: 35 | R118: 039 | S118: Rio Arriba | T118: 36.316748 | U118: -107.27763 | W118: 2 | X118: 2 | Y118: SUN | Z118: SOLAR | AB118: 0.02468 | AC118: 70 | AM118: 58022 | AN118: 30510 | AO118: 15131 | AP118: 8068 | CH118: 58022 | CI118: 30510 | CQ118: -- | CR118: EIA | CS118: EIA | DK118: 0 | DL118: 0 | DM118: 0 | DN118: 0 | DO118: 0 | DP118: 0 | DQ118: 0 | DR118: 17005 | DS118: 0 | DT118: 0 | DU118: -1874 | DV118: 0 | DW118: 17005 | DX118: -1874 | DY118: 17005 | DZ118: 0 | EA118: 17005 | EB118: -1874 | EC118: 0 | ED118: 0 | EE118: 0 | EF118: 0 | EG118: 0 | EH118: 0 | EI118: 0 | EJ118: 1 | EK118: 0 | EL118: 0 | EM118: 0 | EN118: 0 | EO118: 1 | EP118: 0 | EQ118: 1 | ER118: 0 | ES118: 1 | ET118: 0
A119: 8432 | B119: 2023 | C119: NM | D119: Jicarilla Solar 2 | E119: 65103 | F119: Public Service Co of NM | G119: 15473 | H119: Jicarilla Solar 2 LLC | I119: 64493 | J119: IPP Non-CHP | K119: Public Service Company of New Mexico | L119: PNM | M119: WECC | N119: AZNM | O119: WECC Southwest | Q119: 35 | R119: 039 | S119: Rio Arriba | T119: 36.141053 | U119: -107.17123 | W119: 1 | X119: 1 | Y119: SUN | Z119: SOLAR | AB119: 0.30262 | AC119: 50 | AM119: 452249 | AN119: 231417 | AO119: 132546 | AP119: 67824 | CH119: 452249 | CI119: 231417 | CQ119: -- | CR119: EIA | CS119: EIA | DK119: 0 | DL119: 0 | DM119: 0 | DN119: 0 | DO119: 0 | DP119: 0 | DQ119: 0 | DR119: 132546 | DS119: 0 | DT119: 0 | DU119: 0 | DV119: 0 | DW119: 132546 | DX119: 0 | DY119: 132546 | DZ119: 0 | EA119: 132546 | EB119: 0 | EC119: 0 | ED119: 0 | EE119: 0 | EF119: 0 | EG119: 0 | EH119: 0 | EI119: 0 | EJ119: 1 | EK119: 0 | EL119: 0 | EM119: 0 | EN119: 0 | EO119: 1 | EP119: 0 | EQ119: 1 | ER119: 0 | ES119: 1 | ET119: 0
... A178: 8504 | B178: 2023 | C178: NM | D178: Tecolote Wind LLC | E178: 64066 | F178: Public Service Co of NM | G178: 15473 | H178: Pattern Operators LP | I178: 56545 | J178: IPP Non-CHP | K178: Public Service Company of New Mexico | L178: PNM | M178: WECC | N178: AZNM | O178: WECC Southwest | Q178: 35 | R178: 027 | S178: Lincoln | T178: 34.36 | U178: -105.44 | W178: 1 | X178: 1 | Y178: WND | Z178: WIND | AB178: 0.35136 | AC178: 272 | AM178: 2856483 | AN178: 954511 | AO178: 837187 | AP178: 279751 | CH178: 2856483 | CI178: 954511 | CQ178: -- | CR178: EIA | CS178: EIA | DK178: 0 | DL178: 0 | DM178: 0 | DN178: 0 | DO178: 0 | DP178: 0 | DQ178: 837187 | DR178: 0 | DS178: 0 | DT178: 0 | DU178: 0 | DV178: 0 | DW178: 837187 | DX178: 0 | DY178: 837187 | DZ178: 0 | EA178: 837187 | EB178: 0 | EC178: 0 | ED178: 0 | EE178: 0 | EF178: 0 | EG178: 0 | EH178: 0 | EI178: 1 | EJ178: 0 | EK178: 0 | EL178: 0 | EM178: 0 | EN178: 0 | EO178: 1 | EP178: 0 | EQ178: 1 | ER178: 0 | ES178: 1 | ET178: 0
A179: 8505 | B179: 2023 | C179: NM | D179: Texico Wind Ranch LP | E179: 57258 | F179: Southwestern Public Service Co | G179: 17718 | H179: Texico Wind LP | I179: 56630 | J179: IPP Non-CHP | K179: Southwest Power Pool | L179: SWPP | M179: WECC | N179: SPSO | O179: SPP South | Q179: 35 | R179: 009 | S179: Curry | T179: 34.36 | U179: -103.0667 | W179: 3 | X179: 3 | Y179: WND | Z179: WIND | AB179: 0 | AC179: 1.9 | AO179: 0 | AP179: 0 | CQ179: -- | DK179: 0 | DL179: 0 | DM179: 0 | DN179: 0 | DO179: 0 | DP179: 0 | DQ179: 0 | DR179: 0 | DS179: 0 | DT179: 0 | DU179: 0 | DV179: 0 | DW179: 0 | DX179: 0 | DY179: 0 | DZ179: 0 | EA179: 0 | EB179: 0
A180: 8507 | B180: 2023 | C180: NM | D180: Vista Solar Energy Center | E180: 62467 | F180: Public Service Co of NM | G180: 15473 | H180: PNM Resources | I180: 59300 | J180: Electric Utility | K180: Public Service Company of New Mexico | L180: PNM | M180: WECC | N180: AZNM | O180: WECC Southwest | Q180: 35 | R180: 061 | S180: Valencia | T180: 34.741 | U180: -106.655 | W180: 1 | X180: 1 | Y180: SUN | Z180: SOLAR | AB180: 0.313 | AC180: 10 | AM180: 93556 | AN180: 47902 | AO180: 27419 | AP180: 14039 | CH180: 93556 | CI180: 47902 | CQ180: -- | CR180: EIA | CS180: EIA | DK180: 0 | DL180: 0 | DM180: 0 | DN180: 0 | DO180: 0 | DP180: 0 | DQ180: 0 | DR180: 27419 | DS180: 0 | DT180: 0 | DU180: 0 | DV180: 0 | DW180: 27419 | DX180: 0 | DY180: 27419 | DZ180: 0 | EA180: 27419 | EB180: 0 | EC180: 0 | ED180: 0 | EE180: 0 | EF180: 0 | EG180: 0 | EH180: 0 | EI180: 0 | EJ180: 1 | EK180: 0 | EL180: 0 | EM180: 0 | EN180: 0 | EO180: 1 | EP180: 0 | EQ180: 1 | ER180: 0 | ES180: 1 | ET180: 0
A181: 8508 | B181: 2023 | C181: NM | D181: WSMR I | E181: 58010 | F181: El Paso Electric Co | G181: 5701 | H181: Siemens Government Technologies Inc | I181: 57390 | J181: IPP Non-CHP | K181: El Paso Electric Company | L181: EPE | M181: WECC | N181: AZNM | O181: WECC Southwest | Q181: 35 | R181: 013 | S181: Dona Ana | T181: 32.395833 | U181: -106.47722 | W181: 2 | X181: 2 | Y181: SUN | Z181: SOLAR | AC181: 4.1 | CQ181: --
A182: 8509 | B182: 2023 | C182: NM | D182: Wal-Mart Truth or Consequences PV | E182: 60341 | F182: City of Truth or Consequences - (NM) | G182: 19246 | H182: SSA Solar of NM 3, LLC | I182: 60127 | J182: IPP Non-CHP | K182: Public Service Company of New Mexico | L182: PNM | M182: WECC | N182: AZNM | O182: WECC Southwest | Q182: 35 | R182: 051 | S182: Sierra | T182: 33.1526 | U182: -107.24983 | W182: 1 | X182: 1 | Y182: SUN | Z182: SOLAR | AB182: 0.21153 | AC182: 1 | AM182: 6323 | AN182: 3177 | AO182: 1853 | AP182: 931 | CH182: 6323 | CI182: 3177 | CQ182: -- | CR182: EIA | CS182: EIA | DK182: 0 | DL182: 0 | DM182: 0 | DN182: 0 | DO182: 0 | DP182: 0 | DQ182: 0 | DR182: 1853 | DS182: 0 | DT182: 0 | DU182: 0 | DV182: 0 | DW182: 1853 | DX182: 0 | DY182: 1853 | DZ182: 0 | EA182: 1853 | EB182: 0 | EC182: 0 | ED182: 0 | EE182: 0 | EF182: 0 | EG182: 0 | EH182: 0 | EI182: 0 | EJ182: 1 | EK182: 0 | EL182: 0 | EM182: 0 | EN182: 0 | EO182: 1 | EP182: 0 | EQ182: 1 | ER182: 0 | ES182: 1 | ET182: 0
...

Sheet Agriculture
A1: Agriculture
D3: Emissions, MMT CO2e (Source: 1990-2023 EPA Inventory by State)
B4: Category | C4: Gas | D4: 1990 | E4: 1991 | F4: 1992 | G4: 1993 | H4: 1994 | I4: 1995 | J4: 1996 | K4: 1997 | L4: 1998 | M4: 1999 | N4: 2000 | O4: 2001 | P4: 2002 | Q4: 2003 | R4: 2004 | S4: 2005 | T4: 2006 | U4: 2007 | V4: 2008 | W4: 2009 | X4: 2010 | Y4: 2011 | Z4: 2012 | AA4: 2013 | AB4: 2014 | AC4: 2015 | AD4: 2016 | AE4: 2017 | AF4: 2018 | AG4: 2019 | AH4: 2020 | AI4: 2021 | AJ4: 2022 | AK4: 2023
B5: Livestock | C5: Total | D5: 3.3061927 | E5: 3.3583531 | F5: 3.5195587 | G5: 3.8294675 | H5: 4.1608154 | I5: 4.3520098 | J5: 4.5919462 | K5: 4.6373764 | L5: 4.7981818 | M5: 4.8583612 | N5: 4.9750431 | O5: 5.0355331 | P5: 5.1638439 | Q5: 5.3054805 | R5: 5.1153841 | S5: 5.1958674 | T5: 5.4648975 | U5: 5.5825297 | V5: 5.628168 | W5: 5.5925822 | X5: 5.358785 | Y5: 5.3366395 | Z5: 5.150071 | AA5: 4.9180366 | AB5: 4.699323 | AC5: 4.6588541 | AD5: 4.6783865 | AE5: 4.8583853 | AF5: 5.1322323 | AG5: 5.0378686 | AH5: 5.0241476 | AI5: 4.9687129 | AJ5: 4.5367171 | AK5: 4.4663856 | AM5: Data for Chart:
B6: Beef Cattle | C6: Total Livestock | D6: 2.399454 | E6: 2.2949803 | F6: 2.3291721 | G6: 2.40327 | H6: 2.4449632 | I6: 2.5118477 | J6: 2.5275337 | K6: 2.5277884 | L6: 2.4915227 | M6: 2.5041342 | N6: 2.4167705 | O6: 2.3038823 | P6: 2.2008093 | Q6: 2.115304 | R6: 2.0411359 | S6: 2.0827455 | T6: 2.1628324 | U6: 2.1080567 | V6: 2.2636154 | W6: 2.085172 | X6: 2.0269337 | Y6: 1.9710978 | Z6: 1.8104216 | AA6: 1.7675119 | AB6: 1.5547454 | AC6: 1.6211014 | AD6: 1.71624 | AE6: 1.8109767 | AF6: 1.9563614 | AG6: 1.8999532 | AH6: 1.8310896 | AI6: 1.7605725 | AJ6: 1.7089467 | AK6: 1.64568 | AM6: Category | AN6: Emissions (MMT CO2e)
B7: Dairy Cattle | C7: Total Livestock | D7: 0.7133483 | E7: 0.87825664 | F7: 1.0077844 | G7: 1.2524502 | H7: 1.5412029 | I7: 1.6704363 | J7: 1.9049748 | K7: 1.9503889 | L7: 2.1457714 | M7: 2.1958504 | N7: 2.4033222 | O7: 2.5939205 | P7: 2.8371936 | Q7: 3.0636643 | R7: 2.9555694 | S7: 2.9981405 | T7: 3.1846069 | U7: 3.3615496 | V7: 3.2604916 | W7: 3.4089934 | X7: 3.2376128 | Y7: 3.2785871 | Z7: 3.2616693 | AA7: 3.0733967 | AB7: 3.0709017 | AC7: 2.9617214 | AD7: 2.8863237 | AE7: 2.9707633 | AF7: 3.0999336 | AG7: 3.0624333 | AH7: 3.1202482 | AI7: 3.1388616 | AJ7: 2.7577812 | AK7: 2.7516407 | AM7: Enteric Fermentation | AN7: =AK15 -> 3.2058834
B8: Sheep | C8: Total Livestock | D8: 0.12956992 | E8: 0.12135435 | F8: 0.11747642 | G8: 0.1061424 | H8: 0.10348801 | I8: 0.098049135 | J8: 0.085649022 | K8: 0.082552663 | L8: 0.080750335 | M8: 0.074674707 | N8: 0.071292984 | O8: 0.05771824 | P8: 0.051965622 | Q8: 0.050540806 | R8: 0.044781253 | S8: 0.041907611 | T8: 0.04481433 | U8: 0.037600084 | V8: 0.037613955 | W8: 0.034720574 | X8: 0.034720574 | Y8: 0.030380502 | Z8: 0.02604043 | AA8: 0.02604043 | AB8: 0.023436387 | AC8: 0.02604043 | AD8: 0.02604043 | AE8: 0.028065797 | AF8: 0.027776459 | AG8: 0.028933812 | AH8: 0.027487121 | AI8: 0.02459374 | AJ8: 0.02604043 | AK8: 0.026374612 | AM8: Manure Management | AN8: =AK24 -> 1.2605021
B9: Horses | C9: Total Livestock | D9: 0.027005021 | E9: 0.025768854 | F9: 0.024532686 | G9: 0.025291938 | H9: 0.02605119 | I9: 0.026810442 | J9: 0.027569694 | K9: 0.028328946 | L9: 0.028192159 | M9: 0.027928364 | N9: 0.027665807 | O9: 0.027404489 | P9: 0.027144409 | Q9: 0.027821397 | R9: 0.028490954 | S9: 0.02915308 | T9: 0.029807776 | U9: 0.03045504 | V9: 0.029984205 | W9: 0.029657099 | X9: 0.029329993 | Y9: 0.029002887 | Z9: 0.028675781 | AA9: 0.027843938 | AB9: 0.027012096 | AC9: 0.026180253 | AD9: 0.025348411 | AE9: 0.024516568 | AF9: 0.023684726 | AG9: 0.022852884 | AH9: 0.022021041 | AI9: 0.021189199 | AJ9: 0.020357356 | AK9: 0.018837236 | AM9: Agricultural Soil Management | AN9: =AK55 -> 5.595307
B10: Goats | C10: Total Livestock | D10: 0.018487209 | E10: 0.018487209 | F10: 0.018487209 | G10: 0.017361049 | H10: 0.016234888 | I10: 0.015108728 | J10: 0.013982567 | K10: 0.012856407 | L10: 0.011292901 | M10: 0.0097293948 | N10: 0.0081658888 | O10: 0.0066023829 | P10: 0.0050388769 | Q10: 0.0059101432 | R10: 0.0067814095 | S10: 0.0076526757 | T10: 0.008523942 | U10: 0.0093952083 | V10: 0.0091484277 | W10: 0.008901647 | X10: 0.0086548664 | Y10: 0.0084080858 | Z10: 0.0081613052 | AA10: 0.0083726809 | AB10: 0.0085840566 | AC10: 0.0087954323 | AD10: 0.009006808 | AE10: 0.0092181838 | AF10: 0.0094295595 | AG10: 0.0096409352 | AH10: 0.0098523109 | AI10: 0.010063687 | AJ10: 0.010275062 | AK10: 0.010332159 | AM10: Urea Fertilization | AN10: =AK60 -> 0.0068938586
B11: Swine | C11: Total Livestock | D11: 0.0012605266 | E11: 0.0011187765 | F11: 0.0010781013 | G11: 0.0011763941 | H11: 0.0011699643 | I11: 0.00023869376 | J11: 0.00029255312 | K11: 0.00039683659 | L11: 0.00055334983 | M11: 0.0006150721 | N11: 0.0003240369 | O11: 0.00039072981 | P11: 0.00041693441 | Q11: 0.00038200081 | R11: 0.00039534634 | S11: 0.0003168785 | T11: 0.00032551432 | U11: 0.0003349342 | V11: 0.00038950835 | W11: 0.00036225944 | X11: 0.0003811968 | Y11: 0.00034299778 | Z11: 0.00037954977 | AA11: 0.00033725054 | AB11: 0.00033199787 | AC11: 0.00036165699 | AD11: 0.00035816672 | AE11: 0.00032985246 | AF11: 0.00029285243 | AG11: 0.0004111958 | AH11: 0.00029259864 | AI11: 0.00041063472 | AJ11: 0.00029398721 | AK11: 0.00029975581 | AM11: Field Burning of Agricultural Residues | AN11: =AK61 -> 0.0032965419
B12: American Bison | C12: Total Livestock | D12: 0.0027265343 | E12: 0.0032946558 | F12: 0.0038637362 | G12: 0.0044324616 | H12: 0.0052635652 | I12: 0.0060947542 | J12: 0.006926015 | K12: 0.007757202 | L12: 0.0089214002 | M12: 0.010259312 | N12: 0.011364842 | O12: 0.012471809 | P12: 0.013579158 | Q12: 0.01310414 | R12: 0.012627402 | S12: 0.012149633 | T12: 0.011672647 | U12: 0.011195048 | V12: 0.011359105 | W12: 0.011523163 | X12: 0.01168722 | Y12: 0.011851277 | Z12: 0.012015335 | AA12: 0.011915595 | AB12: 0.011815856 | AC12: 0.011716117 | AD12: 0.011616377 | AE12: 0.011516638 | AF12: 0.011416898 | AG12: 0.011317159 | AH12: 0.01121742 | AI12: 0.01111768 | AJ12: 0.011017941 | AK12: 0.011194644
B13: Mules and Asses | C13: Total Livestock | D13: 0.00022058272 | E13: 0.00022630823 | F13: 0.00023203374 | G13: 0.00026879752 | H13: 0.00030556131 | I13: 0.0003423251 | J13: 0.00037908888 | K13: 0.00041585267 | L13: 0.00038354875 | M13: 0.00035124483 | N13: 0.00031894092 | O13: 0.000286637 | P13: 0.00025433308 | Q13: 0.00031731367 | R13: 0.00038029425 | S13: 0.00044327484 | T13: 0.00050625542 | U13: 0.00056923601 | V13: 0.00056748822 | W13: 0.00056574044 | X13: 0.00056399265 | Y13: 0.00056224486 | Z13: 0.00056049708 | AA13: 0.00058731656 | AB13: 0.00061413604 | AC13: 0.00064095553 | AD13: 0.00066777501 | AE13: 0.0006945945 | AF13: 0.00072141398 | AG13: 0.00074823346 | AH13: 0.00077505295 | AI13: 0.00080187243 | AJ13: 0.00082869191 | AK13: 0.00084060333
B14: Poultry | C14: Total Livestock | D14: 0.014120592 | E14: 0.014866034 | F14: 0.016931976 | G14: 0.019074246 | H14: 0.022136192 | I14: 0.023081701 | J14: 0.024638791 | K14: 0.026891181 | L14: 0.030793986 | M14: 0.034818608 | N14: 0.035817891 | O14: 0.032855979 | P14: 0.027441705 | Q14: 0.028436474 | R14: 0.025222109 | S14: 0.023358251 | T14: 0.021807704 | U14: 0.023373926 | V14: 0.014998298 | W14: 0.012686401 | X14: 0.0089005886 | Y14: 0.0064065718 | Z14: 0.0021471863 | AA14: 0.0020307592 | AB14: 0.001881413 | AC14: 0.0022964568 | AD14: 0.002784834 | AE14: 0.0023036052 | AF14: 0.0026154294 | AG14: 0.0015778576 | AH14: 0.0011642941 | AI14: 0.0011020162 | AJ14: 0.0011756748 | AK14: 0.0011859185
B15: Enteric Fermentation | C15: Total | D15: 2.8051744 | E15: 2.7713464 | F15: 2.8486063 | G15: 3.0163819 | H15: 3.1532682 | I15: 3.2667732 | J15: 3.3805334 | K15: 3.4041271 | L15: 3.4552801 | M15: 3.497687 | N15: 3.4938951 | O15: 3.4607598 | P15: 3.4839093 | Q15: 3.5018102 | R15: 3.4482811 | S15: 3.5146488 | T15: 3.7045835 | U15: 3.7269711 | V15: 3.8725658 | W15: 3.8262287 | X15: 3.7135104 | Y15: 3.6872965 | Z15: 3.5308052 | AA15: 3.4356942 | AB15: 3.2494088 | AC15: 3.2685325 | AD15: 3.3531392 | AE15: 3.4954811 | AF15: 3.7119694 | AG15: 3.6213841 | AH15: 3.5874581 | AI15: 3.5261502 | AJ15: 3.2751361 | AK15: 3.2058834
B16: Beef Cattle | C16: CH4 | D16: 2.3184123 | E16: 2.2200133 | F16: 2.250255 | G16: 2.325271 | H16: 2.3482568 | I16: 2.4109518 | J16: 2.438011 | K16: 2.4404831 | L16: 2.4112852 | M16: 2.4198986 | N16: 2.3350051 | O16: 2.2270852 | P16: 2.125789 | Q16: 2.0340731 | R16: 1.9666609 | S16: 2.0041105 | T16: 2.073758 | U16: 2.0229976 | V16: 2.1715045 | W16: 2.0325127 | X16: 1.9960051 | Y16: 1.9417948 | Z16: 1.7830184 | AA16: 1.7430059 | AB16: 1.5345109 | AC16: 1.5999411 | AD16: 1.6932435 | AE16: 1.7854996 | AF16: 1.9282262 | AG16: 1.8733209 | AH16: 1.805568 | AI16: 1.7358359 | AJ16: 1.685084 | AK16: 1.6226194
B17: Dairy Cattle | C17: CH4 | D17: 0.31731795 | E17: 0.39081629 | F17: 0.44264584 | G17: 0.54523691 | H17: 0.66249315 | I17: 0.72001891 | J17: 0.81889564 | K17: 0.84333106 | L17: 0.92669446 | M17: 0.96710801 | N17: 1.0526639 | O17: 1.1405969 | P17: 1.2706308 | Q17: 1.3804104 | R17: 1.3982152 | S17: 1.428556 | T17: 1.545205 | U17: 1.6235346 | V17: 1.6209897 | W17: 1.7165528 | X17: 1.6407093 | Y17: 1.6728656 | Z17: 1.6792939 | AA17: 1.6248124 | AB17: 1.6498988 | AC17: 1.6019289 | AD17: 1.5938377 | AE17: 1.6427767 | AF17: 1.717416 | AG17: 1.6813115 | AH17: 1.7170408 | AI17: 1.7285728 | AJ17: 1.5276804 | AK17: 1.5217149
B18: Sheep | C18: CH4 | D18: 0.12474 | E18: 0.116424 | F18: 0.11214 | G18: 0.10206 | H18: 0.09828 | I18: 0.09198 | J18: 0.07938 | K18: 0.0756 | L18: 0.07308 | M18: 0.06678 | N18: 0.063 | O18: 0.0504 | P18: 0.04536 | Q18: 0.0441 | R18: 0.03906 | S18: 0.03654 | T18: 0.03906 | U18: 0.03276 | V18: 0.03276 | W18: 0.03024 | X18: 0.03024 | Y18: 0.02646 | Z18: 0.02268 | AA18: 0.02268 | AB18: 0.020412 | AC18: 0.02268 | AD18: 0.02268 | AE18: 0.024444 | AF18: 0.024192 | AG18: 0.0252 | AH18: 0.02394 | AI18: 0.02142 | AJ18: 0.02268 | AK18: 0.022971056
B19: Horses | C19: CH4 | D19: 0.022985021 | E19: 0.02193287 | F19: 0.02088072 | G19: 0.021526949 | H19: 0.022173178 | I19: 0.022819406 | J19: 0.023465635 | K19: 0.024111864 | L19: 0.02399544 | M19: 0.023879016 | N19: 0.023762592 | O19: 0.023646168 | P19: 0.023529744 | Q19: 0.024228288 | R19: 0.024926832 | S19: 0.025625376 | T19: 0.02632392 | U19: 0.027022464 | V19: 0.02673085 | W19: 0.026439235 | X19: 0.026147621 | Y19: 0.025856006 | Z19: 0.025564392 | AA19: 0.024822806 | AB19: 0.024081221 | AC19: 0.023339635 | AD19: 0.02259805 | AE19: 0.021856464 | AF19: 0.021114878 | AG19: 0.020373293 | AH19: 0.019631707 | AI19: 0.018890122 | AJ19: 0.018148536 | AK19: 0.016793352
